Workbook

Sheet 20230101-20261006
A1: ReportDate | B1: SDC NAV | C1: S&P 500 Close
A2: 44925 | B2: 2533066.8 | C2: 3839.5
A3: 44928 | B3: 2533066.8
A4: 44929 | B4: 2537809.5 | C4: 3824.14
A5: 44930 | B5: 2544705.7 | C5: 3852.97
A6: 44931 | B6: 2540339.3 | C6: 3808.1
A7: 44932 | B7: 2543333 | C7: 3895.08
A8: 44935 | B8: 2540522.5 | C8: 3892.09
A9: 44936 | B9: 2544599.7 | C9: 3919.25
A10: 44937 | B10: 2547699.2 | C10: 3969.61
A11: 44938 | B11: 2549929 | C11: 3983.17
A12: 44939 | B12: 2547374.6 | C12: 3999.09
A13: 44942 | B13: 2547580
A14: 44943 | B14: 2552529.7 | C14: 3990.97
A15: 44944 | B15: 2552252.8 | C15: 3928.86
A16: 44945 | B16: 2558462.3 | C16: 3898.85
A17: 44946 | B17: 2551059.8 | C17: 3972.61
A18: 44949 | B18: 2560234.3 | C18: 4019.81
A19: 44950 | B19: 2580907.8 | C19: 4016.95
A20: 44951 | B20: 2585394.8 | C20: 4016.22
A21: 44952 | B21: 2583328.6 | C21: 4060.43
A22: 44953 | B22: 2583194 | C22: 4070.56
A23: 44956 | B23: 2580539.3 | C23: 4017.77
A24: 44957 | B24: 2586940.9 | C24: 4076.6
A25: 44958 | B25: 2589138.6 | C25: 4119.21
... A37: 44974 | B37: 2591223.7 | C37: 4079.09
A38: 44977 | B38: 2590952.1
A39: 44978 | B39: 2591861 | C39: 3997.34
A40: 44979 | B40: 2594339.8 | C40: 3991.05
A41: 44980 | B41: 2597643.6 | C41: 4012.32
A42: 44981 | B42: 2597973.3 | C42: 3970.04
A43: 44984 | B43: 2608857.7 | C43: 3982.24
A44: 44985 | B44: 2603608.4 | C44: 3970.15
A45: 44986 | B45: 2604752.1 | C45: 3951.39
A46: 44987 | B46: 2608769.1 | C46: 3981.35
A47: 44988 | B47: 2615883.1 | C47: 4045.64
A48: 44991 | B48: 2620090.8 | C48: 4048.42
A49: 44992 | B49: 2614823.2 | C49: 3986.37
A50: 44993 | B50: 2619003.6 | C50: 3992.01
... A71: 45022 | B71: 2594976.1 | C71: 4105.02
A72: 45023 | B72: 2594979.4
A73: 45026 | B73: 2597080.9 | C73: 4109.11
A74: 45027 | B74: 2594889.2 | C74: 4108.94
A75: 45028 | B75: 2597959.4 | C75: 4091.95
A76: 45029 | B76: 2601527.6 | C76: 4146.22
A77: 45030 | B77: 2605907.1 | C77: 4137.64
A78: 45033 | B78: 2609872.1 | C78: 4151.32
A79: 45034 | B79: 2611972.5 | C79: 4154.87
A80: 45035 | B80: 2615433.9 | C80: 4154.52
A81: 45036 | B81: 2622960.6 | C81: 4129.79
A82: 45037 | B82: 2629410.8 | C82: 4133.52
A83: 45040 | B83: 2636188.6 | C83: 4137.04
A84: 45041 | B84: 2627622.5 | C84: 4071.63
... A107: 45072 | B107: 2662673.4 | C107: 4205.45
A108: 45075 | B108: 2662531.6
A109: 45076 | B109: 2682040.5 | C109: 4205.52
A110: 45077 | B110: 2685501.3 | C110: 4179.83
A111: 45078 | B111: 2683288.6 | C111: 4221.02
A112: 45079 | B112: 2674968.5 | C112: 4282.37
A113: 45082 | B113: 2686733.4 | C113: 4273.79
A114: 45083 | B114: 2679244.8 | C114: 4283.85
A115: 45084 | B115: 2680967.6 | C115: 4267.52
A116: 45085 | B116: 2679545.7 | C116: 4293.93
A117: 45086 | B117: 2677217.1 | C117: 4298.86
A118: 45089 | B118: 2688304.5 | C118: 4338.93
A119: 45090 | B119: 2702160 | C119: 4369.01
A120: 45091 | B120: 2719931.6 | C120: 4372.59
... A122: 45093 | B122: 2732992.9 | C122: 4409.59
A123: 45096 | B123: 2733016.7
A124: 45097 | B124: 2739970.1 | C124: 4388.71
A125: 45098 | B125: 2738071.4 | C125: 4365.69
A126: 45099 | B126: 2738538.6 | C126: 4381.89
A127: 45100 | B127: 2736929.3 | C127: 4348.33
A128: 45103 | B128: 2737040.5 | C128: 4328.82
A129: 45104 | B129: 2742578.4 | C129: 4378.41
A130: 45105 | B130: 2742104.6 | C130: 4376.86
A131: 45106 | B131: 2743851.5 | C131: 4396.44
A132: 45107 | B132: 2750101.5 | C132: 4450.38
A133: 45110 | B133: 2750511.1 | C133: 4455.59
A134: 45111 | B134: 2750402.3
A135: 45112 | B135: 2759336.8 | C135: 4446.82
A136: 45113 | B136: 2765035.1 | C136: 4411.59
A137: 45114 | B137: 2772819.1 | C137: 4398.95
A138: 45117 | B138: 2777250.8 | C138: 4409.53
A139: 45118 | B139: 2775161.1 | C139: 4439.26
A140: 45119 | B140: 2772965.8 | C140: 4472.16
A141: 45120 | B141: 2773606.6 | C141: 4510.04
A142: 45121 | B142: 2782225.6 | C142: 4505.42
A143: 45124 | B143: 2790097.9 | C143: 4522.79
A144: 45125 | B144: 2796627.7 | C144: 4554.98
A145: 45126 | B145: 2800039.6 | C145: 4565.72
A146: 45127 | B146: 2796296.3 | C146: 4534.87
... A177: 45170 | B177: 2766822 | C177: 4515.77
A178: 45173 | B178: 2766630.4
A179: 45174 | B179: 2773484.8 | C179: 4496.83
A180: 45175 | B180: 2769903.7 | C180: 4465.48
A181: 45176 | B181: 2771085 | C181: 4451.14
A182: 45177 | B182: 2771234.9 | C182: 4457.49
A183: 45180 | B183: 2778246.4 | C183: 4487.46
A184: 45181 | B184: 2774001 | C184: 4461.9
...

Sheet 2026 Performance Summary
A1: SPX Defensive Carry (SDC) — 2026 Mature-Regime Performance
A3: Methodology / Assumptions
A4: Analysis start | B4: 46055 | D4: First available observation on/after 2026-02-01
A5: Analysis end | B5: 46300 | D5: Last observation in uploaded workbook
A6: Annualization | B6: 252 | C6: trading days
A7: Risk-free rate | B7: 0 | D7: Sharpe and alpha use 0% risk-free rate
A8: Stop-loss mandate | B8: -0.1 | D8: Portfolio risk limit used in the comparison
A10: Portfolio Performance Statistics
A11: Metric | B11: SDC | C11: S&P 500 | D11: Notes
A12: Observations | B12: =COUNT('2026 Analysis Data'!$D$3:$D$177) -> 175 | C12: =COUNT('2026 Analysis Data'!$U$2:$U$170) -> 169 | D12: Return observations used
A13: Total Return | B13: ='2026 Analysis Data'!E177 -> 0.10024137 | C13: ='2026 Analysis Data'!I177 -> 0.11431475 | D13: Compounded return from 2026-02-02
A14: CAGR | B14: =(1+B13)^(365.25/($B$5-$B$4))-1 -> 0.15305745 | C14: =(1+C13)^(365.25/($B$5-$B$4))-1 -> 0.17511431 | D14: Geometric annualized return
A15: Annualized Arithmetic Return | B15: =AVERAGE('2026 Analysis Data'!$D$3:$D$177)*$B$6 -> 0.13808371 | C15: =AVERAGE('2026 Analysis Data'!$U$2:$U$170)*$B$6 -> 0.17040091 | D15: Average daily return × 252
A16: Annualized Volatility | B16: =STDEV('2026 Analysis Data'!$D$3:$D$177)*SQRT($B$6) -> 0.031155237 | C16: =STDEV('2026 Analysis Data'!$U$2:$U$170)*SQRT($B$6) -> 0.1342651 | D16: Daily standard deviation × √252
A17: Sharpe Ratio (Rf=0%) | B17: =(B15-$B$7)/B16 -> 4.4321186 | C17: =(C15-$B$7)/C16 -> 1.2691378 | D17: Annualized arithmetic return / annualized volatility
A18: Sortino Ratio (MAR=0%) | B18: =B15/B19 -> 6.2917369 | C18: =C15/C19 -> 1.9426107 | D18: Annualized return / downside deviation
A19: Downside Deviation (Ann.) | B19: =SQRT(AVERAGE('2026 Analysis Data'!$P$3:$P$177))*SQRT($B$6) -> 0.021946835 | C19: =SQRT(AVERAGE('2026 Analysis Data'!$V$2:$V$170))*SQRT($B$6) -> 0.087717476 | D19: Annualized downside deviation
A20: Max Drawdown | B20: =MIN('2026 Analysis Data'!$G$2:$G$177) -> -0.020101227 | C20: =MIN('2026 Analysis Data'!$K$2:$K$177) -> -0.090693821 | D20: Largest observed peak-to-trough loss
A21: Calmar Ratio | B21: =B14/ABS(B20) -> 7.6143336 | C21: =C14/ABS(C20) -> 1.9308295 | D21: CAGR ÷ |Max Drawdown|
A22: Ulcer Index | B22: =SQRT(SUMSQ('2026 Analysis Data'!$G$2:$G$177)/COUNT('2026 Analysis Data'!$G$2:$G$177)) -> 0.0080088499 | C22: =SQRT(SUMSQ('2026 Analysis Data'!$K$2:$K$177)/COUNT('2026 Analysis Data'!$K$2:$K$177)) -> 0.024914767 | D22: RMS drawdown; lower is better
A23: Martin Ratio | B23: =B14/B22 -> 19.11104 | C23: =C14/C22 -> 7.0285348 | D23: CAGR ÷ Ulcer Index
A24: Pain Index | B24: =-AVERAGE('2026 Analysis Data'!$G$2:$G$177) -> 0.0042008959 | C24: =-AVERAGE('2026 Analysis Data'!$K$2:$K$177) -> 0.017744567 | D24: Average drawdown depth
A25: Pain Ratio | B25: =B14/B24 -> 36.434477 | C25: =C14/C24 -> 9.8686157 | D25: CAGR ÷ Pain Index
A26: Average Daily Return | B26: =AVERAGE('2026 Analysis Data'!$D$3:$D$177) -> 0.00054795122 | C26: =AVERAGE('2026 Analysis Data'!$U$2:$U$170) -> 0.00067619408
A27: Median Daily Return | B27: =MEDIAN('2026 Analysis Data'!$D$3:$D$177) -> 0.00046311882 | C27: =MEDIAN('2026 Analysis Data'!$U$2:$U$170) -> 0.00016190006
A28: Best Daily Return | B28: =MAX('2026 Analysis Data'!$D$3:$D$177) -> 0.0073157945 | C28: =MAX('2026 Analysis Data'!$U$2:$U$170) -> 0.029131172
A29: Worst Daily Return | B29: =MIN('2026 Analysis Data'!$D$3:$D$177) -> -0.012290904 | C29: =MIN('2026 Analysis Data'!$U$2:$U$170) -> -0.026445385
A30: Positive Days % | B30: =COUNTIF('2026 Analysis Data'!$D$3:$D$177,">0")/COUNT('2026 Analysis Data'!$D$3:$D$177) -> 0.72571429 | C30: =COUNTIF('2026 Analysis Data'!$U$2:$U$170,">0")/COUNT('2026 Analysis Data'!$U$2:$U$170) -> 0.50887574
A31: Negative Days % | B31: =COUNTIF('2026 Analysis Data'!$D$3:$D$177,"<0")/COUNT('2026 Analysis Data'!$D$3:$D$177) -> 0.26857143 | C31: =COUNTIF('2026 Analysis Data'!$U$2:$U$170,"<0")/COUNT('2026 Analysis Data'!$U$2:$U$170) -> 0.49112426
A32: Avg Up Day | B32: =AVERAGEIF('2026 Analysis Data'!$D$3:$D$177,">0",'2026 Analysis Data'!$D$3:$D$177) -> 0.0013167632 | C32: =AVERAGEIF('2026 Analysis Data'!$U$2:$U$170,">0",'2026 Analysis Data'!$U$2:$U$170) -> 0.0070810978
A33: Avg Down Day | B33: =AVERAGEIF('2026 Analysis Data'!$D$3:$D$177,"<0",'2026 Analysis Data'!$D$3:$D$177) -> -0.0015178183 | C33: =AVERAGEIF('2026 Analysis Data'!$U$2:$U$170,"<0",'2026 Analysis Data'!$U$2:$U$170) -> -0.0059602122
A34: Gain/Loss Ratio | B34: =B32/ABS(B33) -> 0.86753677 | C34: =C32/ABS(C33) -> 1.1880614 | D34: Average gain ÷ average loss magnitude
A35: Profit Factor | B35: =SUMIF('2026 Analysis Data'!$D$3:$D$177,">0",'2026 Analysis Data'!$D$3:$D$177)/ABS(SUMIF('2026 Analysis Data'!$D$3:$D$177,"<0",'2026 Analysis Data'!$D$3:$D$177)) -> 2.3441951 | C35: =SUMIF('2026 Analysis Data'!$U$2:$U$170,">0",'2026 Analysis Data'!$U$2:$U$170)/ABS(SUMIF('2026 Analysis Data'!$U$2:$U$170,"<0",'2026 Analysis Data'!$U$2:$U$170)) -> 1.2310033 | D35: Sum of gains ÷ sum of losses
A36: Skewness | B36: =SKEW('2026 Analysis Data'!$D$3:$D$177) -> -2.0089044 | C36: =SKEW('2026 Analysis Data'!$U$2:$U$170) -> 0.095009407
A37: Excess Kurtosis | B37: =KURT('2026 Analysis Data'!$D$3:$D$177) -> 12.038133 | C37: =KURT('2026 Analysis Data'!$U$2:$U$170) -> 0.78638679
A38: Historical VaR 95% (Daily) | B38: =-PERCENTILE('2026 Analysis Data'!$D$3:$D$177,0.05) -> 0.002363938 | C38: =-PERCENTILE('2026 Analysis Data'!$U$2:$U$170,0.05) -> 0.014060713
A39: Historical CVaR 95% (Daily) | B39: =-AVERAGEIF('2026 Analysis Data'!$D$3:$D$177,"<="&PERCENTILE('2026 Analysis Data'!$D$3:$D$177,0.05),'2026 Analysis Data'!$D$3:$D$177) -> 0.0049103044 | C39: =-AVERAGEIF('2026 Analysis Data'!$U$2:$U$170,"<="&PERCENTILE('2026 Analysis Data'!$U$2:$U$170,0.05),'2026 Analysis Data'!$U$2:$U$170) -> 0.016924869
A40: Historical VaR 99% (Daily) | B40: =-PERCENTILE('2026 Analysis Data'!$D$3:$D$177,0.01) -> 0.0059053589 | C40: =-PERCENTILE('2026 Analysis Data'!$U$2:$U$170,0.01) -> 0.016940835
A41: Historical CVaR 99% (Daily) | B41: =-AVERAGEIF('2026 Analysis Data'!$D$3:$D$177,"<="&PERCENTILE('2026 Analysis Data'!$D$3:$D$177,0.01),'2026 Analysis Data'!$D$3:$D$177) -> 0.0099967407 | C41: =-AVERAGEIF('2026 Analysis Data'!$U$2:$U$170,"<="&PERCENTILE('2026 Analysis Data'!$U$2:$U$170,0.01),'2026 Analysis Data'!$U$2:$U$170) -> 0.021925798
A42: Tail Ratio (95/5) | B42: =PERCENTILE('2026 Analysis Data'!$D$3:$D$177,0.95)/ABS(PERCENTILE('2026 Analysis Data'!$D$3:$D$177,0.05)) -> 1.298052 | C42: =PERCENTILE('2026 Analysis Data'!$U$2:$U$170,0.95)/ABS(PERCENTILE('2026 Analysis Data'!$U$2:$U$170,0.05)) -> 1.0461704
A43: Max Consecutive Up Days | B43: 10 | C43: 9
A44: Max Consecutive Down Days | B44: 4 | C44: 5
A45: Best Month | B45: =MAX('2026 Monthly Returns'!$B$2:$B$10) -> 0.025626185 | C45: =MAX('2026 Monthly Returns'!$C$2:$C$10) -> 0.10423343
A46: Worst Month | B46: =MIN('2026 Monthly Returns'!$B$2:$B$10) -> -0.0097446567 | C46: =MIN('2026 Monthly Returns'!$C$2:$C$10) -> -0.05093271
A47: Positive Months % | B47: =COUNTIF('2026 Monthly Returns'!$B$2:$B$10,">0")/COUNT('2026 Monthly Returns'!$B$2:$B$10) -> 0.77777778 | C47: =COUNTIF('2026 Monthly Returns'!$C$2:$C$10,">0")/COUNT('2026 Monthly Returns'!$C$2:$C$10) -> 0.44444444
A48: Current Drawdown | B48: ='2026 Analysis Data'!G177 -> -0.0020548149 | C48: ='2026 Analysis Data'!K177 -> -0.0032106722
A51: Maximum Drawdown & Recovery
A52: Metric | B52: SDC | C52: S&P 500 | D52: Notes
A53: Peak Date | B53: 46181 | C53: 46055
A54: Trough Date | B54: 46185 | C54: 46111
A55: Recovery Date | B55: 46245 | C55: 46127
A56: Peak-to-Trough Days | B56: 4 | C56: 56
A57: Trough-to-Recovery Days | B57: 60 | C57: 16
A58: Total Underwater Days | B58: 64 | C58: 72
A59: Max DD / -10% Stop Used | B59: 0.20101227 | C59: 0.90693821 | D59: Share of -10% risk budget consumed
A61: Benchmark-Relative Statistics (Matched S&P Trading Intervals)
A62: Metric | B62: Value | C62: Interpretation
A63: Matched Trading Intervals | B63: =COUNT('2026 Analysis Data'!$L$3:$L$177) -> 169 | C63: S&P trading intervals with matched SDC returns | D63: S&P trading intervals with matched SDC returns
A64: Correlation | B64: =CORREL('2026 Analysis Data'!$L$3:$L$177,'2026 Analysis Data'!$M$3:$M$177) -> -0.14413914 | C64: Low/negative correlation supports diversification | D64: Low/negative correlation supports diversification
A65: Beta vs S&P 500 | B65: =SLOPE('2026 Analysis Data'!$L$3:$L$177,'2026 Analysis Data'!$M$3:$M$177) -> -0.03399105 | C65: Near-zero beta indicates little directional equity exposure | D65: Near-zero beta indicates little directional equity exposure
A66: R-squared | B66: =RSQ('2026 Analysis Data'!$L$3:$L$177,'2026 Analysis Data'!$M$3:$M$177) -> 0.020776092 | C66: Fraction of SDC variance explained by S&P returns | D66: Fraction of SDC variance explained by S&P returns
A67: Annualized Alpha (Rf=0%) | B67: =(AVERAGE('2026 Analysis Data'!$L$3:$L$177)-SLOPE('2026 Analysis Data'!$L$3:$L$177,'2026 Analysis Data'!$M$3:$M$177)*AVERAGE('2026 Analysis Data'!$M$3:$M$177))*$B$6 -> 0.14877819 | C67: Arithmetic CAPM-style alpha | D67: Arithmetic CAPM-style alpha
A68: Tracking Error (Ann.) | B68: =STDEV('2026 Analysis Data'!$N$3:$N$177)*SQRT($B$6) -> 0.1423206 | C68: Annualized volatility of active returns | D68: Annualized volatility of active returns
A69: Information Ratio | B69: =AVERAGE('2026 Analysis Data'!$N$3:$N$177)/STDEV('2026 Analysis Data'!$N$3:$N$177)*SQRT($B$6) -> -0.19262721 | C69: Active return per unit of tracking error | D69: Active return per unit of tracking error
A70: Up-Market Capture | B70: =AVERAGEIF('2026 Analysis Data'!$M$3:$M$177,">0",'2026 Analysis Data'!$L$3:$L$177)/AVERAGEIF('2026 Analysis Data'!$M$3:$M$177,">0",'2026 Analysis Data'!$M$3:$M$177) -> 0.048036414 | C70: SDC participation on S&P up days | D70: SDC participation on S&P up days
A71: Down-Market Capture | B71: =AVERAGEIF('2026 Analysis Data'!$M$3:$M$177,"<0",'2026 Analysis Data'!$L$3:$L$177)/AVERAGEIF('2026 Analysis Data'!$M$3:$M$177,"<0",'2026 Analysis Data'!$M$3:$M$177) -> -0.13470556 | C71: Negative means SDC gained on average when S&P fell | D71: Negative means SDC gained on average when S&P fell
A72: Batting Average vs S&P | B72: 0.52071006 | C72: % matched intervals SDC outperformed S&P | D72: % matched intervals SDC outperformed S&P
A73: Cumulative Active Return | B73: ='2026 Analysis Data'!O177 -> -0.024833071 | C73: Compounded active-return stream | D73: Compounded active-return stream
A75: 2026 Mature-Regime Takeaways
A76: Return | B76: SDC 10.02% vs S&P 11.43% | D76: SDC captured most of the S&P return over the period.
A77: Volatility | B77: SDC 3.12% vs S&P 13.43% | D77: SDC realized ~77% lower annualized volatility.
A78: Drawdown | B78: SDC -2.01% vs S&P -9.07% | D78: SDC used ~20% of the -10% risk budget; S&P used ~91%.
A79: Risk-adjusted | B79: Sharpe 4.43 vs 1.27 | D79: SDC delivered materially more return per unit of realized volatility.
A80: Market exposure | B80: Beta -0.03 / correlation -0.14 | D80: Observed returns were largely independent of S&P direction.

Sheet 2026 Analysis Data
A1: ReportDate | B1: SDC NAV | C1: S&P 500 Close | D1: SDC Daily Return | E1: SDC Cumulative Return | F1: SDC Running Peak | G1: SDC Drawdown | H1: S&P 500 Daily Return | I1: S&P 500 Cumulative Return | J1: S&P Running Peak | K1: S&P Drawdown | L1: Matched SDC Return | M1: Matched S&P Return | N1: Active Return | O1: Cumulative Active Return | P1: SDC Downside Sq. | Q1: S&P Downside Sq. | R1: -10% Stop-Loss | S1: SDC 20-Obs Vol. | T1: S&P 20-Obs Vol. | U1: S&P Return Sample | V1: S&P Downside Sq. Sample
A2: =IF('20230101-20261006'!A811="","",'20230101-20261006'!A811) -> 46055 | B2: =IF('20230101-20261006'!B811="","",'20230101-20261006'!B811) -> 5213590.3 | C2: =IF('20230101-20261006'!C811="","",'20230101-20261006'!C811) -> 6976.44 | D2: ="" | E2: =0 -> 0 | F2: =0 -> 0 | G2: =0 -> 0 | H2: ="" | I2: =0 -> 0 | J2: =0 -> 0 | K2: =0 -> 0 | L2: ="" | M2: ="" | N2: ="" | O2: =0 -> 0 | P2: ="" | Q2: ="" | R2: =-10% -> -0.1 | S2: ="" | T2: ="" | U2: =H3 -> -0.0084039997 | V2: =MIN(U2,0)^2 -> 7.0627212e-05
A3: =IF('20230101-20261006'!A812="","",'20230101-20261006'!A812) -> 46056 | B3: =IF('20230101-20261006'!B812="","",'20230101-20261006'!B812) -> 5207013.5 | C3: =IF('20230101-20261006'!C812="","",'20230101-20261006'!C812) -> 6917.81 | D3: =IF(OR(B3="",B2=""),"",B3/B2-1) -> -0.0012614655 | E3: =IF(D3="",E2,(1+E2)*(1+D3)-1) -> -0.0012614655 | F3: =MAX(F2,E3) -> 0 | G3: =(1+E3)/(1+F3)-1 -> -0.0012614655 | H3: =C3/C2-1 -> -0.0084039997 | I3: =IF(H3="",I2,(1+I2)*(1+H3)-1) -> -0.0084039997 | J3: =MAX(J2,I3) -> 0 | K3: =(1+I3)/(1+J3)-1 -> -0.0084039997 | L3: =B3/B2-1 -> -0.0012614655 | M3: =H3 -> -0.0084039997 | N3: =L3-M3 -> 0.0071425343 | O3: =IF(N3="",O2,(1+O2)*(1+N3)-1) -> 0.0071425343 | P3: =MIN(D3,0)^2 -> 1.5912952e-06 | Q3: =IF(H3="","",MIN(H3,0)^2) -> 7.0627212e-05 | R3: =-10% -> -0.1 | S3: ="" | T3: ="" | U3: =H4 -> -0.0050724145 | V3: =MIN(U3,0)^2 -> 2.5729389e-05
A4: =IF('20230101-20261006'!A813="","",'20230101-20261006'!A813) -> 46057 | B4: =IF('20230101-20261006'!B813="","",'20230101-20261006'!B813) -> 5197203.6 | C4: =IF('20230101-20261006'!C813="","",'20230101-20261006'!C813) -> 6882.72 | D4: =IF(OR(B4="",B3=""),"",B4/B3-1) -> -0.0018839823 | E4: =IF(D4="",E3,(1+E3)*(1+D4)-1) -> -0.0031430712 | F4: =MAX(F3,E4) -> 0 | G4: =(1+E4)/(1+F4)-1 -> -0.0031430712 | H4: =C4/C3-1 -> -0.0050724145 | I4: =IF(H4="",I3,(1+I3)*(1+H4)-1) -> -0.013433786 | J4: =MAX(J3,I4) -> 0 | K4: =(1+I4)/(1+J4)-1 -> -0.013433786 | L4: =B4/B3-1 -> -0.0018839823 | M4: =H4 -> -0.0050724145 | N4: =L4-M4 -> 0.0031884323 | O4: =IF(N4="",O3,(1+O3)*(1+N4)-1) -> 0.01035374 | P4: =MIN(D4,0)^2 -> 3.5493892e-06 | Q4: =IF(H4="","",MIN(H4,0)^2) -> 2.5729389e-05 | R4: =-10% -> -0.1 | S4: ="" | T4: ="" | U4: =H5 -> -0.012250971 | V4: =MIN(U4,0)^2 -> 0.00015008628
A5: =IF('20230101-20261006'!A814="","",'20230101-20261006'!A814) -> 46058 | B5: =IF('20230101-20261006'!B814="","",'20230101-20261006'!B814) -> 5214746.4 | C5: =IF('20230101-20261006'!C814="","",'20230101-20261006'!C814) -> 6798.4 | D5: =IF(OR(B5="",B4=""),"",B5/B4-1) -> 0.0033754228 | E5: =IF(D5="",E4,(1+E4)*(1+D5)-1) -> 0.00022174241 | F5: =MAX(F4,E5) -> 0.00022174241 | G5: =(1+E5)/(1+F5)-1 -> 0 | H5: =C5/C4-1 -> -0.012250971 | I5: =IF(H5="",I4,(1+I4)*(1+H5)-1) -> -0.025520179 | J5: =MAX(J4,I5) -> 0 | K5: =(1+I5)/(1+J5)-1 -> -0.025520179 | L5: =B5/B4-1 -> 0.0033754228 | M5: =H5 -> -0.012250971 | N5: =L5-M5 -> 0.015626393 | O5: =IF(N5="",O4,(1+O4)*(1+N5)-1) -> 0.026141925 | P5: =MIN(D5,0)^2 -> 0 | Q5: =IF(H5="","",MIN(H5,0)^2) -> 0.00015008628 | R5: =-10% -> -0.1 | S5: ="" | T5: ="" | U5: =H6 -> 0.019695811 | V5: =MIN(U5,0)^2 -> 0
A6: =IF('20230101-20261006'!A815="","",'20230101-20261006'!A815) -> 46059 | B6: =IF('20230101-20261006'!B815="","",'20230101-20261006'!B815) -> 5197558.6 | C6: =IF('20230101-20261006'!C815="","",'20230101-20261006'!C815) -> 6932.3 | D6: =IF(OR(B6="",B5=""),"",B6/B5-1) -> -0.003295987 | E6: =IF(D6="",E5,(1+E5)*(1+D6)-1) -> -0.0030749754 | F6: =MAX(F5,E6) -> 0.00022174241 | G6: =(1+E6)/(1+F6)-1 -> -0.003295987 | H6: =C6/C5-1 -> 0.019695811 | I6: =IF(H6="",I5,(1+I5)*(1+H6)-1) -> -0.0063270092 | J6: =MAX(J5,I6) -> 0 | K6: =(1+I6)/(1+J6)-1 -> -0.0063270092 | L6: =B6/B5-1 -> -0.003295987 | M6: =H6 -> 0.019695811 | N6: =L6-M6 -> -0.022991798 | O6: =IF(N6="",O5,(1+O5)*(1+N6)-1) -> 0.0025490774 | P6: =MIN(D6,0)^2 -> 1.086353e-05 | Q6: =IF(H6="","",MIN(H6,0)^2) -> 0 | R6: =-10% -> -0.1 | S6: ="" | T6: ="" | U6: =H7 -> 0.0046910838 | V6: =MIN(U6,0)^2 -> 0
A7: =IF('20230101-20261006'!A816="","",'20230101-20261006'!A816) -> 46062 | B7: =IF('20230101-20261006'!B816="","",'20230101-20261006'!B816) -> 5201833.6 | C7: =IF('20230101-20261006'!C816="","",'20230101-20261006'!C816) -> 6964.82 | D7: =IF(OR(B7="",B6=""),"",B7/B6-1) -> 0.00082248803 | E7: =IF(D7="",E6,(1+E6)*(1+D7)-1) -> -0.0022550165 | F7: =MAX(F6,E7) -> 0.00022174241 | G7: =(1+E7)/(1+F7)-1 -> -0.0024762099 | H7: =C7/C6-1 -> 0.0046910838 | I7: =IF(H7="",I6,(1+I6)*(1+H7)-1) -> -0.001665606 | J7: =MAX(J6,I7) -> 0 | K7: =(1+I7)/(1+J7)-1 -> -0.001665606 | L7: =B7/B6-1 -> 0.00082248803 | M7: =H7 -> 0.0046910838 | N7: =L7-M7 -> -0.0038685957 | O7: =IF(N7="",O6,(1+O6)*(1+N7)-1) -> -0.0013293797 | P7: =MIN(D7,0)^2 -> 0 | Q7: =IF(H7="","",MIN(H7,0)^2) -> 0 | R7: =-10% -> -0.1 | S7: ="" | T7: ="" | U7: =H8 -> -0.0033037465 | V7: =MIN(U7,0)^2 -> 1.0914741e-05
A8: =IF('20230101-20261006'!A817="","",'20230101-20261006'!A817) -> 46063 | B8: =IF('20230101-20261006'!B817="","",'20230101-20261006'!B817) -> 5203773 | C8: =IF('20230101-20261006'!C817="","",'20230101-20261006'!C817) -> 6941.81 | D8: =IF(OR(B8="",B7=""),"",B8/B7-1) -> 0.00037284364 | E8: =IF(D8="",E7,(1+E7)*(1+D8)-1) -> -0.0018830136 | F8: =MAX(F7,E8) -> 0.00022174241 | G8: =(1+E8)/(1+F8)-1 -> -0.0021042895 | H8: =C8/C7-1 -> -0.0033037465 | I8: =IF(H8="",I7,(1+I7)*(1+H8)-1) -> -0.0049638498 | J8: =MAX(J7,I8) -> 0 | K8: =(1+I8)/(1+J8)-1 -> -0.0049638498 | L8: =B8/B7-1 -> 0.00037284364 | M8: =H8 -> -0.0033037465 | N8: =L8-M8 -> 0.0036765902 | O8: =IF(N8="",O7,(1+O7)*(1+N8)-1) -> 0.0023423229 | P8: =MIN(D8,0)^2 -> 0 | Q8: =IF(H8="","",MIN(H8,0)^2) -> 1.0914741e-05 | R8: =-10% -> -0.1 | S8: ="" | T8: ="" | U8: =H9 -> -4.8978581e-05 | V8: =MIN(U8,0)^2 -> 2.3989013e-09
A9: =IF('20230101-20261006'!A818="","",'20230101-20261006'!A818) -> 46064 | B9: =IF('20230101-20261006'!B818="","",'20230101-20261006'!B818) -> 5220374.3 | C9: =IF('20230101-20261006'!C818="","",'20230101-20261006'!C818) -> 6941.47 | D9: =IF(OR(B9="",B8=""),"",B9/B8-1) -> 0.00319024 | E9: =IF(D9="",E8,(1+E8)*(1+D9)-1) -> 0.0013012191 | F9: =MAX(F8,E9) -> 0.0013012191 | G9: =(1+E9)/(1+F9)-1 -> 0 | H9: =C9/C8-1 -> -4.8978581e-05 | I9: =IF(H9="",I8,(1+I8)*(1+H9)-1) -> -0.0050125852 | J9: =MAX(J8,I9) -> 0 | K9: =(1+I9)/(1+J9)-1 -> -0.0050125852 | L9: =B9/B8-1 -> 0.00319024 | M9: =H9 -> -4.8978581e-05 | N9: =L9-M9 -> 0.0032392186 | O9: =IF(N9="",O8,(1+O8)*(1+N9)-1) -> 0.0055891288 | P9: =MIN(D9,0)^2 -> 0 | Q9: =IF(H9="","",MIN(H9,0)^2) -> 2.3989013e-09 | R9: =-10% -> -0.1 | S9: ="" | T9: ="" | U9: =H10 -> -0.015660948 | V9: =MIN(U9,0)^2 -> 0.00024526529
A10: =IF('20230101-20261006'!A819="","",'20230101-20261006'!A819) -> 46065 | B10: =IF('20230101-20261006'!B819="","",'20230101-20261006'!B819) -> 5216469.1 | C10: =IF('20230101-20261006'!C819="","",'20230101-20261006'!C819) -> 6832.76 | D10: =IF(OR(B10="",B9=""),"",B10/B9-1) -> -0.00074807033 | E10: =IF(D10="",E9,(1+E9)*(1+D10)-1) -> 0.00055217539 | F10: =MAX(F9,E10) -> 0.0013012191 | G10: =(1+E10)/(1+F10)-1 -> -0.00074807033 | H10: =C10/C9-1 -> -0.015660948 | I10: =IF(H10="",I9,(1+I9)*(1+H10)-1) -> -0.020595031 | J10: =MAX(J9,I10) -> 0 | K10: =(1+I10)/(1+J10)-1 -> -0.020595031 | L10: =B10/B9-1 -> -0.00074807033 | M10: =H10 -> -0.015660948 | N10: =L10-M10 -> 0.014912878 | O10: =IF(N10="",O9,(1+O9)*(1+N10)-1) -> 0.020585356 | P10: =MIN(D10,0)^2 -> 5.5960922e-07 | Q10: =IF(H10="","",MIN(H10,0)^2) -> 0.00024526529 | R10: =-10% -> -0.1 | S10: ="" | T10: ="" | U10: =H11 -> 0.00049906626 | V10: =MIN(U10,0)^2 -> 0
A11: =IF('20230101-20261006'!A820="","",'20230101-20261006'!A820) -> 46066 | B11: =IF('20230101-20261006'!B820="","",'20230101-20261006'!B820) -> 5224655.7 | C11: =IF('20230101-20261006'!C820="","",'20230101-20261006'!C820) -> 6836.17 | D11: =IF(OR(B11="",B10=""),"",B11/B10-1) -> 0.0015693635 | E11: =IF(D11="",E10,(1+E10)*(1+D11)-1) -> 0.0021224055 | F11: =MAX(F10,E11) -> 0.0021224055 | G11: =(1+E11)/(1+F11)-1 -> 0 | H11: =C11/C10-1 -> 0.00049906626 | I11: =IF(H11="",I10,(1+I10)*(1+H11)-1) -> -0.020106243 | J11: =MAX(J10,I11) -> 0 | K11: =(1+I11)/(1+J11)-1 -> -0.020106243 | L11: =B11/B10-1 -> 0.0015693635 | M11: =H11 -> 0.00049906626 | N11: =L11-M11 -> 0.0010702972 | O11: =IF(N11="",O10,(1+O10)*(1+N11)-1) -> 0.021677686 | P11: =MIN(D11,0)^2 -> 0 | Q11: =IF(H11="","",MIN(H11,0)^2) -> 0 | R11: =-10% -> -0.1 | S11: ="" | T11: ="" | U11: =H13 -> 0.0010312792 | V11: =MIN(U11,0)^2 -> 0
A12: =IF('20230101-20261006'!A821="","",'20230101-20261006'!A821) -> 46069 | B12: =IF('20230101-20261006'!B821="","",'20230101-20261006'!B821) -> 5224655.6 | C12: =IF('20230101-20261006'!C821="","",'20230101-20261006'!C821) | D12: =IF(OR(B12="",B11=""),"",B12/B11-1) -> -4.2844336e-09 | E12: =IF(D12="",E11,(1+E11)*(1+D12)-1) -> 0.0021224012 | F12: =MAX(F11,E12) -> 0.0021224055 | G12: =(1+E12)/(1+F12)-1 -> -4.2844336e-09 | H12: ="" | I12: =IF(H12="",I11,(1+I11)*(1+H12)-1) -> -0.020106243 | J12: =MAX(J11,I12) -> 0 | K12: =(1+I12)/(1+J12)-1 -> -0.020106243 | L12: ="" | M12: ="" | N12: ="" | O12: =IF(N12="",O11,(1+O11)*(1+N12)-1) -> 0.021677686 | P12: =MIN(D12,0)^2 -> 1.8356371e-17 | Q12: =IF(H12="","",MIN(H12,0)^2) | R12: =-10% -> -0.1 | S12: ="" | T12: ="" | U12: =H14 -> 0.0055660932 | V12: =MIN(U12,0)^2 -> 0
A13: =IF('20230101-20261006'!A822="","",'20230101-20261006'!A822) -> 46070 | B13: =IF('20230101-20261006'!B822="","",'20230101-20261006'!B822) -> 5225973.2 | C13: =IF('20230101-20261006'!C822="","",'20230101-20261006'!C822) -> 6843.22 | D13: =IF(OR(B13="",B12=""),"",B13/B12-1) -> 0.00025218935 | E13: =IF(D13="",E12,(1+E12)*(1+D13)-1) -> 0.0023751258 | F13: =MAX(F12,E13) -> 0.0023751258 | G13: =(1+E13)/(1+F13)-1 -> 0 | H13: =C13/C11-1 -> 0.0010312792 | I13: =IF(H13="",I12,(1+I12)*(1+H13)-1) -> -0.019095699 | J13: =MAX(J12,I13) -> 0 | K13: =(1+I13)/(1+J13)-1 -> -0.019095699 | L13: =B13/B11-1 -> 0.00025218506 | M13: =H13 -> 0.0010312792 | N13: =L13-M13 -> -0.00077909415 | O13: =IF(N13="",O12,(1+O12)*(1+N13)-1) -> 0.020881703 | P13: =MIN(D13,0)^2 -> 0 | Q13: =IF(H13="","",MIN(H13,0)^2) -> 0 | R13: =-10% -> -0.1 | S13: ="" | T13: ="" | U13: =H15 -> -0.0028221371 | V13: =MIN(U13,0)^2 -> 7.9644576e-06
A14: =IF('20230101-20261006'!A823="","",'20230101-20261006'!A823) -> 46071 | B14: =IF('20230101-20261006'!B823="","",'20230101-20261006'!B823) -> 5232075.8 | C14: =IF('20230101-20261006'!C823="","",'20230101-20261006'!C823) -> 6881.31 | D14: =IF(OR(B14="",B13=""),"",B14/B13-1) -> 0.0011677275 | E14: =IF(D14="",E13,(1+E13)*(1+D14)-1) -> 0.0035456268 | F14: =MAX(F13,E14) -> 0.0035456268 | G14: =(1+E14)/(1+F14)-1 -> 0 | H14: =C14/C13-1 -> 0.0055660932 | I14: =IF(H14="",I13,(1+I13)*(1+H14)-1) -> -0.013635895 | J14: =MAX(J13,I14) -> 0 | K14: =(1+I14)/(1+J14)-1 -> -0.013635895 | L14: =B14/B13-1 -> 0.0011677275 | M14: =H14 -> 0.0055660932 | N14: =L14-M14 -> -0.0043983656 | O14: =IF(N14="",O13,(1+O13)*(1+N14)-1) -> 0.016391492 | P14: =MIN(D14,0)^2 -> 0 | Q14: =IF(H14="","",MIN(H14,0)^2) -> 0 | R14: =-10% -> -0.1 | S14: ="" | T14: ="" | U14: =H16 -> 0.006939779 | V14: =MIN(U14,0)^2 -> 0
A15: =IF('20230101-20261006'!A824="","",'20230101-20261006'!A824) -> 46072 | B15: =IF('20230101-20261006'!B824="","",'20230101-20261006'!B824) -> 5237176.9 | C15: =IF('20230101-20261006'!C824="","",'20230101-20261006'!C824) -> 6861.89 | D15: =IF(OR(B15="",B14=""),"",B15/B14-1) -> 0.00097496605 | E15: =IF(D15="",E14,(1+E14)*(1+D15)-1) -> 0.0045240497 | F15: =MAX(F14,E15) -> 0.0045240497 | G15: =(1+E15)/(1+F15)-1 -> 0 | H15: =C15/C14-1 -> -0.0028221371 | I15: =IF(H15="",I14,(1+I14)*(1+H15)-1) -> -0.016419549 | J15: =MAX(J14,I15) -> 0 | K15: =(1+I15)/(1+J15)-1 -> -0.016419549 | L15: =B15/B14-1 -> 0.00097496605 | M15: =H15 -> -0.0028221371 | N15: =L15-M15 -> 0.0037971031 | O15: =IF(N15="",O14,(1+O14)*(1+N15)-1) -> 0.020250835 | P15: =MIN(D15,0)^2 -> 0 | Q15: =IF(H15="","",MIN(H15,0)^2) -> 7.9644576e-06 | R15: =-10% -> -0.1 | S15: ="" | T15: ="" | U15: =H17 -> -0.010385686 | V15: =MIN(U15,0)^2 -> 0.00010786247
A16: =IF('20230101-20261006'!A825="","",'20230101-20261006'!A825) -> 46073 | B16: =IF('20230101-20261006'!B825="","",'20230101-20261006'!B825) -> 5237280.5 | C16: =IF('20230101-20261006'!C825="","",'20230101-20261006'!C825) -> 6909.51 | D16: =IF(OR(B16="",B15=""),"",B16/B15-1) -> 1.9782105e-05 | E16: =IF(D16="",E15,(1+E15)*(1+D16)-1) -> 0.0045439213 | F16: =MAX(F15,E16) -> 0.0045439213 | G16: =(1+E16)/(1+F16)-1 -> 0 | H16: =C16/C15-1 -> 0.006939779 | I16: =IF(H16="",I15,(1+I15)*(1+H16)-1) -> -0.0095937183 | J16: =MAX(J15,I16) -> 0 | K16: =(1+I16)/(1+J16)-1 -> -0.0095937183 | L16: =B16/B15-1 -> 1.9782105e-05 | M16: =H16 -> 0.006939779 | N16: =L16-M16 -> -0.0069199969 | O16: =IF(N16="",O15,(1+O15)*(1+N16)-1) -> 0.013190703 | P16: =MIN(D16,0)^2 -> 0 | Q16: =IF(H16="","",MIN(H16,0)^2) -> 0 | R16: =-10% -> -0.1 | S16: ="" | T16: ="" | U16: =H18 -> 0.0076516398 | V16: =MIN(U16,0)^2 -> 0
A17: =IF('20230101-20261006'!A826="","",'20230101-20261006'!A826) -> 46076 | B17: =IF('20230101-20261006'!B826="","",'20230101-20261006'!B826) -> 5246952 | C17: =IF('20230101-20261006'!C826="","",'20230101-20261006'!C826) -> 6837.75 | D17: =IF(OR(B17="",B16=""),"",B17/B16-1) -> 0.0018466792 | E17: =IF(D17="",E16,(1+E16)*(1+D17)-1) -> 0.0063989916 | F17: =MAX(F16,E17) -> 0.0063989916 | G17: =(1+E17)/(1+F17)-1 -> 0 | H17: =C17/C16-1 -> -0.010385686 | I17: =IF(H17="",I16,(1+I16)*(1+H17)-1) -> -0.019879767 | J17: =MAX(J16,I17) -> 0 | K17: =(1+I17)/(1+J17)-1 -> -0.019879767 | L17: =B17/B16-1 -> 0.0018466792 | M17: =H17 -> -0.010385686 | N17: =L17-M17 -> 0.012232365 | O17: =IF(N17="",O16,(1+O16)*(1+N17)-1) -> 0.025584421 | P17: =MIN(D17,0)^2 -> 0 | Q17: =IF(H17="","",MIN(H17,0)^2) -> 0.00010786247 | R17: =-10% -> -0.1 | S17: ="" | T17: ="" | U17: =H19 -> 0.0081363469 | V17: =MIN(U17,0)^2 -> 0
A18: =IF('20230101-20261006'!A827="","",'20230101-20261006'!A827) -> 46077 | B18: =IF('20230101-20261006'!B827="","",'20230101-20261006'!B827) -> 5252513.5 | C18: =IF('20230101-20261006'!C827="","",'20230101-20261006'!C827) -> 6890.07 | D18: =IF(OR(B18="",B17=""),"",B18/B17-1) -> 0.001059949 | E18: =IF(D18="",E17,(1+E17)*(1+D18)-1) -> 0.0074657233 | F18: =MAX(F17,E18) -> 0.0074657233 | G18: =(1+E18)/(1+F18)-1 -> 0 | H18: =C18/C17-1 -> 0.0076516398 | I18: =IF(H18="",I17,(1+I17)*(1+H18)-1) -> -0.01238024 | J18: =MAX(J17,I18) -> 0 | K18: =(1+I18)/(1+J18)-1 -> -0.01238024 | L18: =B18/B17-1 -> 0.001059949 | M18: =H18 -> 0.0076516398 | N18: =L18-M18 -> -0.0065916907 | O18: =IF(N18="",O17,(1+O17)*(1+N18)-1) -> 0.018824086 | P18: =MIN(D18,0)^2 -> 0 | Q18: =IF(H18="","",MIN(H18,0)^2) -> 0 | R18: =-10% -> -0.1 | S18: ="" | T18: ="" | U18: =H20 -> -0.0053655777 | V18: =MIN(U18,0)^2 -> 2.8789424e-05
A19: =IF('20230101-20261006'!A828="","",'20230101-20261006'!A828) -> 46078 | B19: =IF('20230101-20261006'!B828="","",'20230101-20261006'!B828) -> 5250856.9 | C19: =IF('20230101-20261006'!C828="","",'20230101-20261006'!C828) -> 6946.13 | D19: =IF(OR(B19="",B18=""),"",B19/B18-1) -> -0.00031540081 | E19: =IF(D19="",E18,(1+E18)*(1+D19)-1) -> 0.0071479678 | F19: =MAX(F18,E19) -> 0.0074657233 | G19: =(1+E19)/(1+F19)-1 -> -0.00031540081 | H19: =C19/C18-1 -> 0.0081363469 | I19: =IF(H19="",I18,(1+I18)*(1+H19)-1) -> -0.0043446228 | J19: =MAX(J18,I19) -> 0 | K19: =(1+I19)/(1+J19)-1 -> -0.0043446228 | L19: =B19/B18-1 -> -0.00031540081 | M19: =H19 -> 0.0081363469 | N19: =L19-M19 -> -0.0084517478 | O19: =IF(N19="",O18,(1+O18)*(1+N19)-1) -> 0.010213242 | P19: =MIN(D19,0)^2 -> 9.9477673e-08 | Q19: =IF(H19="","",MIN(H19,0)^2) -> 0 | R19: =-10% -> -0.1 | S19: ="" | T19: ="" | U19: =H21 -> -0.0043393556 | V19: =MIN(U19,0)^2 -> 1.8830007e-05
A20: =IF('20230101-20261006'!A829="","",'20230101-20261006'!A829) -> 46079 | B20: =IF('20230101-20261006'!B829="","",'20230101-20261006'!B829) -> 5250760.1 | C20: =IF('20230101-20261006'!C829="","",'20230101-20261006'!C829) -> 6908.86 | D20: =IF(OR(B20="",B19=""),"",B20/B19-1) -> -1.8431863e-05 | E20: =IF(D20="",E19,(1+E19)*(1+D20)-1) -> 0.0071294041 | F20: =MAX(F19,E20) -> 0.0074657233 | G20: =(1+E20)/(1+F20)-1 -> -0.00033382686 | H20: =C20/C19-1 -> -0.0053655777 | I20: =IF(H20="",I19,(1+I19)*(1+H20)-1) -> -0.009686889 | J20: =MAX(J19,I20) -> 0 | K20: =(1+I20)/(1+J20)-1 -> -0.009686889 | L20: =B20/B19-1 -> -1.8431863e-05 | M20: =H20 -> -0.0053655777 | N20: =L20-M20 -> 0.0053471458 | O20: =IF(N20="",O19,(1+O19)*(1+N20)-1) -> 0.015614999 | P20: =MIN(D20,0)^2 -> 3.3973359e-10 | Q20: =IF(H20="","",MIN(H20,0)^2) -> 2.8789424e-05 | R20: =-10% -> -0.1 | S20: ="" | T20: ="" | U20: =H22 -> 0.00039832066 | V20: =MIN(U20,0)^2 -> 0
A21: =IF('20230101-20261006'!A830="","",'20230101-20261006'!A830) -> 46080 | B21: =IF('20230101-20261006'!B830="","",'20230101-20261006'!B830) -> 5265451.6 | C21: =IF('20230101-20261006'!C830="","",'20230101-20261006'!C830) -> 6878.88 | D21: =IF(OR(B21="",B20=""),"",B21/B20-1) -> 0.0027979799 | E21: =IF(D21="",E20,(1+E20)*(1+D21)-1) -> 0.009947332 | F21: =MAX(F20,E21) -> 0.009947332 | G21: =(1+E21)/(1+F21)-1 -> 0 | H21: =C21/C20-1 -> -0.0043393556 | I21: =IF(H21="",I20,(1+I20)*(1+H21)-1) -> -0.01398421 | J21: =MAX(J20,I21) -> 0 | K21: =(1+I21)/(1+J21)-1 -> -0.01398421 | L21: =B21/B20-1 -> 0.0027979799 | M21: =H21 -> -0.0043393556 | N21: =L21-M21 -> 0.0071373355 | O21: =IF(N21="",O20,(1+O20)*(1+N21)-1) -> 0.022863784 | P21: =MIN(D21,0)^2 -> 0 | Q21: =IF(H21="","",MIN(H21,0)^2) -> 1.8830007e-05 | R21: =-10% -> -0.1 | S21: ="" | T21: ="" | U21: =H23 -> -0.0094439972 | V21: =MIN(U21,0)^2 -> 8.9189083e-05
A22: =IF('20230101-20261006'!A831="","",'20230101-20261006'!A831) -> 46083 | B22: =IF('20230101-20261006'!B831="","",'20230101-20261006'!B831) -> 5274918.1 | C22: =IF('20230101-20261006'!C831="","",'20230101-20261006'!C831) -> 6881.62 | D22: =IF(OR(B22="",B21=""),"",B22/B21-1) -> 0.0017978415 | E22: =IF(D22="",E21,(1+E21)*(1+D22)-1) -> 0.011763057 | F22: =MAX(F21,E22) -> 0.011763057 | G22: =(1+E22)/(1+F22)-1 -> 0 | H22: =C22/C21-1 -> 0.00039832066 | I22: =IF(H22="",I21,(1+I21)*(1+H22)-1) -> -0.013591459 | J22: =MAX(J21,I22) -> 0 | K22: =(1+I22)/(1+J22)-1 -> -0.013591459 | L22: =B22/B21-1 -> 0.0017978415 | M22: =H22 -> 0.00039832066 | N22: =L22-M22 -> 0.0013995209 | O22: =IF(N22="",O21,(1+O21)*(1+N22)-1) -> 0.024295303 | P22: =MIN(D22,0)^2 -> 0 | Q22: =IF(H22="","",MIN(H22,0)^2) -> 0 | R22: =-10% -> -0.1 | S22: =STDEV(D3:D22)*SQRT(252) -> 0.026416222 | T22: ="" | U22: =H24 -> 0.0077560319 | V22: =MIN(U22,0)^2 -> 0
A23: =IF('20230101-20261006'!A832="","",'20230101-20261006'!A832) -> 46084 | B23: =IF('20230101-20261006'!B832="","",'20230101-20261006'!B832) -> 5277275.7 | C23: =IF('20230101-20261006'!C832="","",'20230101-20261006'!C832) -> 6816.63 | D23: =IF(OR(B23="",B22=""),"",B23/B22-1) -> 0.00044695982 | E23: =IF(D23="",E22,(1+E22)*(1+D23)-1) -> 0.012215275 | F23: =MAX(F22,E23) -> 0.012215275 | G23: =(1+E23)/(1+F23)-1 -> 0 | H23: =C23/C22-1 -> -0.0094439972 | I23: =IF(H23="",I22,(1+I22)*(1+H23)-1) -> -0.022907099 | J23: =MAX(J22,I23) -> 0 | K23: =(1+I23)/(1+J23)-1 -> -0.022907099 | L23: =B23/B22-1 -> 0.00044695982 | M23: =H23 -> -0.0094439972 | N23: =L23-M23 -> 0.009890957 | O23: =IF(N23="",O22,(1+O22)*(1+N23)-1) -> 0.034426564 | P23: =MIN(D23,0)^2 -> 0 | Q23: =IF(H23="","",MIN(H23,0)^2) -> 8.9189083e-05 | R23: =-10% -> -0.1 | S23: =STDEV(D4:D23)*SQRT(252) -> 0.025511946 | T23: =STDEV(H3:H23)*SQRT(252) -> 0.13357575 | U23: =H25 -> -0.0056466992 | V23: =MIN(U23,0)^2 -> 3.1885212e-05
A24: =IF('20230101-20261006'!A833="","",'20230101-20261006'!A833) -> 46085 | B24: =IF('20230101-20261006'!B833="","",'20230101-20261006'!B833) -> 5278736 | C24: =IF('20230101-20261006'!C833="","",'20230101-20261006'!C833) -> 6869.5 | D24: =IF(OR(B24="",B23=""),"",B24/B23-1) -> 0.00027670944 | E24: =IF(D24="",E23,(1+E23)*(1+D24)-1) -> 0.012495364 | F24: =MAX(F23,E24) -> 0.012495364 | G24: =(1+E24)/(1+F24)-1 -> 0 | H24: =C24/C23-1 -> 0.0077560319 | I24: =IF(H24="",I23,(1+I23)*(1+H24)-1) -> -0.015328735 | J24: =MAX(J23,I24) -> 0 | K24: =(1+I24)/(1+J24)-1 -> -0.015328735 | L24: =B24/B23-1 -> 0.00027670944 | M24: =H24 -> 0.0077560319 | N24: =L24-M24 -> -0.0074793225 | O24: =IF(N24="",O23,(1+O23)*(1+N24)-1) -> 0.026689754 | P24: =MIN(D24,0)^2 -> 0 | Q24: =IF(H24="","",MIN(H24,0)^2) -> 0 | R24: =-10% -> -0.1 | S24: =STDEV(D5:D24)*SQRT(252) -> 0.02373201 | T24: =STDEV(H4:H24)*SQRT(252) -> 0.13421036 | U24: =H26 -> -0.013276804 | V24: =MIN(U24,0)^2 -> 0.00017627353
A25: =IF('20230101-20261006'!A834="","",'20230101-20261006'!A834) -> 46086 | B25: =IF('20230101-20261006'!B834="","",'20230101-20261006'!B834) -> 5286558.6 | C25: =IF('20230101-20261006'!C834="","",'20230101-20261006'!C834) -> 6830.71 | D25: =IF(OR(B25="",B24=""),"",B25/B24-1) -> 0.0014819093 | E25: =IF(D25="",E24,(1+E24)*(1+D25)-1) -> 0.013995791 | F25: =MAX(F24,E25) -> 0.013995791 | G25: =(1+E25)/(1+F25)-1 -> 0 | H25: =C25/C24-1 -> -0.0056466992 | I25: =IF(H25="",I24,(1+I24)*(1+H25)-1) -> -0.020888877 | J25: =MAX(J24,I25) -> 0 | K25: =(1+I25)/(1+J25)-1 -> -0.020888877 | L25: =B25/B24-1 -> 0.0014819093 | M25: =H25 -> -0.0056466992 | N25: =L25-M25 -> 0.0071286085 | O25: =IF(N25="",O24,(1+O24)*(1+N25)-1) -> 0.034008624 | P25: =MIN(D25,0)^2 -> 0 | Q25: =IF(H25="","",MIN(H25,0)^2) -> 3.1885212e-05 | R25: =-10% -> -0.1 | S25: =STDEV(D6:D25)*SQRT(252) -> 0.021863316 | T25: =STDEV(H5:H25)*SQRT(252) -> 0.13449545 | U25: =H27 -> 0.0083041297 | V25: =MIN(U25,0)^2 -> 0
A26: =IF('20230101-20261006'!A835="","",'20230101-20261006'!A835) -> 46087 | B26: =IF('20230101-20261006'!B835="","",'20230101-20261006'!B835) -> 5288583.1 | C26: =IF('20230101-20261006'!C835="","",'20230101-20261006'!C835) -> 6740.02 | D26: =IF(OR(B26="",B25=""),"",B26/B25-1) -> 0.00038294946 | E26: =IF(D26="",E25,(1+E25)*(1+D26)-1) -> 0.0143841 | F26: =MAX(F25,E26) -> 0.0143841 | G26: =(1+E26)/(1+F26)-1 -> 0 | H26: =C26/C25-1 -> -0.013276804 | I26: =IF(H26="",I25,(1+I25)*(1+H26)-1) -> -0.033888344 | J26: =MAX(J25,I26) -> 0 | K26: =(1+I26)/(1+J26)-1 -> -0.033888344 | L26: =B26/B25-1 -> 0.00038294946 | M26: =H26 -> -0.013276804 | N26: =L26-M26 -> 0.013659754 | O26: =IF(N26="",O25,(1+O25)*(1+N26)-1) -> 0.048132927 | P26: =MIN(D26,0)^2 -> 0 | Q26: =IF(H26="","",MIN(H26,0)^2) -> 0.00017627353 | R26: =-10% -> -0.1 | S26: =STDEV(D7:D26)*SQRT(252) -> 0.016125832 | T26: =STDEV(H6:H26)*SQRT(252) -> 0.13574337 | U26: =H28 -> -0.0021350826 | V26: =MIN(U26,0)^2 -> 4.5585777e-06
A27: =IF('20230101-20261006'!A836="","",'20230101-20261006'!A836) -> 46090 | B27: =IF('20230101-20261006'!B836="","",'20230101-20261006'!B836) -> 5288492.8 | C27: =IF('20230101-20261006'!C836="","",'20230101-20261006'!C836) -> 6795.99 | D27: =IF(OR(B27="",B26=""),"",B27/B26-1) -> -1.7070242e-05 | E27: =IF(D27="",E26,(1+E26)*(1+D27)-1) -> 0.014366784 | F27: =MAX(F26,E27) -> 0.0143841 | G27: =(1+E27)/(1+F27)-1 -> -1.7070242e-05 | H27: =C27/C26-1 -> 0.0083041297 | I27: =IF(H27="",I26,(1+I26)*(1+H27)-1) -> -0.025865628 | J27: =MAX(J26,I27) -> 0 | K27: =(1+I27)/(1+J27)-1 -> -0.025865628 | L27: =B27/B26-1 -> -1.7070242e-05 | M27: =H27 -> 0.0083041297 | N27: =L27-M27 -> -0.0083211999 | O27: =IF(N27="",O26,(1+O26)*(1+N27)-1) -> 0.039411203 | P27: =MIN(D27,0)^2 -> 2.9139317e-10 | Q27: =IF(H27="","",MIN(H27,0)^2) -> 0 | R27: =-10% -> -0.1 | S27: =STDEV(D8:D27)*SQRT(252) -> 0.016430399 | T27: =STDEV(H7:H27)*SQRT(252) -> 0.11827896 | U27: =H29 -> -0.00083757528 | V27: =MIN(U27,0)^2 -> 7.0153235e-07
A28: =IF('20230101-20261006'!A837="","",'20230101-20261006'!A837) -> 46091 | B28: =IF('20230101-20261006'!B837="","",'20230101-20261006'!B837) -> 5293443.8 | C28: =IF('20230101-20261006'!C837="","",'20230101-20261006'!C837) -> 6781.48 | D28: =IF(OR(B28="",B27=""),"",B28/B27-1) -> 0.00093616924 | E28: =IF(D28="",E27,(1+E27)*(1+D28)-1) -> 0.015316403 | F28: =MAX(F27,E28) -> 0.015316403 | G28: =(1+E28)/(1+F28)-1 -> 0 | H28: =C28/C27-1 -> -0.0021350826 | I28: =IF(H28="",I27,(1+I27)*(1+H28)-1) -> -0.027945485 | J28: =MAX(J27,I28) -> 0 | K28: =(1+I28)/(1+J28)-1 -> -0.027945485 | L28: =B28/B27-1 -> 0.00093616924 | M28: =H28 -> -0.0021350826 | N28: =L28-M28 -> 0.0030712518 | O28: =IF(N28="",O27,(1+O27)*(1+N28)-1) -> 0.042603497 | P28: =MIN(D28,0)^2 -> 0 | Q28: =IF(H28="","",MIN(H28,0)^2) -> 4.5585777e-06 | R28: =-10% -> -0.1 | S28: =STDEV(D9:D28)*SQRT(252) -> 0.016345356 | T28: =STDEV(H8:H28)*SQRT(252) -> 0.11641599 | U28: =H30 -> -0.015227722 | V28: =MIN(U28,0)^2 -> 0.00023188352
A29: =IF('20230101-20261006'!A838="","",'20230101-20261006'!A838) -> 46092 | B29: =IF('20230101-20261006'!B838="","",'20230101-20261006'!B838) -> 5294105.7 | C29: =IF('20230101-20261006'!C838="","",'20230101-20261006'!C838) -> 6775.8 | D29: =IF(OR(B29="",B28=""),"",B29/B28-1) -> 0.00012504618 | E29: =IF(D29="",E28,(1+E28)*(1+D29)-1) -> 0.015443364 | F29: =MAX(F28,E29) -> 0.015443364 | G29: =(1+E29)/(1+F29)-1 -> 0 | H29: =C29/C28-1 -> -0.00083757528 | I29: =IF(H29="",I28,(1+I28)*(1+H29)-1) -> -0.028759654 | J29: =MAX(J28,I29) -> 0 | K29: =(1+I29)/(1+J29)-1 -> -0.028759654 | L29: =B29/B28-1 -> 0.00012504618 | M29: =H29 -> -0.00083757528 | N29: =L29-M29 -> 0.00096262146 | O29: =IF(N29="",O28,(1+O28)*(1+N29)-1) -> 0.043607129 | P29: =MIN(D29,0)^2 -> 0 | Q29: =IF(H29="","",MIN(H29,0)^2) -> 7.0153235e-07 | R29: =-10% -> -0.1 | S29: =STDEV(D10:D29)*SQRT(252) -> 0.013988867 | T29: =STDEV(H9:H29)*SQRT(252) -> 0.11618396 | U29: =H31 -> -0.0060590892 | V29: =MIN(U29,0)^2 -> 3.6712562e-05
A30: =IF('20230101-20261006'!A839="","",'20230101-20261006'!A839) -> 46093 | B30: =IF('20230101-20261006'!B839="","",'20230101-20261006'!B839) -> 5292331.6 | C30: =IF('20230101-20261006'!C839="","",'20230101-20261006'!C839) -> 6672.62 | D30: =IF(OR(B30="",B29=""),"",B30/B29-1) -> -0.00033510571 | E30: =IF(D30="",E29,(1+E29)*(1+D30)-1) -> 0.015103083 | F30: =MAX(F29,E30) -> 0.015443364 | G30: =(1+E30)/(1+F30)-1 -> -0.00033510571 | H30: =C30/C29-1 -> -0.015227722 | I30: =IF(H30="",I29,(1+I29)*(1+H30)-1) -> -0.043549432 | J30: =MAX(J29,I30) -> 0 | K30: =(1+I30)/(1+J30)-1 -> -0.043549432 | L30: =B30/B29-1 -> -0.00033510571 | M30: =H30 -> -0.015227722 | N30: =L30-M30 -> 0.014892616 | O30: =IF(N30="",O29,(1+O29)*(1+N30)-1) -> 0.05914917 | P30: =MIN(D30,0)^2 -> 1.1229584e-07 | Q30: =IF(H30="","",MIN(H30,0)^2) -> 0.00023188352 | R30: =-10% -> -0.1 | S30: =STDEV(D11:D30)*SQRT(252) -> 0.013489033 | T30: =STDEV(H10:H30)*SQRT(252) -> 0.12627223 | U30: =H32 -> 0.010130892 | V30: =MIN(U30,0)^2 -> 0
A31: =IF('20230101-20261006'!A840="","",'20230101-20261006'!A840) -> 46094 | B31: =IF('20230101-20261006'!B840="","",'20230101-20261006'!B840) -> 5298882.7 | C31: =IF('20230101-20261006'!C840="","",'20230101-20261006'!C840) -> 6632.19 | D31: =IF(OR(B31="",B30=""),"",B31/B30-1) -> 0.0012378565 | E31: =IF(D31="",E30,(1+E30)*(1+D31)-1) -> 0.016359635 | F31: =MAX(F30,E31) -> 0.016359635 | G31: =(1+E31)/(1+F31)-1 -> 0 | H31: =C31/C30-1 -> -0.0060590892 | I31: =IF(H31="",I30,(1+I30)*(1+H31)-1) -> -0.049344651 | J31: =MAX(J30,I31) -> 0 | K31: =(1+I31)/(1+J31)-1 -> -0.049344651 | L31: =B31/B30-1 -> 0.0012378565 | M31: =H31 -> -0.0060590892 | N31: =L31-M31 -> 0.0072969457 | O31: =IF(N31="",O30,(1+O30)*(1+N31)-1) -> 0.066877724 | P31: =MIN(D31,0)^2 -> 0 | Q31: =IF(H31="","",MIN(H31,0)^2) -> 3.6712562e-05 | R31: =-10% -> -0.1 | S31: =STDEV(D12:D31)*SQRT(252) -> 0.01326242 | T31: =STDEV(H11:H31)*SQRT(252) -> 0.11667193 | U31: =H33 -> 0.0024942607 | V31: =MIN(U31,0)^2 -> 0
A32: =IF('20230101-20261006'!A841="","",'20230101-20261006'!A841) -> 46097 | B32: =IF('20230101-20261006'!B841="","",'20230101-20261006'!B841) -> 5307549.1 | C32: =IF('20230101-20261006'!C841="","",'20230101-20261006'!C841) -> 6699.38 | D32: =IF(OR(B32="",B31=""),"",B32/B31-1) -> 0.0016355107 | E32: =IF(D32="",E31,(1+E31)*(1+D32)-1) -> 0.018021902 | F32: =MAX(F31,E32) -> 0.018021902 | G32: =(1+E32)/(1+F32)-1 -> 0 | H32: =C32/C31-1 -> 0.010130892 | I32: =IF(H32="",I31,(1+I31)*(1+H32)-1) -> -0.039713665 | J32: =MAX(J31,I32) -> 0 | K32: =(1+I32)/(1+J32)-1 -> -0.039713665 | L32: =B32/B31-1 -> 0.0016355107 | M32: =H32 -> 0.010130892 | N32: =L32-M32 -> -0.0084953812 | O32: =IF(N32="",O31,(1+O31)*(1+N32)-1) -> 0.057814191 | P32: =MIN(D32,0)^2 -> 0 | Q32: =IF(H32="","",MIN(H32,0)^2) -> 0 | R32: =-10% -> -0.1 | S32: =STDEV(D13:D32)*SQRT(252) -> 0.013377931 | T32: =STDEV(H13:H32)*SQRT(252) -> 0.12362254 | U32: =H34 -> -0.01360762 | V32: =MIN(U32,0)^2 -> 0.00018516732
A33: =IF('20230101-20261006'!A842="","",'20230101-20261006'!A842) -> 46098 | B33: =IF('20230101-20261006'!B842="","",'20230101-20261006'!B842) -> 5320605.6 | C33: =IF('20230101-20261006'!C842="","",'20230101-20261006'!C842) -> 6716.09 | D33: =IF(OR(B33="",B32=""),"",B33/B32-1) -> 0.0024599754 | E33: =IF(D33="",E32,(1+E32)*(1+D33)-1) -> 0.020526211 | F33: =MAX(F32,E33) -> 0.020526211 | G33: =(1+E33)/(1+F33)-1 -> 0 | H33: =C33/C32-1 -> 0.0024942607 | I33: =IF(H33="",I32,(1+I32)*(1+H33)-1) -> -0.03731846 | J33: =MAX(J32,I33) -> 0 | K33: =(1+I33)/(1+J33)-1 -> -0.03731846 | L33: =B33/B32-1 -> 0.0024599754 | M33: =H33 -> 0.0024942607 | N33: =L33-M33 -> -3.4285288e-05 | O33: =IF(N33="",O32,(1+O32)*(1+N33)-1) -> 0.057777923 | P33: =MIN(D33,0)^2 -> 0 | Q33: =IF(H33="","",MIN(H33,0)^2) -> 0 | R33: =-10% -> -0.1 | S33: =STDEV(D14:D33)*SQRT(252) -> 0.014457626 | T33: =STDEV(H14:H33)*SQRT(252) -> 0.12404677 | U33: =H35 -> -0.0027488037 | V33: =MIN(U33,0)^2 -> 7.5559219e-06
A34: =IF('20230101-20261006'!A843="","",'20230101-20261006'!A843) -> 46099 | B34: =IF('20230101-20261006'!B843="","",'20230101-20261006'!B843) -> 5319519.1 | C34: =IF('20230101-20261006'!C843="","",'20230101-20261006'!C843) -> 6624.7 | D34: =IF(OR(B34="",B33=""),"",B34/B33-1) -> -0.00020419567 | E34: =IF(D34="",E33,(1+E33)*(1+D34)-1) -> 0.020317824 | F34: =MAX(F33,E34) -> 0.020526211 | G34: =(1+E34)/(1+F34)-1 -> -0.00020419567 | H34: =C34/C33-1 -> -0.01360762 | I34: =IF(H34="",I33,(1+I33)*(1+H34)-1) -> -0.050418265 | J34: =MAX(J33,I34) -> 0 | K34: =(1+I34)/(1+J34)-1 -> -0.050418265 | L34: =B34/B33-1 -> -0.00020419567 | M34: =H34 -> -0.01360762 | N34: =L34-M34 -> 0.013403424 | O34: =IF(N34="",O33,(1+O33)*(1+N34)-1) -> 0.07195577 | P34: =MIN(D34,0)^2 -> 4.1695873e-08 | Q34: =IF(H34="","",MIN(H34,0)^2) -> 0.00018516732 | R34: =-10% -> -0.1 | S34: =STDEV(D15:D34)*SQRT(252) -> 0.014930707 | T34: =STDEV(H15:H34)*SQRT(252) -> 0.12933261 | U34: =H36 -> -0.015138144 | V34: =MIN(U34,0)^2 -> 0.00022916342
A35: =IF('20230101-20261006'!A844="","",'20230101-20261006'!A844) -> 46100 | B35: =IF('20230101-20261006'!B844="","",'20230101-20261006'!B844) -> 5340313 | C35: =IF('20230101-20261006'!C844="","",'20230101-20261006'!C844) -> 6606.49 | D35: =IF(OR(B35="",B34=""),"",B35/B34-1) -> 0.0039089856 | E35: =IF(D35="",E34,(1+E34)*(1+D35)-1) -> 0.024306232 | F35: =MAX(F34,E35) -> 0.024306232 | G35: =(1+E35)/(1+F35)-1 -> 0 | H35: =C35/C34-1 -> -0.0027488037 | I35: =IF(H35="",I34,(1+I34)*(1+H35)-1) -> -0.053028479 | J35: =MAX(J34,I35) -> 0 | K35: =(1+I35)/(1+J35)-1 -> -0.053028479 | L35: =B35/B34-1 -> 0.0039089856 | M35: =H35 -> -0.0027488037 | N35: =L35-M35 -> 0.0066577893 | O35: =IF(N35="",O34,(1+O34)*(1+N35)-1) -> 0.079092625 | P35: =MIN(D35,0)^2 -> 0 | Q35: =IF(H35="","",MIN(H35,0)^2) -> 7.5559219e-06 | R35: =-10% -> -0.1 | S35: =STDEV(D16:D35)*SQRT(252) -> 0.018512533 | T35: =STDEV(H16:H35)*SQRT(252) -> 0.12932568 | U35: =H37 -> 0.011453197 | V35: =MIN(U35,0)^2 -> 0
A36: =IF('20230101-20261006'!A845="","",'20230101-20261006'!A845) -> 46101 | B36: =IF('20230101-20261006'!B845="","",'20230101-20261006'!B845) -> 5351851.5 | C36: =IF('20230101-20261006'!C845="","",'20230101-20261006'!C845) -> 6506.48 | D36: =IF(OR(B36="",B35=""),"",B36/B35-1) -> 0.0021606319 | E36: =IF(D36="",E35,(1+E35)*(1+D36)-1) -> 0.026519381 | F36: =MAX(F35,E36) -> 0.026519381 | G36: =(1+E36)/(1+F36)-1 -> 0 | H36: =C36/C35-1 -> -0.015138144 | I36: =IF(H36="",I35,(1+I35)*(1+H36)-1) -> -0.06736387 | J36: =MAX(J35,I36) -> 0 | K36: =(1+I36)/(1+J36)-1 -> -0.06736387 | L36: =B36/B35-1 -> 0.0021606319 | M36: =H36 -> -0.015138144 | N36: =L36-M36 -> 0.017298776 | O36: =IF(N36="",O35,(1+O35)*(1+N36)-1) -> 0.097759607 | P36: =MIN(D36,0)^2 -> 0 | Q36: =IF(H36="","",MIN(H36,0)^2) -> 0.00022916342 | R36: =-10% -> -0.1 | S36: =STDEV(D17:D36)*SQRT(252) -> 0.018605067 | T36: =STDEV(H17:H36)*SQRT(252) -> 0.13308426 | U36: =H38 -> -0.0037425923 | V36: =MIN(U36,0)^2 -> 1.4006997e-05
A37: =IF('20230101-20261006'!A846="","",'20230101-20261006'!A846) -> 46104 | B37: =IF('20230101-20261006'!B846="","",'20230101-20261006'!B846) -> 5347264.1 | C37: =IF('20230101-20261006'!C846="","",'20230101-20261006'!C846) -> 6581 | D37: =IF(OR(B37="",B36=""),"",B37/B36-1) -> -0.00085715598 | E37: =IF(D37="",E36,(1+E36)*(1+D37)-1) -> 0.025639493 | F37: =MAX(F36,E37) -> 0.026519381 | G37: =(1+E37)/(1+F37)-1 -> -0.00085715598 | H37: =C37/C36-1 -> 0.011453197 | I37: =IF(H37="",I36,(1+I36)*(1+H37)-1) -> -0.056682205 | J37: =MAX(J36,I37) -> 0 | K37: =(1+I37)/(1+J37)-1 -> -0.056682205 | L37: =B37/B36-1 -> -0.00085715598 | M37: =H37 -> 0.011453197 | N37: =L37-M37 -> -0.012310353 | O37: =IF(N37="",O36,(1+O36)*(1+N37)-1) -> 0.084245799 | P37: =MIN(D37,0)^2 -> 7.3471638e-07 | Q37: =IF(H37="","",MIN(H37,0)^2) -> 0 | R37: =-10% -> -0.1 | S37: =STDEV(D18:D37)*SQRT(252) -> 0.019583365 | T37: =STDEV(H18:H37)*SQRT(252) -> 0.13936699 | U37: =H39 -> 0.0054191572 | V37: =MIN(U37,0)^2 -> 0
A38: =IF('20230101-20261006'!A847="","",'20230101-20261006'!A847) -> 46105 | B38: =IF('20230101-20261006'!B847="","",'20230101-20261006'!B847) -> 5355207.4 | C38: =IF('20230101-20261006'!C847="","",'20230101-20261006'!C847) -> 6556.37 | D38: =IF(OR(B38="",B37=""),"",B38/B37-1) -> 0.0014854772 | E38: =IF(D38="",E37,(1+E37)*(1+D38)-1) -> 0.027163057 | F38: =MAX(F37,E38) -> 0.027163057 | G38: =(1+E38)/(1+F38)-1 -> 0 | H38: =C38/C37-1 -> -0.0037425923 | I38: =IF(H38="",I37,(1+I37)*(1+H38)-1) -> -0.060212659 | J38: =MAX(J37,I38) -> 0 | K38: =(1+I38)/(1+J38)-1 -> -0.060212659 | L38: =B38/B37-1 -> 0.0014854772 | M38: =H38 -> -0.0037425923 | N38: =L38-M38 -> 0.0052280695 | O38: =IF(N38="",O37,(1+O37)*(1+N38)-1) -> 0.089914311 | P38: =MIN(D38,0)^2 -> 0 | Q38: =IF(H38="","",MIN(H38,0)^2) -> 1.4006997e-05 | R38: =-10% -> -0.1 | S38: =STDEV(D19:D38)*SQRT(252) -> 0.019673656 | T38: =STDEV(H19:H38)*SQRT(252) -> 0.13483165 | U38: =H40 -> -0.017406211 | V38: =MIN(U38,0)^2 -> 0.00030297617
A39: =IF('20230101-20261006'!A848="","",'20230101-20261006'!A848) -> 46106 | B39: =IF('20230101-20261006'!B848="","",'20230101-20261006'!B848) -> 5360237.4 | C39: =IF('20230101-20261006'!C848="","",'20230101-20261006'!C848) -> 6591.9 | D39: =IF(OR(B39="",B38=""),"",B39/B38-1) -> 0.00093928473 | E39: =IF(D39="",E38,(1+E38)*(1+D39)-1) -> 0.028127856 | F39: =MAX(F38,E39) -> 0.028127856 | G39: =(1+E39)/(1+F39)-1 -> 0 | H39: =C39/C38-1 -> 0.0054191572 | I39: =IF(H39="",I38,(1+I38)*(1+H39)-1) -> -0.055119803 | J39: =MAX(J38,I39) -> 0 | K39: =(1+I39)/(1+J39)-1 -> -0.055119803 | L39: =B39/B38-1 -> 0.00093928473 | M39: =H39 -> 0.0054191572 | N39: =L39-M39 -> -0.0044798725 | O39: =IF(N39="",O38,(1+O38)*(1+N39)-1) -> 0.085031634 | P39: =MIN(D39,0)^2 -> 0 | Q39: =IF(H39="","",MIN(H39,0)^2) -> 0 | R39: =-10% -> -0.1 | S39: =STDEV(D20:D39)*SQRT(252) -> 0.019082175 | T39: =STDEV(H20:H39)*SQRT(252) -> 0.13232515 | U39: =H41 -> -0.016721835 | V39: =MIN(U39,0)^2 -> 0.00027961976
A40: =IF('20230101-20261006'!A849="","",'20230101-20261006'!A849) -> 46107 | B40: =IF('20230101-20261006'!B849="","",'20230101-20261006'!B849) -> 5365915.7 | C40: =IF('20230101-20261006'!C849="","",'20230101-20261006'!C849) -> 6477.16 | D40: =IF(OR(B40="",B39=""),"",B40/B39-1) -> 0.0010593396 | E40: =IF(D40="",E39,(1+E39)*(1+D40)-1) -> 0.029216993 | F40: =MAX(F39,E40) -> 0.029216993 | G40: =(1+E40)/(1+F40)-1 -> 0 | H40: =C40/C39-1 -> -0.017406211 | I40: =IF(H40="",I39,(1+I39)*(1+H40)-1) -> -0.071566587 | J40: =MAX(J39,I40) -> 0 | K40: =(1+I40)/(1+J40)-1 -> -0.071566587 | L40: =B40/B39-1 -> 0.0010593396 | M40: =H40 -> -0.017406211 | N40: =L40-M40 -> 0.01846555 | O40: =IF(N40="",O39,(1+O39)*(1+N40)-1) -> 0.10506734 | P40: =MIN(D40,0)^2 -> 0 | Q40: =IF(H40="","",MIN(H40,0)^2) -> 0.00030297617 | R40: =-10% -> -0.1 | S40: =STDEV(D21:D40)*SQRT(252) -> 0.018674379 | T40: =STDEV(H21:H40)*SQRT(252) -> 0.14221863 | U40: =H42 -> -0.0039457673 | V40: =MIN(U40,0)^2 -> 1.556908e-05
A41: =IF('20230101-20261006'!A850="","",'20230101-20261006'!A850) -> 46108 | B41: =IF('20230101-20261006'!B850="","",'20230101-20261006'!B850) -> 5376428.9 | C41: =IF('20230101-20261006'!C850="","",'20230101-20261006'!C850) -> 6368.85 | D41: =IF(OR(B41="",B40=""),"",B41/B40-1) -> 0.0019592404 | E41: =IF(D41="",E40,(1+E40)*(1+D41)-1) -> 0.031233476 | F41: =MAX(F40,E41) -> 0.031233476 | G41: =(1+E41)/(1+F41)-1 -> 0 | H41: =C41/C40-1 -> -0.016721835 | I41: =IF(H41="",I40,(1+I40)*(1+H41)-1) -> -0.087091697 | J41: =MAX(J40,I41) -> 0 | K41: =(1+I41)/(1+J41)-1 -> -0.087091697 | L41: =B41/B40-1 -> 0.0019592404 | M41: =H41 -> -0.016721835 | N41: =L41-M41 -> 0.018681075 | O41: =IF(N41="",O40,(1+O40)*(1+N41)-1) -> 0.12571119 | P41: =MIN(D41,0)^2 -> 0 | Q41: =IF(H41="","",MIN(H41,0)^2) -> 0.00027961976 | R41: =-10% -> -0.1 | S41: =STDEV(D22:D41)*SQRT(252) -> 0.017874732 | T41: =STDEV(H22:H41)*SQRT(252) -> 0.1501265 | U41: =H43 -> 0.029131172 | V41: =MIN(U41,0)^2 -> 0
A42: =IF('20230101-20261006'!A851="","",'20230101-20261006'!A851) -> 46111 | B42: =IF('20230101-20261006'!B851="","",'20230101-20261006'!B851) -> 5391413.5 | C42: =IF('20230101-20261006'!C851="","",'20230101-20261006'!C851) -> 6343.72 | D42: =IF(OR(B42="",B41=""),"",B42/B41-1) -> 0.0027871054 | E42: =IF(D42="",E41,(1+E41)*(1+D42)-1) -> 0.034107632 | F42: =MAX(F41,E42) -> 0.034107632 | G42: =(1+E42)/(1+F42)-1 -> 0 | H42: =C42/C41-1 -> -0.0039457673 | I42: =IF(H42="",I41,(1+I41)*(1+H42)-1) -> -0.090693821 | J42: =MAX(J41,I42) -> 0 | K42: =(1+I42)/(1+J42)-1 -> -0.090693821 | L42: =B42/B41-1 -> 0.0027871054 | M42: =H42 -> -0.0039457673 | N42: =L42-M42 -> 0.0067328726 | O42: =IF(N42="",O41,(1+O41)*(1+N42)-1) -> 0.13329046 | P42: =MIN(D42,0)^2 -> 0 | Q42: =IF(H42="","",MIN(H42,0)^2) -> 1.556908e-05 | R42: =-10% -> -0.1 | S42: =STDEV(D23:D42)*SQRT(252) -> 0.018751492 | T42: =STDEV(H23:H42)*SQRT(252) -> 0.14930422 | U42: =H44 -> 0.0071685466 | V42: =MIN(U42,0)^2 -> 0
A43: =IF('20230101-20261006'!A852="","",'20230101-20261006'!A852) -> 46112 | B43: =IF('20230101-20261006'!B852="","",'20230101-20261006'!B852) -> 5400385.1 | C43: =IF('20230101-20261006'!C852="","",'20230101-20261006'!C852) -> 6528.52 | D43: =IF(OR(B43="",B42=""),"",B43/B42-1) -> 0.0016640404 | E43: =IF(D43="",E42,(1+E42)*(1+D43)-1) -> 0.035828429 | F43: =MAX(F42,E43) -> 0.035828429 | G43: =(1+E43)/(1+F43)-1 -> 0 | H43: =C43/C42-1 -> 0.029131172 | I43: =IF(H43="",I42,(1+I42)*(1+H43)-1) -> -0.064204666 | J43: =MAX(J42,I43) -> 0 | K43: =(1+I43)/(1+J43)-1 -> -0.064204666 | L43: =B43/B42-1 -> 0.0016640404 | M43: =H43 -> 0.029131172 | N43: =L43-M43 -> -0.027467132 | O43: =IF(N43="",O42,(1+O42)*(1+N43)-1) -> 0.10216222 | P43: =MIN(D43,0)^2 -> 0 | Q43: =IF(H43="","",MIN(H43,0)^2) -> 0 | R43: =-10% -> -0.1 | S43: =STDEV(D24:D43)*SQRT(252) -> 0.018692509 | T43: =STDEV(H24:H43)*SQRT(252) -> 0.18838776 | U43: =H45 -> 0.001120858 | V43: =MIN(U43,0)^2 -> 0
A44: =IF('20230101-20261006'!A853="","",'20230101-20261006'!A853) -> 46113 | B44: =IF('20230101-20261006'!B853="","",'20230101-20261006'!B853) -> 5407144.5 | C44: =IF('20230101-20261006'!C853="","",'20230101-20261006'!C853) -> 6575.32 | D44: =IF(OR(B44="",B43=""),"",B44/B43-1) -> 0.0012516604 | E44: =IF(D44="",E43,(1+E43)*(1+D44)-1) -> 0.037124935 | F44: =MAX(F43,E44) -> 0.037124935 | G44: =(1+E44)/(1+F44)-1 -> 0 | H44: =C44/C43-1 -> 0.0071685466 | I44: =IF(H44="",I43,(1+I43)*(1+H44)-1) -> -0.057496374 | J44: =MAX(J43,I44) -> 0 | K44: =(1+I44)/(1+J44)-1 -> -0.057496374 | L44: =B44/B43-1 -> 0.0012516604 | M44: =H44 -> 0.0071685466 | N44: =L44-M44 -> -0.0059168862 | O44: =IF(N44="",O43,(1+O43)*(1+N44)-1) -> 0.095640849 | P44: =MIN(D44,0)^2 -> 0 | Q44: =IF(H44="","",MIN(H44,0)^2) -> 0 | R44: =-10% -> -0.1 | S44: =STDEV(D25:D44)*SQRT(252) -> 0.01840352 | T44: =STDEV(H25:H44)*SQRT(252) -> 0.18799163 | U44: =H47 -> 0.0044267617 | V44: =MIN(U44,0)^2 -> 0
A45: =IF('20230101-20261006'!A854="","",'20230101-20261006'!A854) -> 46114 | B45: =IF('20230101-20261006'!B854="","",'20230101-20261006'!B854) -> 5410467.2 | C45: =IF('20230101-20261006'!C854="","",'20230101-20261006'!C854) -> 6582.69 | D45: =IF(OR(B45="",B44=""),"",B45/B44-1) -> 0.00061450233 | E45: =IF(D45="",E44,(1+E44)*(1+D45)-1) -> 0.03776225 | F45: =MAX(F44,E45) -> 0.03776225 | G45: =(1+E45)/(1+F45)-1 -> 0 | H45: =C45/C44-1 -> 0.001120858 | I45: =IF(H45="",I44,(1+I44)*(1+H45)-1) -> -0.056439961 | J45: =MAX(J44,I45) -> 0 | K45: =(1+I45)/(1+J45)-1 -> -0.056439961 | L45: =B45/B44-1 -> 0.00061450233 | M45: =H45 -> 0.001120858 | N45: =L45-M45 -> -0.00050635567 | O45: =IF(N45="",O44,(1+O44)*(1+N45)-1) -> 0.095086065 | P45: =MIN(D45,0)^2 -> 0 | Q45: =IF(H45="","",MIN(H45,0)^2) -> 0 | R45: =-10% -> -0.1 | S45: =STDEV(D26:D45)*SQRT(252) -> 0.018486594 | T45: =STDEV(H26:H45)*SQRT(252) -> 0.18784237 | U45: =H48 -> 0.00075924517 | V45: =MIN(U45,0)^2 -> 0
A46: =IF('20230101-20261006'!A855="","",'20230101-20261006'!A855) -> 46115 | B46: =IF('20230101-20261006'!B855="","",'20230101-20261006'!B855) -> 5410467.2 | C46: =IF('20230101-20261006'!C855="","",'20230101-20261006'!C855) | D46: =IF(OR(B46="",B45=""),"",B46/B45-1) -> -8.3331805e-09 | E46: =IF(D46="",E45,(1+E45)*(1+D46)-1) -> 0.037762242 | F46: =MAX(F45,E46) -> 0.03776225 | G46: =(1+E46)/(1+F46)-1 -> -8.3331806e-09 | H46: ="" | I46: =IF(H46="",I45,(1+I45)*(1+H46)-1) -> -0.056439961 | J46: =MAX(J45,I46) -> 0 | K46: =(1+I46)/(1+J46)-1 -> -0.056439961 | L46: ="" | M46: ="" | N46: ="" | O46: =IF(N46="",O45,(1+O45)*(1+N46)-1) -> 0.095086065 | P46: =MIN(D46,0)^2 -> 6.9441897e-17 | Q46: =IF(H46="","",MIN(H46,0)^2) | R46: =-10% -> -0.1 | S46: =STDEV(D27:D46)*SQRT(252) -> 0.01874814 | T46: =STDEV(H26:H46)*SQRT(252) -> 0.18784237 | U46: =H49 -> 0.025081421 | V46: =MIN(U46,0)^2 -> 0
A47: =IF('20230101-20261006'!A856="","",'20230101-20261006'!A856) -> 46118 | B47: =IF('20230101-20261006'!B856="","",'20230101-20261006'!B856) -> 5416000.8 | C47: =IF('20230101-20261006'!C856="","",'20230101-20261006'!C856) -> 6611.83 | D47: =IF(OR(B47="",B46=""),"",B47/B46-1) -> 0.0010227683 | E47: =IF(D47="",E46,(1+E46)*(1+D47)-1) -> 0.038823632 | F47: =MAX(F46,E47) -> 0.038823632 | G47: =(1+E47)/(1+F47)-1 -> 0 | H47: =C47/C45-1 -> 0.0044267617 | I47: =IF(H47="",I46,(1+I46)*(1+H47)-1) -> -0.052263045 | J47: =MAX(J46,I47) -> 0 | K47: =(1+I47)/(1+J47)-1 -> -0.052263045 | L47: =B47/B45-1 -> 0.0010227599 | M47: =H47 -> 0.0044267617 | N47: =L47-M47 -> -0.0034040018 | O47: =IF(N47="",O46,(1+O46)*(1+N47)-1) -> 0.09135839 | P47: =MIN(D47,0)^2 -> 0 | Q47: =IF(H47="","",MIN(H47,0)^2) -> 0 | R47: =-10% -> -0.1 | S47: =STDEV(D28:D47)*SQRT(252) -> 0.018253371 | T47: =STDEV(H27:H47)*SQRT(252) -> 0.18394394 | U47: =H50 -> 0.0061700092 | V47: =MIN(U47,0)^2 -> 0
A48: =IF('20230101-20261006'!A857="","",'20230101-20261006'!A857) -> 46119 | B48: =IF('20230101-20261006'!B857="","",'20230101-20261006'!B857) -> 5417875.4 | C48: =IF('20230101-20261006'!C857="","",'20230101-20261006'!C857) -> 6616.85 | D48: =IF(OR(B48="",B47=""),"",B48/B47-1) -> 0.00034611661 | E48: =IF(D48="",E47,(1+E47)*(1+D48)-1) -> 0.039183186 | F48: =MAX(F47,E48) -> 0.039183186 | G48: =(1+E48)/(1+F48)-1 -> 0 | H48: =C48/C47-1 -> 0.00075924517 | I48: =IF(H48="",I47,(1+I47)*(1+H48)-1) -> -0.051543481 | J48: =MAX(J47,I48) -> 0 | K48: =(1+I48)/(1+J48)-1 -> -0.051543481 | L48: =B48/B47-1 -> 0.00034611661 | M48: =H48 -> 0.00075924517 | N48: =L48-M48 -> -0.00041312856 | O48: =IF(N48="",O47,(1+O47)*(1+N48)-1) -> 0.090907519 | P48: =MIN(D48,0)^2 -> 0 | Q48: =IF(H48="","",MIN(H48,0)^2) -> 0 | R48: =-10% -> -0.1 | S48: =STDEV(D29:D48)*SQRT(252) -> 0.018482027 | T48: =STDEV(H28:H48)*SQRT(252) -> 0.18086271 | U48: =H51 -> -0.0011385183 | V48: =MIN(U48,0)^2 -> 1.2962238e-06
A49: =IF('20230101-20261006'!A858="","",'20230101-20261006'!A858) -> 46120 | B49: =IF('20230101-20261006'!B858="","",'20230101-20261006'!B858) -> 5431745.5 | C49: =IF('20230101-20261006'!C858="","",'20230101-20261006'!C858) -> 6782.81 | D49: =IF(OR(B49="",B48=""),"",B49/B48-1) -> 0.0025600585 | E49: =IF(D49="",E48,(1+E48)*(1+D49)-1) -> 0.041843556 | F49: =MAX(F48,E49) -> 0.041843556 | G49: =(1+E49)/(1+F49)-1 -> 0 | H49: =C49/C48-1 -> 0.025081421 | I49: =IF(H49="",I48,(1+I48)*(1+H49)-1) -> -0.027754843 | J49: =MAX(J48,I49) -> 0 | K49: =(1+I49)/(1+J49)-1 -> -0.027754843 | L49: =B49/B48-1 -> 0.0025600585 | M49: =H49 -> 0.025081421 | N49: =L49-M49 -> -0.022521362 | O49: =IF(N49="",O48,(1+O48)*(1+N49)-1) -> 0.066338796 | P49: =MIN(D49,0)^2 -> 0 | Q49: =IF(H49="","",MIN(H49,0)^2) -> 0 | R49: =-10% -> -0.1 | S49: =STDEV(D30:D49)*SQRT(252) -> 0.018688163 | T49: =STDEV(H29:H49)*SQRT(252) -> 0.2035251 | U49: =H52 -> 0.010173261 | V49: =MIN(U49,0)^2 -> 0
A50: =IF('20230101-20261006'!A859="","",'20230101-20261006'!A859) -> 46121 | B50: =IF('20230101-20261006'!B859="","",'20230101-20261006'!B859) -> 5436484.3 | C50: =IF('20230101-20261006'!C859="","",'20230101-20261006'!C859) -> 6824.66 | D50: =IF(OR(B50="",B49=""),"",B50/B49-1) -> 0.00087243588 | E50: =IF(D50="",E49,(1+E49)*(1+D50)-1) -> 0.042752498 | F50: =MAX(F49,E50) -> 0.042752498 | G50: =(1+E50)/(1+F50)-1 -> 0 | H50: =C50/C49-1 -> 0.0061700092 | I50: =IF(H50="",I49,(1+I49)*(1+H50)-1) -> -0.021756082 | J50: =MAX(J49,I50) -> 0 | K50: =(1+I50)/(1+J50)-1 -> -0.021756082 | L50: =B50/B49-1 -> 0.00087243588 | M50: =H50 -> 0.0061700092 | N50: =L50-M50 -> -0.0052975733 | O50: =IF(N50="",O49,(1+O49)*(1+N50)-1) -> 0.060689788 | P50: =MIN(D50,0)^2 -> 0 | Q50: =IF(H50="","",MIN(H50,0)^2) -> 0 | R50: =-10% -> -0.1 | S50: =STDEV(D31:D50)*SQRT(252) -> 0.017768845 | T50: =STDEV(H30:H50)*SQRT(252) -> 0.20461976 | U50: =H53 -> 0.011782918 | V50: =MIN(U50,0)^2 -> 0
A51: =IF('20230101-20261006'!A860="","",'20230101-20261006'!A860) -> 46122 | B51: =IF('20230101-20261006'!B860="","",'20230101-20261006'!B860) -> 5442750.9 | C51: =IF('20230101-20261006'!C860="","",'20230101-20261006'!C860) -> 6816.89 | D51: =IF(OR(B51="",B50=""),"",B51/B50-1) -> 0.0011526814 | E51: =IF(D51="",E50,(1+E50)*(1+D51)-1) -> 0.043954459 | F51: =MAX(F50,E51) -> 0.043954459 | G51: =(1+E51)/(1+F51)-1 -> 0 | H51: =C51/C50-1 -> -0.0011385183 | I51: =IF(H51="",I50,(1+I50)*(1+H51)-1) -> -0.02286983 | J51: =MAX(J50,I51) -> 0 | K51: =(1+I51)/(1+J51)-1 -> -0.02286983 | L51: =B51/B50-1 -> 0.0011526814 | M51: =H51 -> -0.0011385183 | N51: =L51-M51 -> 0.0022911996 | O51: =IF(N51="",O50,(1+O50)*(1+N51)-1) -> 0.06312004 | P51: =MIN(D51,0)^2 -> 0 | Q51: =IF(H51="","",MIN(H51,0)^2) -> 1.2962238e-06 | R51: =-10% -> -0.1 | S51: =STDEV(D32:D51)*SQRT(252) -> 0.017778238 | T51: =STDEV(H31:H51)*SQRT(252) -> 0.196254 | U51: =H54 -> 0.0079757384 | V51: =MIN(U51,0)^2 -> 0
A52: =IF('20230101-20261006'!A861="","",'20230101-20261006'!A861) -> 46125 | B52: =IF('20230101-20261006'!B861="","",'20230101-20261006'!B861) -> 5438906.9 | C52: =IF('20230101-20261006'!C861="","",'20230101-20261006'!C861) -> 6886.24 | D52: =IF(OR(B52="",B51=""),"",B52/B51-1) -> -0.00070624713 | E52: =IF(D52="",E51,(1+E51)*(1+D52)-1) -> 0.043217169 | F52: =MAX(F51,E52) -> 0.043954459 | G52: =(1+E52)/(1+F52)-1 -> -0.00070624713 | H52: =C52/C51-1 -> 0.010173261 | I52: =IF(H52="",I51,(1+I51)*(1+H52)-1) -> -0.01292923 | J52: =MAX(J51,I52) -> 0 | K52: =(1+I52)/(1+J52)-1 -> -0.01292923 | L52: =B52/B51-1 -> -0.00070624713 | M52: =H52 -> 0.010173261 | N52: =L52-M52 -> -0.010879508 | O52: =IF(N52="",O51,(1+O51)*(1+N52)-1) -> 0.051553817 | P52: =MIN(D52,0)^2 -> 4.9878502e-07 | Q52: =IF(H52="","",MIN(H52,0)^2) -> 0 | R52: =-10% -> -0.1 | S52: =STDEV(D33:D52)*SQRT(252) -> 0.019153661 | T52: =STDEV(H32:H52)*SQRT(252) -> 0.19681151 | U52: =H55 -> 0.0026100143 | V52: =MIN(U52,0)^2 -> 0
A53: =IF('20230101-20261006'!A862="","",'20230101-20261006'!A862) -> 46126 | B53: =IF('20230101-20261006'!B862="","",'20230101-20261006'!B862) -> 5446909.2 | C53: =IF('20230101-20261006'!C862="","",'20230101-20261006'!C862) -> 6967.38 | D53: =IF(OR(B53="",B52=""),"",B53/B52-1) -> 0.0014712958 | E53: =IF(D53="",E52,(1+E52)*(1+D53)-1) -> 0.04475205 | F53: =MAX(F52,E53) -> 0.04475205 | G53: =(1+E53)/(1+F53)-1 -> 0 | H53: =C53/C52-1 -> 0.011782918 | I53: =IF(H53="",I52,(1+I52)*(1+H53)-1) -> -0.0012986566 | J53: =MAX(J52,I53) -> 0 | K53: =(1+I53)/(1+J53)-1 -> -0.0012986566 | L53: =B53/B52-1 -> 0.0014712958 | M53: =H53 -> 0.011782918 | N53: =L53-M53 -> -0.010311622 | O53: =IF(N53="",O52,(1+O52)*(1+N53)-1) -> 0.040710591 | P53: =MIN(D53,0)^2 -> 0 | Q53: =IF(H53="","",MIN(H53,0)^2) -> 0 | R53: =-10% -> -0.1 | S53: =STDEV(D34:D53)*SQRT(252) -> 0.018621493 | T53: =STDEV(H33:H53)*SQRT(252) -> 0.1978067 | U53: =H56 -> 0.012040424 | V53: =MIN(U53,0)^2 -> 0
A54: =IF('20230101-20261006'!A863="","",'20230101-20261006'!A863) -> 46127 | B54: =IF('20230101-20261006'!B863="","",'20230101-20261006'!B863) -> 5449669.4 | C54: =IF('20230101-20261006'!C863="","",'20230101-20261006'!C863) -> 7022.95 | D54: =IF(OR(B54="",B53=""),"",B54/B53-1) -> 0.0005067485 | E54: =IF(D54="",E53,(1+E53)*(1+D54)-1) -> 0.045281477 | F54: =MAX(F53,E54) -> 0.045281477 | G54: =(1+E54)/(1+F54)-1 -> 0 | H54: =C54/C53-1 -> 0.0079757384 | I54: =IF(H54="",I53,(1+I53)*(1+H54)-1) -> 0.006666724 | J54: =MAX(J53,I54) -> 0.006666724 | K54: =(1+I54)/(1+J54)-1 -> 0 | L54: =B54/B53-1 -> 0.0005067485 | M54: =H54 -> 0.0079757384 | N54: =L54-M54 -> -0.0074689899 | O54: =IF(N54="",O53,(1+O53)*(1+N54)-1) -> 0.032937534 | P54: =MIN(D54,0)^2 -> 0 | Q54: =IF(H54="","",MIN(H54,0)^2) -> 0 | R54: =-10% -> -0.1 | S54: =STDEV(D35:D54)*SQRT(252) -> 0.018086736 | T54: =STDEV(H34:H54)*SQRT(252) -> 0.1989287 | U54: =H57 -> -0.0023743836 | V54: =MIN(U54,0)^2 -> 5.6376975e-06
A55: =IF('20230101-20261006'!A864="","",'20230101-20261006'!A864) -> 46128 | B55: =IF('20230101-20261006'!B864="","",'20230101-20261006'!B864) -> 5467983.9 | C55: =IF('20230101-20261006'!C864="","",'20230101-20261006'!C864) -> 7041.28 | D55: =IF(OR(B55="",B54=""),"",B55/B54-1) -> 0.0033606734 | E55: =IF(D55="",E54,(1+E54)*(1+D55)-1) -> 0.048794326 | F55: =MAX(F54,E55) -> 0.048794326 | G55: =(1+E55)/(1+F55)-1 -> 0 | H55: =C55/C54-1 -> 0.0026100143 | I55: =IF(H55="",I54,(1+I54)*(1+H55)-1) -> 0.0092941386 | J55: =MAX(J54,I55) -> 0.0092941386 | K55: =(1+I55)/(1+J55)-1 -> 0 | L55: =B55/B54-1 -> 0.0033606734 | M55: =H55 -> 0.0026100143 | N55: =L55-M55 -> 0.00075065911 | O55: =IF(N55="",O54,(1+O54)*(1+N55)-1) -> 0.033712918 | P55: =MIN(D55,0)^2 -> 0 | Q55: =IF(H55="","",MIN(H55,0)^2) -> 0 | R55: =-10% -> -0.1 | S55: =STDEV(D36:D55)*SQRT(252) -> 0.017078098 | T55: =STDEV(H35:H55)*SQRT(252) -> 0.18983844 | U55: =H58 -> -0.0063481659 | V55: =MIN(U55,0)^2 -> 4.029921e-05
A56: =IF('20230101-20261006'!A865="","",'20230101-20261006'!A865) -> 46129 | B56: =IF('20230101-20261006'!B865="","",'20230101-20261006'!B865) -> 5450588.2 | C56: =IF('20230101-20261006'!C865="","",'20230101-20261006'!C865) -> 7126.06 | D56: =IF(OR(B56="",B55=""),"",B56/B55-1) -> -0.0031813825 | E56: =IF(D56="",E55,(1+E55)*(1+D56)-1) -> 0.04545771 | F56: =MAX(F55,E56) -> 0.048794326 | G56: =(1+E56)/(1+F56)-1 -> -0.0031813825 | H56: =C56/C55-1 -> 0.012040424 | I56: =IF(H56="",I55,(1+I55)*(1+H56)-1) -> 0.021446468 | J56: =MAX(J55,I56) -> 0.021446468 | K56: =(1+I56)/(1+J56)-1 -> 0 | L56: =B56/B55-1 -> -0.0031813825 | M56: =H56 -> 0.012040424 | N56: =L56-M56 -> -0.015221807 | O56: =IF(N56="",O55,(1+O55)*(1+N56)-1) -> 0.01797794 | P56: =MIN(D56,0)^2 -> 1.0121195e-05 | Q56: =IF(H56="","",MIN(H56,0)^2) -> 0 | R56: =-10% -> -0.1 | S56: =STDEV(D37:D56)*SQRT(252) -> 0.022641302 | T56: =STDEV(H36:H56)*SQRT(252) -> 0.19102767 | U56: =H59 -> 0.010460064 | V56: =MIN(U56,0)^2 -> 0
A57: =IF('20230101-20261006'!A866="","",'20230101-20261006'!A866) -> 46132 | B57: =IF('20230101-20261006'!B866="","",'20230101-20261006'!B866) -> 5465676.9 | C57: =IF('20230101-20261006'!C866="","",'20230101-20261006'!C866) -> 7109.14 | D57: =IF(OR(B57="",B56=""),"",B57/B56-1) -> 0.0027682776 | E57: =IF(D57="",E56,(1+E56)*(1+D57)-1) -> 0.048351827 | F57: =MAX(F56,E57) -> 0.048794326 | G57: =(1+E57)/(1+F57)-1 -> -0.00042191193 | H57: =C57/C56-1 -> -0.0023743836 | I57: =IF(H57="",I56,(1+I56)*(1+H57)-1) -> 0.019021163 | J57: =MAX(J56,I57) -> 0.021446468 | K57: =(1+I57)/(1+J57)-1 -> -0.0023743836 | L57: =B57/B56-1 -> 0.0027682776 | M57: =H57 -> -0.0023743836 | N57: =L57-M57 -> 0.0051426612 | O57: =IF(N57="",O56,(1+O56)*(1+N57)-1) -> 0.023213055 | P57: =MIN(D57,0)^2 -> 0 | Q57: =IF(H57="","",MIN(H57,0)^2) -> 5.6376975e-06 | R57: =-10% -> -0.1 | S57: =STDEV(D38:D57)*SQRT(252) -> 0.022533783 | T57: =STDEV(H37:H57)*SQRT(252) -> 0.17919722 | U57: =H60 -> -0.0041328682 | V57: =MIN(U57,0)^2 -> 1.70806e-05
A58: =IF('20230101-20261006'!A867="","",'20230101-20261006'!A867) -> 46133 | B58: =IF('20230101-20261006'!B867="","",'20230101-20261006'!B867) -> 5423577.1 | C58: =IF('20230101-20261006'!C867="","",'20230101-20261006'!C867) -> 7064.01 | D58: =IF(OR(B58="",B57=""),"",B58/B57-1) -> -0.0077025772 | E58: =IF(D58="",E57,(1+E57)*(1+D58)-1) -> 0.040276817 | F58: =MAX(F57,E58) -> 0.048794326 | G58: =(1+E58)/(1+F58)-1 -> -0.0081212393 | H58: =C58/C57-1 -> -0.0063481659 | I58: =IF(H58="",I57,(1+I57)*(1+H58)-1) -> 0.012552247 | J58: =MAX(J57,I58) -> 0.021446468 | K58: =(1+I58)/(1+J58)-1 -> -0.0087074765 | L58: =B58/B57-1 -> -0.0077025772 | M58: =H58 -> -0.0063481659 | N58: =L58-M58 -> -0.0013544113 | O58: =IF(N58="",O57,(1+O57)*(1+N58)-1) -> 0.021827204 | P58: =MIN(D58,0)^2 -> 5.9329695e-05 | Q58: =IF(H58="","",MIN(H58,0)^2) -> 4.029921e-05 | R58: =-10% -> -0.1 | S58: =STDEV(D39:D58)*SQRT(252) -> 0.038428033 | T58: =STDEV(H38:H58)*SQRT(252) -> 0.18116488 | U58: =H61 -> 0.007973665 | V58: =MIN(U58,0)^2 -> 0
A59: =IF('20230101-20261006'!A868="","",'20230101-20261006'!A868) -> 46134 | B59: =IF('20230101-20261006'!B868="","",'20230101-20261006'!B868) -> 5463254.9 | C59: =IF('20230101-20261006'!C868="","",'20230101-20261006'!C868) -> 7137.9 | D59: =IF(OR(B59="",B58=""),"",B59/B58-1) -> 0.0073157945 | E59: =IF(D59="",E58,(1+E58)*(1+D59)-1) -> 0.047887268 | F59: =MAX(F58,E59) -> 0.048794326 | G59: =(1+E59)/(1+F59)-1 -> -0.0008648581 | H59: =C59/C58-1 -> 0.010460064 | I59: =IF(H59="",I58,(1+I58)*(1+H59)-1) -> 0.023143609 | J59: =MAX(J58,I59) -> 0.023143609 | K59: =(1+I59)/(1+J59)-1 -> 0 | L59: =B59/B58-1 -> 0.0073157945 | M59: =H59 -> 0.010460064 | N59: =L59-M59 -> -0.00314427 | O59: =IF(N59="",O58,(1+O58)*(1+N59)-1) -> 0.018614303 | P59: =MIN(D59,0)^2 -> 0 | Q59: =IF(H59="","",MIN(H59,0)^2) -> 0 | R59: =-10% -> -0.1 | S59: =STDEV(D40:D59)*SQRT(252) -> 0.045167547 | T59: =STDEV(H39:H59)*SQRT(252) -> 0.18053427 | U59: =H62 -> 0.0012323659 | V59: =MIN(U59,0)^2 -> 0
... A65: =IF('20230101-20261006'!A874="","",'20230101-20261006'!A874) -> 46142 | B65: =IF('20230101-20261006'!B874="","",'20230101-20261006'!B874) -> 5496685.1 | C65: =IF('20230101-20261006'!C874="","",'20230101-20261006'!C874) -> 7209.01 | D65: =IF(OR(B65="",B64=""),"",B65/B64-1) -> -0.0014784336 | E65: =IF(D65="",E64,(1+E64)*(1+D65)-1) -> 0.054299387 | F65: =MAX(F64,E65) -> 0.055860406 | G65: =(1+E65)/(1+F65)-1 -> -0.0014784336 | H65: =C65/C64-1 -> 0.0102383 | I65: =IF(H65="",I64,(1+I64)*(1+H65)-1) -> 0.033336487 | J65: =MAX(J64,I65) -> 0.033336487 | K65: =(1+I65)/(1+J65)-1 -> 0 | L65: =B65/B64-1 -> -0.0014784336 | M65: =H65 -> 0.0102383 | N65: =L65-M65 -> -0.011716734 | O65: =IF(N65="",O64,(1+O64)*(1+N65)-1) -> 0.014506525 | P65: =MIN(D65,0)^2 -> 2.1857659e-06 | Q65: =IF(H65="","",MIN(H65,0)^2) -> 0 | R65: =-10% -> -0.1 | S65: =STDEV(D46:D65)*SQRT(252) -> 0.046286918 | T65: =STDEV(H45:H65)*SQRT(252) -> 0.11989769 | U65: =H68 -> 0.0081199875 | V65: =MIN(U65,0)^2 -> 0
A66: =IF('20230101-20261006'!A875="","",'20230101-20261006'!A875) -> 46143 | B66: =IF('20230101-20261006'!B875="","",'20230101-20261006'!B875) -> 5499495.2 | C66: =IF('20230101-20261006'!C875="","",'20230101-20261006'!C875) -> 7230.12 | D66: =IF(OR(B66="",B65=""),"",B66/B65-1) -> 0.00051124523 | E66: =IF(D66="",E65,(1+E65)*(1+D66)-1) -> 0.054838393 | F66: =MAX(F65,E66) -> 0.055860406 | G66: =(1+E66)/(1+F66)-1 -> -0.00096794421 | H66: =C66/C65-1 -> 0.00292828 | I66: =IF(H66="",I65,(1+I65)*(1+H66)-1) -> 0.036362385 | J66: =MAX(J65,I66) -> 0.036362385 | K66: =(1+I66)/(1+J66)-1 -> 0 | L66: =B66/B65-1 -> 0.00051124523 | M66: =H66 -> 0.00292828 | N66: =L66-M66 -> -0.0024170348 | O66: =IF(N66="",O65,(1+O65)*(1+N66)-1) -> 0.012054428 | P66: =MIN(D66,0)^2 -> 0 | Q66: =IF(H66="","",MIN(H66,0)^2) -> 0 | R66: =-10% -> -0.1 | S66: =STDEV(D47:D66)*SQRT(252) -> 0.04620598 | T66: =STDEV(H47:H66)*SQRT(252) -> 0.11936497 | U66: =H69 -> 0.014588344 | V66: =MIN(U66,0)^2 -> 0
A67: =IF('20230101-20261006'!A876="","",'20230101-20261006'!A876) -> 46146 | B67: =IF('20230101-20261006'!B876="","",'20230101-20261006'!B876) -> 5496837.9 | C67: =IF('20230101-20261006'!C876="","",'20230101-20261006'!C876) -> 7200.75 | D67: =IF(OR(B67="",B66=""),"",B67/B66-1) -> -0.00048319664 | E67: =IF(D67="",E66,(1+E66)*(1+D67)-1) -> 0.054328698 | F67: =MAX(F66,E67) -> 0.055860406 | G67: =(1+E67)/(1+F67)-1 -> -0.0014506731 | H67: =C67/C66-1 -> -0.0040621732 | I67: =IF(H67="",I66,(1+I66)*(1+H67)-1) -> 0.032152502 | J67: =MAX(J66,I67) -> 0.036362385 | K67: =(1+I67)/(1+J67)-1 -> -0.0040621732 | L67: =B67/B66-1 -> -0.00048319664 | M67: =H67 -> -0.0040621732 | N67: =L67-M67 -> 0.0035789766 | O67: =IF(N67="",O66,(1+O66)*(1+N67)-1) -> 0.015676547 | P67: =MIN(D67,0)^2 -> 2.3347899e-07 | Q67: =IF(H67="","",MIN(H67,0)^2) -> 1.6501251e-05 | R67: =-10% -> -0.1 | S67: =STDEV(D48:D67)*SQRT(252) -> 0.046427196 | T67: =STDEV(H48:H67)*SQRT(252) -> 0.12338504 | U67: =H70 -> -0.0038030609 | V67: =MIN(U67,0)^2 -> 1.4463272e-05
A68: =IF('20230101-20261006'!A877="","",'20230101-20261006'!A877) -> 46147 | B68: =IF('20230101-20261006'!B877="","",'20230101-20261006'!B877) -> 5498332.9 | C68: =IF('20230101-20261006'!C877="","",'20230101-20261006'!C877) -> 7259.22 | D68: =IF(OR(B68="",B67=""),"",B68/B67-1) -> 0.00027197704 | E68: =IF(D68="",E67,(1+E67)*(1+D68)-1) -> 0.054615451 | F68: =MAX(F67,E68) -> 0.055860406 | G68: =(1+E68)/(1+F68)-1 -> -0.0011790907 | H68: =C68/C67-1 -> 0.0081199875 | I68: =IF(H68="",I67,(1+I67)*(1+H68)-1) -> 0.040533567 | J68: =MAX(J67,I68) -> 0.040533567 | K68: =(1+I68)/(1+J68)-1 -> 0 | L68: =B68/B67-1 -> 0.00027197704 | M68: =H68 -> 0.0081199875 | N68: =L68-M68 -> -0.0078480105 | O68: =IF(N68="",O67,(1+O67)*(1+N68)-1) -> 0.0077055066 | P68: =MIN(D68,0)^2 -> 0 | Q68: =IF(H68="","",MIN(H68,0)^2) -> 0 | R68: =-10% -> -0.1 | S68: =STDEV(D49:D68)*SQRT(252) -> 0.046436392 | T68: =STDEV(H49:H68)*SQRT(252) -> 0.12334689 | U68: =H71 -> 0.0084256608 | V68: =MIN(U68,0)^2 -> 0
A69: =IF('20230101-20261006'!A878="","",'20230101-20261006'!A878) -> 46148 | B69: =IF('20230101-20261006'!B878="","",'20230101-20261006'!B878) -> 5475898.2 | C69: =IF('20230101-20261006'!C878="","",'20230101-20261006'!C878) -> 7365.12 | D69: =IF(OR(B69="",B68=""),"",B69/B68-1) -> -0.0040802641 | E69: =IF(D69="",E68,(1+E68)*(1+D69)-1) -> 0.050312342 | F69: =MAX(F68,E69) -> 0.055860406 | G69: =(1+E69)/(1+F69)-1 -> -0.0052545438 | H69: =C69/C68-1 -> 0.014588344 | I69: =IF(H69="",I68,(1+I68)*(1+H69)-1) -> 0.055713229 | J69: =MAX(J68,I69) -> 0.055713229 | K69: =(1+I69)/(1+J69)-1 -> 0 | L69: =B69/B68-1 -> -0.0040802641 | M69: =H69 -> 0.014588344 | N69: =L69-M69 -> -0.018668608 | O69: =IF(N69="",O68,(1+O68)*(1+N69)-1) -> -0.011106953 | P69: =MIN(D69,0)^2 -> 1.6648555e-05 | Q69: =IF(H69="","",MIN(H69,0)^2) -> 0 | R69: =-10% -> -0.1 | S69: =STDEV(D50:D69)*SQRT(252) -> 0.048903749 | T69: =STDEV(H50:H69)*SQRT(252) -> 0.1045032 | U69: =H72 -> 0.0018800016 | V69: =MIN(U69,0)^2 -> 0
A70: =IF('20230101-20261006'!A879="","",'20230101-20261006'!A879) -> 46149 | B70: =IF('20230101-20261006'!B879="","",'20230101-20261006'!B879) -> 5489173.1 | C70: =IF('20230101-20261006'!C879="","",'20230101-20261006'!C879) -> 7337.11 | D70: =IF(OR(B70="",B69=""),"",B70/B69-1) -> 0.0024242288 | E70: =IF(D70="",E69,(1+E69)*(1+D70)-1) -> 0.052858539 | F70: =MAX(F69,E70) -> 0.055860406 | G70: =(1+E70)/(1+F70)-1 -> -0.0028430532 | H70: =C70/C69-1 -> -0.0038030609 | I70: =IF(H70="",I69,(1+I69)*(1+H70)-1) -> 0.051698287 | J70: =MAX(J69,I70) -> 0.055713229 | K70: =(1+I70)/(1+J70)-1 -> -0.0038030609 | L70: =B70/B69-1 -> 0.0024242288 | M70: =H70 -> -0.0038030609 | N70: =L70-M70 -> 0.0062272897 | O70: =IF(N70="",O69,(1+O69)*(1+N70)-1) -> -0.0049488293 | P70: =MIN(D70,0)^2 -> 0 | Q70: =IF(H70="","",MIN(H70,0)^2) -> 1.4463272e-05 | R70: =-10% -> -0.1 | S70: =STDEV(D51:D70)*SQRT(252) -> 0.049406266 | T70: =STDEV(H51:H70)*SQRT(252) -> 0.10788424 | U70: =H73 -> -0.0016026246 | V70: =MIN(U70,0)^2 -> 2.5684057e-06
A71: =IF('20230101-20261006'!A880="","",'20230101-20261006'!A880) -> 46150 | B71: =IF('20230101-20261006'!B880="","",'20230101-20261006'!B880) -> 5487558.4 | C71: =IF('20230101-20261006'!C880="","",'20230101-20261006'!C880) -> 7398.93 | D71: =IF(OR(B71="",B70=""),"",B71/B70-1) -> -0.00029414942 | E71: =IF(D71="",E70,(1+E70)*(1+D71)-1) -> 0.052548841 | F71: =MAX(F70,E71) -> 0.055860406 | G71: =(1+E71)/(1+F71)-1 -> -0.0031363663 | H71: =C71/C70-1 -> 0.0084256608 | I71: =IF(H71="",I70,(1+I70)*(1+H71)-1) -> 0.06055954 | J71: =MAX(J70,I71) -> 0.06055954 | K71: =(1+I71)/(1+J71)-1 -> 0 | L71: =B71/B70-1 -> -0.00029414942 | M71: =H71 -> 0.0084256608 | N71: =L71-M71 -> -0.0087198102 | O71: =IF(N71="",O70,(1+O70)*(1+N71)-1) -> -0.013625487 | P71: =MIN(D71,0)^2 -> 8.6523879e-08 | Q71: =IF(H71="","",MIN(H71,0)^2) -> 0 | R71: =-10% -> -0.1 | S71: =STDEV(D52:D71)*SQRT(252) -> 0.049414629 | T71: =STDEV(H52:H71)*SQRT(252) -> 0.10759687 | U71: =H74 -> 0.0058492412 | V71: =MIN(U71,0)^2 -> 0
A72: =IF('20230101-20261006'!A881="","",'20230101-20261006'!A881) -> 46153 | B72: =IF('20230101-20261006'!B881="","",'20230101-20261006'!B881) -> 5490099.8 | C72: =IF('20230101-20261006'!C881="","",'20230101-20261006'!C881) -> 7412.84 | D72: =IF(OR(B72="",B71=""),"",B72/B71-1) -> 0.00046311882 | E72: =IF(D72="",E71,(1+E71)*(1+D72)-1) -> 0.053036297 | F72: =MAX(F71,E72) -> 0.055860406 | G72: =(1+E72)/(1+F72)-1 -> -0.0026747 | H72: =C72/C71-1 -> 0.0018800016 | I72: =IF(H72="",I71,(1+I71)*(1+H72)-1) -> 0.062553394 | J72: =MAX(J71,I72) -> 0.062553394 | K72: =(1+I72)/(1+J72)-1 -> 0 | L72: =B72/B71-1 -> 0.00046311882 | M72: =H72 -> 0.0018800016 | N72: =L72-M72 -> -0.0014168827 | O72: =IF(N72="",O71,(1+O71)*(1+N72)-1) -> -0.015023064 | P72: =MIN(D72,0)^2 -> 0 | Q72: =IF(H72="","",MIN(H72,0)^2) -> 0 | R72: =-10% -> -0.1 | S72: =STDEV(D53:D72)*SQRT(252) -> 0.049236842 | T72: =STDEV(H53:H72)*SQRT(252) -> 0.10542069 | U72: =H75 -> 0.0076555731 | V72: =MIN(U72,0)^2 -> 0
A73: =IF('20230101-20261006'!A882="","",'20230101-20261006'!A882) -> 46154 | B73: =IF('20230101-20261006'!B882="","",'20230101-20261006'!B882) -> 5500997 | C73: =IF('20230101-20261006'!C882="","",'20230101-20261006'!C882) -> 7400.96 | D73: =IF(OR(B73="",B72=""),"",B73/B72-1) -> 0.0019848839 | E73: =IF(D73="",E72,(1+E72)*(1+D73)-1) -> 0.055126451 | F73: =MAX(F72,E73) -> 0.055860406 | G73: =(1+E73)/(1+F73)-1 -> -0.00069512512 | H73: =C73/C72-1 -> -0.0016026246 | I73: =IF(H73="",I72,(1+I72)*(1+H73)-1) -> 0.06085052 | J73: =MAX(J72,I73) -> 0.062553394 | K73: =(1+I73)/(1+J73)-1 -> -0.0016026246 | L73: =B73/B72-1 -> 0.0019848839 | M73: =H73 -> -0.0016026246 | N73: =L73-M73 -> 0.0035875085 | O73: =IF(N73="",O72,(1+O72)*(1+N73)-1) -> -0.011489451 | P73: =MIN(D73,0)^2 -> 0 | Q73: =IF(H73="","",MIN(H73,0)^2) -> 2.5684057e-06 | R73: =-10% -> -0.1 | S73: =STDEV(D54:D73)*SQRT(252) -> 0.049408392 | T73: =STDEV(H54:H73)*SQRT(252) -> 0.10249583 | U73: =H76 -> -0.012363289 | V73: =MIN(U73,0)^2 -> 0.00015285092
A74: =IF('20230101-20261006'!A883="","",'20230101-20261006'!A883) -> 46155 | B74: =IF('20230101-20261006'!B883="","",'20230101-20261006'!B883) -> 5497402.8 | C74: =IF('20230101-20261006'!C883="","",'20230101-20261006'!C883) -> 7444.25 | D74: =IF(OR(B74="",B73=""),"",B74/B73-1) -> -0.00065338605 | E74: =IF(D74="",E73,(1+E73)*(1+D74)-1) -> 0.054437046 | F74: =MAX(F73,E74) -> 0.055860406 | G74: =(1+E74)/(1+F74)-1 -> -0.001348057 | H74: =C74/C73-1 -> 0.0058492412 | I74: =IF(H74="",I73,(1+I73)*(1+H74)-1) -> 0.06705569 | J74: =MAX(J73,I74) -> 0.06705569 | K74: =(1+I74)/(1+J74)-1 -> 0 | L74: =B74/B73-1 -> -0.00065338605 | M74: =H74 -> 0.0058492412 | N74: =L74-M74 -> -0.0065026272 | O74: =IF(N74="",O73,(1+O73)*(1+N74)-1) -> -0.017917366 | P74: =MIN(D74,0)^2 -> 4.2691333e-07 | Q74: =IF(H74="","",MIN(H74,0)^2) -> 0 | R74: =-10% -> -0.1 | S74: =STDEV(D55:D74)*SQRT(252) -> 0.049577236 | T74: =STDEV(H55:H74)*SQRT(252) -> 0.10141063 | U74: =H77 -> -0.00073564149 | V74: =MIN(U74,0)^2 -> 5.4116841e-07
A75: =IF('20230101-20261006'!A884="","",'20230101-20261006'!A884) -> 46156 | B75: =IF('20230101-20261006'!B884="","",'20230101-20261006'!B884) -> 5495461.3 | C75: =IF('20230101-20261006'!C884="","",'20230101-20261006'!C884) -> 7501.24 | D75: =IF(OR(B75="",B74=""),"",B75/B74-1) -> -0.00035316295 | E75: =IF(D75="",E74,(1+E74)*(1+D75)-1) -> 0.054064658 | F75: =MAX(F74,E75) -> 0.055860406 | G75: =(1+E75)/(1+F75)-1 -> -0.0017007438 | H75: =C75/C74-1 -> 0.0076555731 | I75: =IF(H75="",I74,(1+I74)*(1+H75)-1) -> 0.075224613 | J75: =MAX(J74,I75) -> 0.075224613 | K75: =(1+I75)/(1+J75)-1 -> 0 | L75: =B75/B74-1 -> -0.00035316295 | M75: =H75 -> 0.0076555731 | N75: =L75-M75 -> -0.008008736 | O75: =IF(N75="",O74,(1+O74)*(1+N75)-1) -> -0.025782607 | P75: =MIN(D75,0)^2 -> 1.2472407e-07 | Q75: =IF(H75="","",MIN(H75,0)^2) -> 0 | R75: =-10% -> -0.1 | S75: =STDEV(D56:D75)*SQRT(252) -> 0.048415251 | T75: =STDEV(H56:H75)*SQRT(252) -> 0.10276763 | U75: =H78 -> -0.0066783285 | V75: =MIN(U75,0)^2 -> 4.4600072e-05
A76: =IF('20230101-20261006'!A885="","",'20230101-20261006'!A885) -> 46157 | B76: =IF('20230101-20261006'!B885="","",'20230101-20261006'!B885) -> 5497465.6 | C76: =IF('20230101-20261006'!C885="","",'20230101-20261006'!C885) -> 7408.5 | D76: =IF(OR(B76="",B75=""),"",B76/B75-1) -> 0.00036471819 | E76: =IF(D76="",E75,(1+E75)*(1+D76)-1) -> 0.054449095 | F76: =MAX(F75,E76) -> 0.055860406 | G76: =(1+E76)/(1+F76)-1 -> -0.0013366459 | H76: =C76/C75-1 -> -0.012363289 | I76: =IF(H76="",I75,(1+I75)*(1+H76)-1) -> 0.0619313 | J76: =MAX(J75,I76) -> 0.075224613 | K76: =(1+I76)/(1+J76)-1 -> -0.012363289 | L76: =B76/B75-1 -> 0.00036471819 | M76: =H76 -> -0.012363289 | N76: =L76-M76 -> 0.012728007 | O76: =IF(N76="",O75,(1+O75)*(1+N76)-1) -> -0.01338276 | P76: =MIN(D76,0)^2 -> 0 | Q76: =IF(H76="","",MIN(H76,0)^2) -> 0.00015285092 | R76: =-10% -> -0.1 | S76: =STDEV(D57:D76)*SQRT(252) -> 0.046682209 | T76: =STDEV(H57:H76)*SQRT(252) -> 0.1110629 | U76: =H79 -> 0.010791978 | V76: =MIN(U76,0)^2 -> 0
A77: =IF('20230101-20261006'!A886="","",'20230101-20261006'!A886) -> 46160 | B77: =IF('20230101-20261006'!B886="","",'20230101-20261006'!B886) -> 5487808.2 | C77: =IF('20230101-20261006'!C886="","",'20230101-20261006'!C886) -> 7403.05 | D77: =IF(OR(B77="",B76=""),"",B77/B76-1) -> -0.0017566931 | E77: =IF(D77="",E76,(1+E76)*(1+D77)-1) -> 0.052596751 | F77: =MAX(F76,E77) -> 0.055860406 | G77: =(1+E77)/(1+F77)-1 -> -0.003090991 | H77: =C77/C76-1 -> -0.00073564149 | I77: =IF(H77="",I76,(1+I76)*(1+H77)-1) -> 0.061150099 | J77: =MAX(J76,I77) -> 0.075224613 | K77: =(1+I77)/(1+J77)-1 -> -0.013089836 | L77: =B77/B76-1 -> -0.0017566931 | M77: =H77 -> -0.00073564149 | N77: =L77-M77 -> -0.0010210516 | O77: =IF(N77="",O76,(1+O76)*(1+N77)-1) -> -0.014390148 | P77: =MIN(D77,0)^2 -> 3.0859707e-06 | Q77: =IF(H77="","",MIN(H77,0)^2) -> 5.4116841e-07 | R77: =-10% -> -0.1 | S77: =STDEV(D58:D77)*SQRT(252) -> 0.046441781 | T77: =STDEV(H58:H77)*SQRT(252) -> 0.11036311 | U77: =H80 -> 0.0017153305 | V77: =MIN(U77,0)^2 -> 0
A78: =IF('20230101-20261006'!A887="","",'20230101-20261006'!A887) -> 46161 | B78: =IF('20230101-20261006'!B887="","",'20230101-20261006'!B887) -> 5496400.7 | C78: =IF('20230101-20261006'!C887="","",'20230101-20261006'!C887) -> 7353.61 | D78: =IF(OR(B78="",B77=""),"",B78/B77-1) -> 0.001565734 | E78: =IF(D78="",E77,(1+E77)*(1+D78)-1) -> 0.054244838 | F78: =MAX(F77,E78) -> 0.055860406 | G78: =(1+E78)/(1+F78)-1 -> -0.0015300966 | H78: =C78/C77-1 -> -0.0066783285 | I78: =IF(H78="",I77,(1+I77)*(1+H78)-1) -> 0.05406339 | J78: =MAX(J77,I78) -> 0.075224613 | K78: =(1+I78)/(1+J78)-1 -> -0.019680746 | L78: =B78/B77-1 -> 0.001565734 | M78: =H78 -> -0.0066783285 | N78: =L78-M78 -> 0.0082440626 | O78: =IF(N78="",O77,(1+O77)*(1+N78)-1) -> -0.0062647183 | P78: =MIN(D78,0)^2 -> 0 | Q78: =IF(H78="","",MIN(H78,0)^2) -> 4.4600072e-05 | R78: =-10% -> -0.1 | S78: =STDEV(D59:D78)*SQRT(252) -> 0.035983456 | T78: =STDEV(H59:H78)*SQRT(252) -> 0.11070206 | U78: =H81 -> 0.0037269733 | V78: =MIN(U78,0)^2 -> 0
A79: =IF('20230101-20261006'!A888="","",'20230101-20261006'!A888) -> 46162 | B79: =IF('20230101-20261006'!B888="","",'20230101-20261006'!B888) -> 5511058.3 | C79: =IF('20230101-20261006'!C888="","",'20230101-20261006'!C888) -> 7432.97 | D79: =IF(OR(B79="",B78=""),"",B79/B78-1) -> 0.0026667737 | E79: =IF(D79="",E78,(1+E78)*(1+D79)-1) -> 0.057056271 | F79: =MAX(F78,E79) -> 0.057056271 | G79: =(1+E79)/(1+F79)-1 -> 0 | H79: =C79/C78-1 -> 0.010791978 | I79: =IF(H79="",I78,(1+I78)*(1+H79)-1) -> 0.06543882 | J79: =MAX(J78,I79) -> 0.075224613 | K79: =(1+I79)/(1+J79)-1 -> -0.0091011619 | L79: =B79/B78-1 -> 0.0026667737 | M79: =H79 -> 0.010791978 | N79: =L79-M79 -> -0.0081252046 | O79: =IF(N79="",O78,(1+O78)*(1+N79)-1) -> -0.014339021 | P79: =MIN(D79,0)^2 -> 0 | Q79: =IF(H79="","",MIN(H79,0)^2) -> 0 | R79: =-10% -> -0.1 | S79: =STDEV(D60:D79)*SQRT(252) -> 0.027340702 | T79: =STDEV(H60:H79)*SQRT(252) -> 0.11104288 | U79: =H83 -> 0.0061082737 | V79: =MIN(U79,0)^2 -> 0
A80: =IF('20230101-20261006'!A889="","",'20230101-20261006'!A889) -> 46163 | B80: =IF('20230101-20261006'!B889="","",'20230101-20261006'!B889) -> 5512113.2 | C80: =IF('20230101-20261006'!C889="","",'20230101-20261006'!C889) -> 7445.72 | D80: =IF(OR(B80="",B79=""),"",B80/B79-1) -> 0.00019140564 | E80: =IF(D80="",E79,(1+E79)*(1+D80)-1) -> 0.057258597 | F80: =MAX(F79,E80) -> 0.057258597 | G80: =(1+E80)/(1+F80)-1 -> 0 | H80: =C80/C79-1 -> 0.0017153305 | I80: =IF(H80="",I79,(1+I79)*(1+H80)-1) -> 0.067266399 | J80: =MAX(J79,I80) -> 0.075224613 | K80: =(1+I80)/(1+J80)-1 -> -0.007401443 | L80: =B80/B79-1 -> 0.00019140564 | M80: =H80 -> 0.0017153305 | N80: =L80-M80 -> -0.0015239248 | O80: =IF(N80="",O79,(1+O79)*(1+N80)-1) -> -0.015841094 | P80: =MIN(D80,0)^2 -> 0 | Q80: =IF(H80="","",MIN(H80,0)^2) -> 0 | R80: =-10% -> -0.1 | S80: =STDEV(D61:D80)*SQRT(252) -> 0.02732393 | T80: =STDEV(H61:H80)*SQRT(252) -> 0.10863797 | U80: =H84 -> 0.00016491292 | V80: =MIN(U80,0)^2 -> 0
A81: =IF('20230101-20261006'!A890="","",'20230101-20261006'!A890) -> 46164 | B81: =IF('20230101-20261006'!B890="","",'20230101-20261006'!B890) -> 5519755.3 | C81: =IF('20230101-20261006'!C890="","",'20230101-20261006'!C890) -> 7473.47 | D81: =IF(OR(B81="",B80=""),"",B81/B80-1) -> 0.0013864227 | E81: =IF(D81="",E80,(1+E80)*(1+D81)-1) -> 0.058724404 | F81: =MAX(F80,E81) -> 0.058724404 | G81: =(1+E81)/(1+F81)-1 -> 0 | H81: =C81/C80-1 -> 0.0037269733 | I81: =IF(H81="",I80,(1+I80)*(1+H81)-1) -> 0.071244073 | J81: =MAX(J80,I81) -> 0.075224613 | K81: =(1+I81)/(1+J81)-1 -> -0.0037020546 | L81: =B81/B80-1 -> 0.0013864227 | M81: =H81 -> 0.0037269733 | N81: =L81-M81 -> -0.0023405507 | O81: =IF(N81="",O80,(1+O80)*(1+N81)-1) -> -0.018144568 | P81: =MIN(D81,0)^2 -> 0 | Q81: =IF(H81="","",MIN(H81,0)^2) -> 0 | R81: =-10% -> -0.1 | S81: =STDEV(D62:D81)*SQRT(252) -> 0.027447767 | T81: =STDEV(H62:H81)*SQRT(252) -> 0.10674809 | U81: =H85 -> 0.0057537139 | V81: =MIN(U81,0)^2 -> 0
A82: =IF('20230101-20261006'!A891="","",'20230101-20261006'!A891) -> 46167 | B82: =IF('20230101-20261006'!B891="","",'20230101-20261006'!B891) -> 5519755.3 | C82: =IF('20230101-20261006'!C891="","",'20230101-20261006'!C891) | D82: =IF(OR(B82="",B81=""),"",B82/B81-1) -> -4.1005261e-09 | E82: =IF(D82="",E81,(1+E81)*(1+D82)-1) -> 0.0587244 | F82: =MAX(F81,E82) -> 0.058724404 | G82: =(1+E82)/(1+F82)-1 -> -4.1005261e-09 | H82: ="" | I82: =IF(H82="",I81,(1+I81)*(1+H82)-1) -> 0.071244073 | J82: =MAX(J81,I82) -> 0.075224613 | K82: =(1+I82)/(1+J82)-1 -> -0.0037020546 | L82: ="" | M82: ="" | N82: ="" | O82: =IF(N82="",O81,(1+O81)*(1+N82)-1) -> -0.018144568 | P82: =MIN(D82,0)^2 -> 1.6814315e-17 | Q82: =IF(H82="","",MIN(H82,0)^2) | R82: =-10% -> -0.1 | S82: =STDEV(D63:D82)*SQRT(252) -> 0.025423555 | T82: =STDEV(H62:H82)*SQRT(252) -> 0.10674809 | U82: =H86 -> 0.0021722374 | V82: =MIN(U82,0)^2 -> 0
A83: =IF('20230101-20261006'!A892="","",'20230101-20261006'!A892) -> 46168 | B83: =IF('20230101-20261006'!B892="","",'20230101-20261006'!B892) -> 5536009.1 | C83: =IF('20230101-20261006'!C892="","",'20230101-20261006'!C892) -> 7519.12 | D83: =IF(OR(B83="",B82=""),"",B83/B82-1) -> 0.0029446563 | E83: =IF(D83="",E82,(1+E82)*(1+D83)-1) -> 0.06184198 | F83: =MAX(F82,E83) -> 0.06184198 | G83: =(1+E83)/(1+F83)-1 -> 0 | H83: =C83/C81-1 -> 0.0061082737 | I83: =IF(H83="",I82,(1+I82)*(1+H83)-1) -> 0.077787525 | J83: =MAX(J82,I83) -> 0.077787525 | K83: =(1+I83)/(1+J83)-1 -> 0 | L83: =B83/B81-1 -> 0.0029446522 | M83: =H83 -> 0.0061082737 | N83: =L83-M83 -> -0.0031636214 | O83: =IF(N83="",O82,(1+O82)*(1+N83)-1) -> -0.021250787 | P83: =MIN(D83,0)^2 -> 0 | Q83: =IF(H83="","",MIN(H83,0)^2) -> 0 | R83: =-10% -> -0.1 | S83: =STDEV(D64:D83)*SQRT(252) -> 0.026209083 | T83: =STDEV(H63:H83)*SQRT(252) -> 0.10760356 | U83: =H87 -> 0.002625309 | V83: =MIN(U83,0)^2 -> 0
A84: =IF('20230101-20261006'!A893="","",'20230101-20261006'!A893) -> 46169 | B84: =IF('20230101-20261006'!B893="","",'20230101-20261006'!B893) -> 5545578.3 | C84: =IF('20230101-20261006'!C893="","",'20230101-20261006'!C893) -> 7520.36 | D84: =IF(OR(B84="",B83=""),"",B84/B83-1) -> 0.0017285391 | E84: =IF(D84="",E83,(1+E83)*(1+D84)-1) -> 0.063677415 | F84: =MAX(F83,E84) -> 0.063677415 | G84: =(1+E84)/(1+F84)-1 -> 0 | H84: =C84/C83-1 -> 0.00016491292 | I84: =IF(H84="",I83,(1+I83)*(1+H84)-1) -> 0.077965266 | J84: =MAX(J83,I84) -> 0.077965266 | K84: =(1+I84)/(1+J84)-1 -> 0 | L84: =B84/B83-1 -> 0.0017285391 | M84: =H84 -> 0.00016491292 | N84: =L84-M84 -> 0.0015636261 | O84: =IF(N84="",O83,(1+O83)*(1+N84)-1) -> -0.019720389 | P84: =MIN(D84,0)^2 -> 0 | Q84: =IF(H84="","",MIN(H84,0)^2) -> 0 | R84: =-10% -> -0.1 | S84: =STDEV(D65:D84)*SQRT(252) -> 0.026695373 | T84: =STDEV(H64:H84)*SQRT(252) -> 0.1045255 | U84: =H88 -> 0.0012921121 | V84: =MIN(U84,0)^2 -> 0
A85: =IF('20230101-20261006'!A894="","",'20230101-20261006'!A894) -> 46170 | B85: =IF('20230101-20261006'!B894="","",'20230101-20261006'!B894) -> 5528226.4 | C85: =IF('20230101-20261006'!C894="","",'20230101-20261006'!C894) -> 7563.63 | D85: =IF(OR(B85="",B84=""),"",B85/B84-1) -> -0.0031289575 | E85: =IF(D85="",E84,(1+E84)*(1+D85)-1) -> 0.060349213 | F85: =MAX(F84,E85) -> 0.063677415 | G85: =(1+E85)/(1+F85)-1 -> -0.0031289575 | H85: =C85/C84-1 -> 0.0057537139 | I85: =IF(H85="",I84,(1+I84)*(1+H85)-1) -> 0.08416757 | J85: =MAX(J84,I85) -> 0.08416757 | K85: =(1+I85)/(1+J85)-1 -> 0 | L85: =B85/B84-1 -> -0.0031289575 | M85: =H85 -> 0.0057537139 | N85: =L85-M85 -> -0.0088826714 | O85: =IF(N85="",O84,(1+O84)*(1+N85)-1) -> -0.028427891 | P85: =MIN(D85,0)^2 -> 9.7903748e-06 | Q85: =IF(H85="","",MIN(H85,0)^2) -> 0 | R85: =-10% -> -0.1 | S85: =STDEV(D66:D85)*SQRT(252) -> 0.028773366 | T85: =STDEV(H65:H85)*SQRT(252) -> 0.10444427 | U85: =H89 -> -0.0073720922 | V85: =MIN(U85,0)^2 -> 5.4347744e-05
A86: =IF('20230101-20261006'!A895="","",'20230101-20261006'!A895) -> 46171 | B86: =IF('20230101-20261006'!B895="","",'20230101-20261006'!B895) -> 5531606.4 | C86: =IF('20230101-20261006'!C895="","",'20230101-20261006'!C895) -> 7580.06 | D86: =IF(OR(B86="",B85=""),"",B86/B85-1) -> 0.00061141315 | E86: =IF(D86="",E85,(1+E85)*(1+D86)-1) -> 0.060997525 | F86: =MAX(F85,E86) -> 0.063677415 | G86: =(1+E86)/(1+F86)-1 -> -0.0025194574 | H86: =C86/C85-1 -> 0.0021722374 | I86: =IF(H86="",I85,(1+I85)*(1+H86)-1) -> 0.086522639 | J86: =MAX(J85,I86) -> 0.086522639 | K86: =(1+I86)/(1+J86)-1 -> 0 | L86: =B86/B85-1 -> 0.00061141315 | M86: =H86 -> 0.0021722374 | N86: =L86-M86 -> -0.0015608243 | O86: =IF(N86="",O85,(1+O85)*(1+N86)-1) -> -0.029944344 | P86: =MIN(D86,0)^2 -> 0 | Q86: =IF(H86="","",MIN(H86,0)^2) -> 0 | R86: =-10% -> -0.1 | S86: =STDEV(D67:D86)*SQRT(252) -> 0.028785882 | T86: =STDEV(H66:H86)*SQRT(252) -> 0.10082538 | U86: =H90 -> 0.0040549772 | V86: =MIN(U86,0)^2 -> 0
A87: =IF('20230101-20261006'!A896="","",'20230101-20261006'!A896) -> 46174 | B87: =IF('20230101-20261006'!B896="","",'20230101-20261006'!B896) -> 5545176.3 | C87: =IF('20230101-20261006'!C896="","",'20230101-20261006'!C896) -> 7599.96 | D87: =IF(OR(B87="",B86=""),"",B87/B86-1) -> 0.002453148 | E87: =IF(D87="",E86,(1+E86)*(1+D87)-1) -> 0.063600309 | F87: =MAX(F86,E87) -> 0.063677415 | G87: =(1+E87)/(1+F87)-1 -> -7.2490039e-05 | H87: =C87/C86-1 -> 0.002625309 | I87: =IF(H87="",I86,(1+I86)*(1+H87)-1) -> 0.089375097 | J87: =MAX(J86,I87) -> 0.089375097 | K87: =(1+I87)/(1+J87)-1 -> 0 | L87: =B87/B86-1 -> 0.002453148 | M87: =H87 -> 0.002625309 | N87: =L87-M87 -> -0.00017216108 | O87: =IF(N87="",O86,(1+O86)*(1+N87)-1) -> -0.03011135 | P87: =MIN(D87,0)^2 -> 0 | Q87: =IF(H87="","",MIN(H87,0)^2) -> 0 | R87: =-10% -> -0.1 | S87: =STDEV(D68:D87)*SQRT(252) -> 0.029611325 | T87: =STDEV(H67:H87)*SQRT(252) -> 0.10081532 | U87: =H91 -> -0.026445385 | V87: =MIN(U87,0)^2 -> 0.0006993584
A88: =IF('20230101-20261006'!A897="","",'20230101-20261006'!A897) -> 46175 | B88: =IF('20230101-20261006'!B897="","",'20230101-20261006'!B897) -> 5549074.1 | C88: =IF('20230101-20261006'!C897="","",'20230101-20261006'!C897) -> 7609.78 | D88: =IF(OR(B88="",B87=""),"",B88/B87-1) -> 0.0007029287 | E88: =IF(D88="",E87,(1+E87)*(1+D88)-1) -> 0.064347944 | F88: =MAX(F87,E88) -> 0.064347944 | G88: =(1+E88)/(1+F88)-1 -> 0 | H88: =C88/C87-1 -> 0.0012921121 | I88: =IF(H88="",I87,(1+I87)*(1+H88)-1) -> 0.090782691 | J88: =MAX(J87,I88) -> 0.090782691 | K88: =(1+I88)/(1+J88)-1 -> 0 | L88: =B88/B87-1 -> 0.0007029287 | M88: =H88 -> 0.0012921121 | N88: =L88-M88 -> -0.00058918336 | O88: =IF(N88="",O87,(1+O87)*(1+N88)-1) -> -0.030682792 | P88: =MIN(D88,0)^2 -> 0 | Q88: =IF(H88="","",MIN(H88,0)^2) -> 0 | R88: =-10% -> -0.1 | S88: =STDEV(D69:D88)*SQRT(252) -> 0.029618497 | T88: =STDEV(H68:H88)*SQRT(252) -> 0.097931439 | U88: =H92 -> 0.0029781655 | V88: =MIN(U88,0)^2 -> 0
A89: =IF('20230101-20261006'!A898="","",'20230101-20261006'!A898) -> 46176 | B89: =IF('20230101-20261006'!B898="","",'20230101-20261006'!B898) -> 5566157.2 | C89: =IF('20230101-20261006'!C898="","",'20230101-20261006'!C898) -> 7553.68 | D89: =IF(OR(B89="",B88=""),"",B89/B88-1) -> 0.0030785385 | E89: =IF(D89="",E88,(1+E88)*(1+D89)-1) -> 0.06762458 | F89: =MAX(F88,E89) -> 0.06762458 | G89: =(1+E89)/(1+F89)-1 -> 0 | H89: =C89/C88-1 -> -0.0073720922 | I89: =IF(H89="",I88,(1+I88)*(1+H89)-1) -> 0.082741341 | J89: =MAX(J88,I89) -> 0.090782691 | K89: =(1+I89)/(1+J89)-1 -> -0.0073720922 | L89: =B89/B88-1 -> 0.0030785385 | M89: =H89 -> -0.0073720922 | N89: =L89-M89 -> 0.010450631 | O89: =IF(N89="",O88,(1+O88)*(1+N89)-1) -> -0.020552816 | P89: =MIN(D89,0)^2 -> 0 | Q89: =IF(H89="","",MIN(H89,0)^2) -> 5.4347744e-05 | R89: =-10% -> -0.1 | S89: =STDEV(D70:D89)*SQRT(252) -> 0.025702182 | T89: =STDEV(H69:H89)*SQRT(252) -> 0.10208795 | U89: =H93 -> -0.0025763834 | V89: =MIN(U89,0)^2 -> 6.6377515e-06
A90: =IF('20230101-20261006'!A899="","",'20230101-20261006'!A899) -> 46177 | B90: =IF('20230101-20261006'!B899="","",'20230101-20261006'!B899) -> 5566943.7 | C90: =IF('20230101-20261006'!C899="","",'20230101-20261006'!C899) -> 7584.31 | D90: =IF(OR(B90="",B89=""),"",B90/B89-1) -> 0.00014129943 | E90: =IF(D90="",E89,(1+E89)*(1+D90)-1) -> 0.067775435 | F90: =MAX(F89,E90) -> 0.067775435 | G90: =(1+E90)/(1+F90)-1 -> 0 | H90: =C90/C89-1 -> 0.0040549772 | I90: =IF(H90="",I89,(1+I89)*(1+H90)-1) -> 0.087131832 | J90: =MAX(J89,I90) -> 0.090782691 | K90: =(1+I90)/(1+J90)-1 -> -0.0033470087 | L90: =B90/B89-1 -> 0.00014129943 | M90: =H90 -> 0.0040549772 | N90: =L90-M90 -> -0.0039136777 | O90: =IF(N90="",O89,(1+O89)*(1+N90)-1) -> -0.024386056 | P90: =MIN(D90,0)^2 -> 0 | Q90: =IF(H90="","",MIN(H90,0)^2) -> 0 | R90: =-10% -> -0.1 | S90: =STDEV(D71:D90)*SQRT(252) -> 0.025081107 | T90: =STDEV(H70:H90)*SQRT(252) -> 0.091133606 | U90: =H94 -> -0.016199495 | V90: =MIN(U90,0)^2 -> 0.00026242364
A91: =IF('20230101-20261006'!A900="","",'20230101-20261006'!A900) -> 46178 | B91: =IF('20230101-20261006'!B900="","",'20230101-20261006'!B900) -> 5576233.8 | C91: =IF('20230101-20261006'!C900="","",'20230101-20261006'!C900) -> 7383.74 | D91: =IF(OR(B91="",B90=""),"",B91/B90-1) -> 0.0016688131 | E91: =IF(D91="",E90,(1+E90)*(1+D91)-1) -> 0.069557353 | F91: =MAX(F90,E91) -> 0.069557353 | G91: =(1+E91)/(1+F91)-1 -> 0 | H91: =C91/C90-1 -> -0.026445385 | I91: =IF(H91="",I90,(1+I90)*(1+H91)-1) -> 0.058382212 | J91: =MAX(J90,I91) -> 0.090782691 | K91: =(1+I91)/(1+J91)-1 -> -0.029703881 | L91: =B91/B90-1 -> 0.0016688131 | M91: =H91 -> -0.026445385 | N91: =L91-M91 -> 0.028114198 | O91: =IF(N91="",O90,(1+O90)*(1+N91)-1) -> 0.0030425476 | P91: =MIN(D91,0)^2 -> 0 | Q91: =IF(H91="","",MIN(H91,0)^2) -> 0.0006993584 | R91: =-10% -> -0.1 | S91: =STDEV(D72:D91)*SQRT(252) -> 0.025011874 | T91: =STDEV(H71:H91)*SQRT(252) -> 0.13394019 | U91: =H95 -> 0.017518945 | V91: =MIN(U91,0)^2 -> 0
A92: =IF('20230101-20261006'!A901="","",'20230101-20261006'!A901) -> 46181 | B92: =IF('20230101-20261006'!B901="","",'20230101-20261006'!B901) -> 5576783.8 | C92: =IF('20230101-20261006'!C901="","",'20230101-20261006'!C901) -> 7405.73 | D92: =IF(OR(B92="",B91=""),"",B92/B91-1) -> 9.8624612e-05 | E92: =IF(D92="",E91,(1+E91)*(1+D92)-1) -> 0.069662837 | F92: =MAX(F91,E92) -> 0.069662837 | G92: =(1+E92)/(1+F92)-1 -> 0 | H92: =C92/C91-1 -> 0.0029781655 | I92: =IF(H92="",I91,(1+I91)*(1+H92)-1) -> 0.06153425 | J92: =MAX(J91,I92) -> 0.090782691 | K92: =(1+I92)/(1+J92)-1 -> -0.026814179 | L92: =B92/B91-1 -> 9.8624612e-05 | M92: =H92 -> 0.0029781655 | N92: =L92-M92 -> -0.0028795409 | O92: =IF(N92="",O91,(1+O91)*(1+N92)-1) -> 0.00015424549 | P92: =MIN(D92,0)^2 -> 0 | Q92: =IF(H92="","",MIN(H92,0)^2) -> 0 | R92: =-10% -> -0.1 | S92: =STDEV(D73:D92)*SQRT(252) -> 0.025110837 | T92: =STDEV(H72:H92)*SQRT(252) -> 0.13094682 | U92: =H96 -> 0.0050254926 | V92: =MIN(U92,0)^2 -> 0
A93: =IF('20230101-20261006'!A902="","",'20230101-20261006'!A902) -> 46182 | B93: =IF('20230101-20261006'!B902="","",'20230101-20261006'!B902) -> 5508240.1 | C93: =IF('20230101-20261006'!C902="","",'20230101-20261006'!C902) -> 7386.65 | D93: =IF(OR(B93="",B92=""),"",B93/B92-1) -> -0.012290904 | E93: =IF(D93="",E92,(1+E92)*(1+D93)-1) -> 0.056515714 | F93: =MAX(F92,E93) -> 0.069662837 | G93: =(1+E93)/(1+F93)-1 -> -0.012290904 | H93: =C93/C92-1 -> -0.0025763834 | I93: =IF(H93="",I92,(1+I92)*(1+H93)-1) -> 0.05879933 | J93: =MAX(J92,I93) -> 0.090782691 | K93: =(1+I93)/(1+J93)-1 -> -0.029321478 | L93: =B93/B92-1 -> -0.012290904 | M93: =H93 -> -0.0025763834 | N93: =L93-M93 -> -0.0097145209 | O93: =IF(N93="",O92,(1+O92)*(1+N93)-1) -> -0.0095617738 | P93: =MIN(D93,0)^2 -> 0.00015106633 | Q93: =IF(H93="","",MIN(H93,0)^2) -> 6.6377515e-06 | R93: =-10% -> -0.1 | S93: =STDEV(D74:D93)*SQRT(252) -> 0.052382747 | T93: =STDEV(H73:H93)*SQRT(252) -> 0.13108909 | U93: =H97 -> 0.016528381 | V93: =MIN(U93,0)^2 -> 0
A94: =IF('20230101-20261006'!A903="","",'20230101-20261006'!A903) -> 46183 | B94: =IF('20230101-20261006'!B903="","",'20230101-20261006'!B903) -> 5508587.6 | C94: =IF('20230101-20261006'!C903="","",'20230101-20261006'!C903) -> 7266.99 | D94: =IF(OR(B94="",B93=""),"",B94/B93-1) -> 6.3080863e-05 | E94: =IF(D94="",E93,(1+E93)*(1+D94)-1) -> 0.05658236 | F94: =MAX(F93,E94) -> 0.069662837 | G94: =(1+E94)/(1+F94)-1 -> -0.012228599 | H94: =C94/C93-1 -> -0.016199495 | I94: =IF(H94="",I93,(1+I93)*(1+H94)-1) -> 0.041647316 | J94: =MAX(J93,I94) -> 0.090782691 | K94: =(1+I94)/(1+J94)-1 -> -0.04504598 | L94: =B94/B93-1 -> 6.3080863e-05 | M94: =H94 -> -0.016199495 | N94: =L94-M94 -> 0.016262576 | O94: =IF(N94="",O93,(1+O93)*(1+N94)-1) -> 0.006545303 | P94: =MIN(D94,0)^2 -> 0 | Q94: =IF(H94="","",MIN(H94,0)^2) -> 0.00026242364 | R94: =-10% -> -0.1 | S94: =STDEV(D75:D94)*SQRT(252) -> 0.052313029 | T94: =STDEV(H74:H94)*SQRT(252) -> 0.14294649 | U94: =H98 -> -0.0056841874 | V94: =MIN(U94,0)^2 -> 3.2309986e-05
A95: =IF('20230101-20261006'!A904="","",'20230101-20261006'!A904) -> 46184 | B95: =IF('20230101-20261006'!B904="","",'20230101-20261006'!B904) -> 5493656.6 | C95: =IF('20230101-20261006'!C904="","",'20230101-20261006'!C904) -> 7394.3 | D95: =IF(OR(B95="",B94=""),"",B95/B94-1) -> -0.0027104823 | E95: =IF(D95="",E94,(1+E94)*(1+D95)-1) -> 0.053718512 | F95: =MAX(F94,E95) -> 0.069662837 | G95: =(1+E95)/(1+F95)-1 -> -0.014905936 | H95: =C95/C94-1 -> 0.017518945 | I95: =IF(H95="",I94,(1+I94)*(1+H95)-1) -> 0.059895878 | J95: =MAX(J94,I95) -> 0.090782691 | K95: =(1+I95)/(1+J95)-1 -> -0.028316193 | L95: =B95/B94-1 -> -0.0027104823 | M95: =H95 -> 0.017518945 | N95: =L95-M95 -> -0.020229428 | O95: =IF(N95="",O94,(1+O94)*(1+N95)-1) -> -0.013816532 | P95: =MIN(D95,0)^2 -> 7.3467142e-06 | Q95: =IF(H95="","",MIN(H95,0)^2) -> 0 | R95: =-10% -> -0.1 | S95: =STDEV(D76:D95)*SQRT(252) -> 0.053248791 | T95: =STDEV(H75:H95)*SQRT(252) -> 0.15566255 | U95: =H99 -> -0.012148282 | V95: =MIN(U95,0)^2 -> 0.00014758076
A96: =IF('20230101-20261006'!A905="","",'20230101-20261006'!A905) -> 46185 | B96: =IF('20230101-20261006'!B905="","",'20230101-20261006'!B905) -> 5464683.6 | C96: =IF('20230101-20261006'!C905="","",'20230101-20261006'!C905) -> 7431.46 | D96: =IF(OR(B96="",B95=""),"",B96/B95-1) -> -0.0052739038 | E96: =IF(D96="",E95,(1+E95)*(1+D96)-1) -> 0.048161302 | F96: =MAX(F95,E96) -> 0.069662837 | G96: =(1+E96)/(1+F96)-1 -> -0.020101227 | H96: =C96/C95-1 -> 0.0050254926 | I96: =IF(H96="",I95,(1+I95)*(1+H96)-1) -> 0.065222377 | J96: =MAX(J95,I96) -> 0.090782691 | K96: =(1+I96)/(1+J96)-1 -> -0.023433003 | L96: =B96/B95-1 -> -0.0052739038 | M96: =H96 -> 0.0050254926 | N96: =L96-M96 -> -0.010299396 | O96: =IF(N96="",O95,(1+O95)*(1+N96)-1) -> -0.023973627 | P96: =MIN(D96,0)^2 -> 2.7814062e-05 | Q96: =IF(H96="","",MIN(H96,0)^2) -> 0 | R96: =-10% -> -0.1 | S96: =STDEV(D77:D96)*SQRT(252) -> 0.056390025 | T96: =STDEV(H76:H96)*SQRT(252) -> 0.1541545 | U96: =H100 -> 0.010846215 | V96: =MIN(U96,0)^2 -> 0
A97: =IF('20230101-20261006'!A906="","",'20230101-20261006'!A906) -> 46188 | B97: =IF('20230101-20261006'!B906="","",'20230101-20261006'!B906) -> 5465901.4 | C97: =IF('20230101-20261006'!C906="","",'20230101-20261006'!C906) -> 7554.29 | D97: =IF(OR(B97="",B96=""),"",B97/B96-1) -> 0.00022284447 | E97: =IF(D97="",E96,(1+E96)*(1+D97)-1) -> 0.048394879 | F97: =MAX(F96,E97) -> 0.069662837 | G97: =(1+E97)/(1+F97)-1 -> -0.019882862 | H97: =C97/C96-1 -> 0.016528381 | I97: =IF(H97="",I96,(1+I96)*(1+H97)-1) -> 0.082828778 | J97: =MAX(J96,I97) -> 0.090782691 | K97: =(1+I97)/(1+J97)-1 -> -0.0072919322 | L97: =B97/B96-1 -> 0.00022284447 | M97: =H97 -> 0.016528381 | N97: =L97-M97 -> -0.016305536 | O97: =IF(N97="",O96,(1+O96)*(1+N97)-1) -> -0.03988826 | P97: =MIN(D97,0)^2 -> 0 | Q97: =IF(H97="","",MIN(H97,0)^2) -> 0 | R97: =-10% -> -0.1 | S97: =STDEV(D78:D97)*SQRT(252) -> 0.056145788 | T97: =STDEV(H77:H97)*SQRT(252) -> 0.15852317 | U97: =H102 -> -0.0037050468 | V97: =MIN(U97,0)^2 -> 1.3727372e-05
A98: =IF('20230101-20261006'!A907="","",'20230101-20261006'!A907) -> 46189 | B98: =IF('20230101-20261006'!B907="","",'20230101-20261006'!B907) -> 5466313.3 | C98: =IF('20230101-20261006'!C907="","",'20230101-20261006'!C907) -> 7511.35 | D98: =IF(OR(B98="",B97=""),"",B98/B97-1) -> 7.536127e-05 | E98: =IF(D98="",E97,(1+E97)*(1+D98)-1) -> 0.048473887 | F98: =MAX(F97,E98) -> 0.069662837 | G98: =(1+E98)/(1+F98)-1 -> -0.019808999 | H98: =C98/C97-1 -> -0.0056841874 | I98: =IF(H98="",I97,(1+I97)*(1+H98)-1) -> 0.076673776 | J98: =MAX(J97,I98) -> 0.090782691 | K98: =(1+I98)/(1+J98)-1 -> -0.012934671 | L98: =B98/B97-1 -> 7.536127e-05 | M98: =H98 -> -0.0056841874 | N98: =L98-M98 -> 0.0057595487 | O98: =IF(N98="",O97,(1+O97)*(1+N98)-1) -> -0.03435845 | P98: =MIN(D98,0)^2 -> 0 | Q98: =IF(H98="","",MIN(H98,0)^2) -> 3.2309986e-05 | R98: =-10% -> -0.1 | S98: =STDEV(D79:D98)*SQRT(252) -> 0.055774252 | T98: =STDEV(H78:H98)*SQRT(252) -> 0.16021526 | U98: =H103 -> -0.014362775 | V98: =MIN(U98,0)^2 -> 0.0002062893
A99: =IF('20230101-20261006'!A908="","",'20230101-20261006'!A908) -> 46190 | B99: =IF('20230101-20261006'!B908="","",'20230101-20261006'!B908) -> 5466684.5 | C99: =IF('20230101-20261006'!C908="","",'20230101-20261006'!C908) -> 7420.1 | D99: =IF(OR(B99="",B98=""),"",B99/B98-1) -> 6.7908327e-05 | E99: =IF(D99="",E98,(1+E98)*(1+D99)-1) -> 0.048545087 | F99: =MAX(F98,E99) -> 0.069662837 | G99: =(1+E99)/(1+F99)-1 -> -0.019742436 | H99: =C99/C98-1 -> -0.012148282 | I99: =IF(H99="",I98,(1+I98)*(1+H99)-1) -> 0.063594039 | J99: =MAX(J98,I99) -> 0.090782691 | K99: =(1+I99)/(1+J99)-1 -> -0.024925819 | L99: =B99/B98-1 -> 6.7908327e-05 | M99: =H99 -> -0.012148282 | N99: =L99-M99 -> 0.012216191 | O99: =IF(N99="",O98,(1+O98)*(1+N99)-1) -> -0.022561989 | P99: =MIN(D99,0)^2 -> 0 | Q99: =IF(H99="","",MIN(H99,0)^2) -> 0.00014758076 | R99: =-10% -> -0.1 | S99: =STDEV(D80:D99)*SQRT(252) -> 0.05471302 | T99: =STDEV(H79:H99)*SQRT(252) -> 0.16470395 | U99: =H104 -> -0.00098296644 | V99: =MIN(U99,0)^2 -> 9.6622302e-07
A100: =IF('20230101-20261006'!A909="","",'20230101-20261006'!A909) -> 46191 | B100: =IF('20230101-20261006'!B909="","",'20230101-20261006'!B909) -> 5466686.7 | C100: =IF('20230101-20261006'!C909="","",'20230101-20261006'!C909) -> 7500.58 | D100: =IF(OR(B100="",B99=""),"",B100/B99-1) -> 3.99778e-07 | E100: =IF(D100="",E99,(1+E99)*(1+D100)-1) -> 0.048545506 | F100: =MAX(F99,E100) -> 0.069662837 | G100: =(1+E100)/(1+F100)-1 -> -0.019742044 | H100: =C100/C99-1 -> 0.010846215 | I100: =IF(H100="",I99,(1+I99)*(1+H100)-1) -> 0.075130009 | J100: =MAX(J99,I100) -> 0.090782691 | K100: =(1+I100)/(1+J100)-1 -> -0.014349955 | L100: =B100/B99-1 -> 3.99778e-07 | M100: =H100 -> 0.010846215 | N100: =L100-M100 -> -0.010845815 | O100: =IF(N100="",O99,(1+O99)*(1+N100)-1) -> -0.033163101 | P100: =MIN(D100,0)^2 -> 0 | Q100: =IF(H100="","",MIN(H100,0)^2) -> 0 | R100: =-10% -> -0.1 | S100: =STDEV(D81:D100)*SQRT(252) -> 0.054689904 | T100: =STDEV(H80:H100)*SQRT(252) -> 0.164749 | U100: =H105 -> -9.9208776e-05 | V100: =MIN(U100,0)^2 -> 9.8423812e-09
A101: =IF('20230101-20261006'!A910="","",'20230101-20261006'!A910) -> 46192 | B101: =IF('20230101-20261006'!B910="","",'20230101-20261006'!B910) -> 5466686.7 | C101: =IF('20230101-20261006'!C910="","",'20230101-20261006'!C910) | D101: =IF(OR(B101="",B100=""),"",B101/B100-1) -> 0 | E101: =IF(D101="",E100,(1+E100)*(1+D101)-1) -> 0.048545506 | F101: =MAX(F100,E101) -> 0.069662837 | G101: =(1+E101)/(1+F101)-1 -> -0.019742044 | H101: ="" | I101: =IF(H101="",I100,(1+I100)*(1+H101)-1) -> 0.075130009 | J101: =MAX(J100,I101) -> 0.090782691 | K101: =(1+I101)/(1+J101)-1 -> -0.014349955 | L101: ="" | M101: ="" | N101: ="" | O101: =IF(N101="",O100,(1+O100)*(1+N101)-1) -> -0.033163101 | P101: =MIN(D101,0)^2 -> 0 | Q101: =IF(H101="","",MIN(H101,0)^2) | R101: =-10% -> -0.1 | S101: =STDEV(D82:D101)*SQRT(252) -> 0.054306643 | T101: =STDEV(H80:H101)*SQRT(252) -> 0.164749 | U101: =H106 -> -0.00047162823 | V101: =MIN(U101,0)^2 -> 2.2243319e-07
A102: =IF('20230101-20261006'!A911="","",'20230101-20261006'!A911) -> 46195 | B102: =IF('20230101-20261006'!B911="","",'20230101-20261006'!B911) -> 5468330.4 | C102: =IF('20230101-20261006'!C911="","",'20230101-20261006'!C911) -> 7472.79 | D102: =IF(OR(B102="",B101=""),"",B102/B101-1) -> 0.00030067091 | E102: =IF(D102="",E101,(1+E101)*(1+D102)-1) -> 0.048860773 | F102: =MAX(F101,E102) -> 0.069662837 | G102: =(1+E102)/(1+F102)-1 -> -0.019447309 | H102: =C102/C100-1 -> -0.0037050468 | I102: =IF(H102="",I101,(1+I101)*(1+H102)-1) -> 0.071146602 | J102: =MAX(J101,I102) -> 0.090782691 | K102: =(1+I102)/(1+J102)-1 -> -0.018001834 | L102: =B102/B100-1 -> 0.00030067091 | M102: =H102 -> -0.0037050468 | N102: =L102-M102 -> 0.0040057177 | O102: =IF(N102="",O101,(1+O101)*(1+N102)-1) -> -0.029290225 | P102: =MIN(D102,0)^2 -> 0 | Q102: =IF(H102="","",MIN(H102,0)^2) -> 1.3727372e-05 | R102: =-10% -> -0.1 | S102: =STDEV(D83:D102)*SQRT(252) -> 0.054352164 | T102: =STDEV(H81:H102)*SQRT(252) -> 0.16534297 | U102: =H107 -> 0.011750036 | V102: =MIN(U102,0)^2 -> 0
A103: =IF('20230101-20261006'!A912="","",'20230101-20261006'!A912) -> 46196 | B103: =IF('20230101-20261006'!B912="","",'20230101-20261006'!B912) -> 5468722.5 | C103: =IF('20230101-20261006'!C912="","",'20230101-20261006'!C912) -> 7365.46 | D103: =IF(OR(B103="",B102=""),"",B103/B102-1) -> 7.1715259e-05 | E103: =IF(D103="",E102,(1+E102)*(1+D103)-1) -> 0.048935993 | F103: =MAX(F102,E103) -> 0.069662837 | G103: =(1+E103)/(1+F103)-1 -> -0.019376988 | H103: =C103/C102-1 -> -0.014362775 | I103: =IF(H103="",I102,(1+I102)*(1+H103)-1) -> 0.055761965 | J103: =MAX(J102,I103) -> 0.090782691 | K103: =(1+I103)/(1+J103)-1 -> -0.032106053 | L103: =B103/B102-1 -> 7.1715259e-05 | M103: =H103 -> -0.014362775 | N103: =L103-M103 -> 0.01443449 | O103: =IF(N103="",O102,(1+O102)*(1+N103)-1) -> -0.015278524 | P103: =MIN(D103,0)^2 -> 0 | Q103: =IF(H103="","",MIN(H103,0)^2) -> 0.0002062893 | R103: =-10% -> -0.1 | S103: =STDEV(D84:D103)*SQRT(252) -> 0.052901004 | T103: =STDEV(H83:H103)*SQRT(252) -> 0.17258339 | U103: =H108 -> 0.0079202412 | V103: =MIN(U103,0)^2 -> 0
A104: =IF('20230101-20261006'!A913="","",'20230101-20261006'!A913) -> 46197 | B104: =IF('20230101-20261006'!B913="","",'20230101-20261006'!B913) -> 5466154.7 | C104: =IF('20230101-20261006'!C913="","",'20230101-20261006'!C913) -> 7358.22 | D104: =IF(OR(B104="",B103=""),"",B104/B103-1) -> -0.00046954526 | E104: =IF(D104="",E103,(1+E103)*(1+D104)-1) -> 0.04844347 | F104: =MAX(F103,E104) -> 0.069662837 | G104: =(1+E104)/(1+F104)-1 -> -0.019837435 | H104: =C104/C103-1 -> -0.00098296644 | I104: =IF(H104="",I103,(1+I103)*(1+H104)-1) -> 0.054724186 | J104: =MAX(J103,I104) -> 0.090782691 | K104: =(1+I104)/(1+J104)-1 -> -0.03305746 | L104: =B104/B103-1 -> -0.00046954526 | M104: =H104 -> -0.00098296644 | N104: =L104-M104 -> 0.00051342118 | O104: =IF(N104="",O103,(1+O103)*(1+N104)-1) -> -0.014772948 | P104: =MIN(D104,0)^2 -> 2.2047275e-07 | Q104: =IF(H104="","",MIN(H104,0)^2) -> 9.6622302e-07 | R104: =-10% -> -0.1 | S104: =STDEV(D85:D104)*SQRT(252) -> 0.052185026 | T104: =STDEV(H84:H104)*SQRT(252) -> 0.17071429 | U104: =H109 -> -0.0021508502 | V104: =MIN(U104,0)^2 -> 4.6261566e-06
A105: =IF('20230101-20261006'!A914="","",'20230101-20261006'!A914) -> 46198 | B105: =IF('20230101-20261006'!B914="","",'20230101-20261006'!B914) -> 5471330.9 | C105: =IF('20230101-20261006'!C914="","",'20230101-20261006'!C914) -> 7357.49 | D105: =IF(OR(B105="",B104=""),"",B105/B104-1) -> 0.00094695412 | E105: =IF(D105="",E104,(1+E104)*(1+D105)-1) -> 0.049436298 | F105: =MAX(F104,E105) -> 0.069662837 | G105: =(1+E105)/(1+F105)-1 -> -0.018909266 | H105: =C105/C104-1 -> -9.9208776e-05 | I105: =IF(H105="",I104,(1+I104)*(1+H105)-1) -> 0.054619548 | J105: =MAX(J104,I105) -> 0.090782691 | K105: =(1+I105)/(1+J105)-1 -> -0.033153389 | L105: =B105/B104-1 -> 0.00094695412 | M105: =H105 -> -9.9208776e-05 | N105: =L105-M105 -> 0.0010461629 | O105: =IF(N105="",O104,(1+O104)*(1+N105)-1) -> -0.01374224 | P105: =MIN(D105,0)^2 -> 0 | Q105: =IF(H105="","",MIN(H105,0)^2) -> 9.8423812e-09 | R105: =-10% -> -0.1 | S105: =STDEV(D86:D105)*SQRT(252) -> 0.051688481 | T105: =STDEV(H85:H105)*SQRT(252) -> 0.17069243 | U105: =H110 -> 1.3363213e-06 | V105: =MIN(U105,0)^2 -> 0
...

Sheet 2026 Drawdowns
A1: Portfolio | B1: Rank | C1: Peak Date | D1: Trough Date | E1: Recovery Date | F1: Max Drawdown | G1: Peak-to-Trough Days | H1: Trough-to-Recovery Days | I1: Total Underwater Days | J1: Status
A2: SDC | B2: 1 | C2: 46181 | D2: 46185 | E2: 46245 | F2: -0.020101227 | G2: 4 | H2: 60 | I2: 64 | J2: Recovered
A3: SDC | B3: 2 | C3: 46128 | D3: 46133 | E3: 46136 | F3: -0.0081212393 | G3: 5 | H3: 3 | I3: 8 | J3: Recovered
A4: SDC | B4: 3 | C4: 46141 | D4: 46148 | E4: 46162 | F4: -0.0052545438 | G4: 7 | H4: 14 | I4: 21 | J4: Recovered
A5: SDC | B5: 4 | C5: 46058 | D5: 46059 | E5: 46064 | F5: -0.003295987 | G5: 1 | H5: 5 | I5: 6 | J5: Recovered
A6: SDC | B6: 5 | C6: 46055 | D6: 46057 | E6: 46058 | F6: -0.0031430712 | G6: 2 | H6: 1 | I6: 3 | J6: Recovered
A7: SDC | B7: 6 | C7: 46169 | D7: 46170 | E7: 46175 | F7: -0.0031289575 | G7: 1 | H7: 5 | I7: 6 | J7: Recovered
A8: SDC | B8: 7 | C8: 46294 | D8: 46296 | F8: -0.0023207461 | G8: 2 | I8: 6 | J8: Ongoing
A9: SDC | B9: 8 | C9: 46289 | D9: 46290 | E9: 46294 | F9: -0.0021385248 | G9: 1 | H9: 4 | I9: 5 | J9: Recovered
A10: SDC | B10: 9 | C10: 46265 | D10: 46268 | E10: 46269 | F10: -0.0020963649 | G10: 3 | H10: 1 | I10: 4 | J10: Recovered
A11: SDC | B11: 10 | C11: 46246 | D11: 46247 | E11: 46248 | F11: -0.0010987037 | G11: 1 | H11: 1 | I11: 2 | J11: Recovered
A12: S&P 500 | B12: 1 | C12: 46055 | D12: 46111 | E12: 46127 | F12: -0.090693821 | G12: 56 | H12: 16 | I12: 72 | J12: Recovered
A13: S&P 500 | B13: 2 | C13: 46175 | D13: 46183 | E13: 46238 | F13: -0.04504598 | G13: 8 | H13: 55 | I13: 63 | J13: Recovered
A14: S&P 500 | B14: 3 | C14: 46247 | D14: 46281 | F14: -0.031693848 | G14: 34 | I14: 53 | J14: Ongoing
A15: S&P 500 | B15: 4 | C15: 46156 | D15: 46161 | E15: 46168 | F15: -0.019680746 | G15: 5 | H15: 7 | I15: 12 | J15: Recovered
A16: S&P 500 | B16: 5 | C16: 46129 | D16: 46133 | E16: 46134 | F16: -0.0087074765 | G16: 4 | H16: 1 | I16: 5 | J16: Recovered
A17: S&P 500 | B17: 6 | C17: 46139 | D17: 46141 | E17: 46142 | F17: -0.0052913962 | G17: 2 | H17: 1 | I17: 3 | J17: Recovered
A18: S&P 500 | B18: 7 | C18: 46134 | D18: 46135 | E18: 46136 | F18: -0.0041328682 | G18: 1 | H18: 1 | I18: 2 | J18: Recovered
A19: S&P 500 | B19: 8 | C19: 46143 | D19: 46146 | E19: 46147 | F19: -0.0040621732 | G19: 3 | H19: 1 | I19: 4 | J19: Recovered
A20: S&P 500 | B20: 9 | C20: 46148 | D20: 46149 | E20: 46150 | F20: -0.0038030609 | G20: 1 | H20: 1 | I20: 2 | J20: Recovered
A21: S&P 500 | B21: 10 | C21: 46241 | D21: 46245 | E21: 46247 | F21: -0.0037949686 | G21: 4 | H21: 2 | I21: 6 | J21: Recovered

Sheet 2026 Monthly Returns
A1: Month | B1: SDC Return | C1: S&P 500 Return | D1: SDC - S&P
A2: 2026-02 | B2: 0.009947332 | C2: -0.01398421 | D2: 0.023931542
A3: 2026-03 | B3: 0.025626185 | C3: -0.05093271 | D3: 0.076558895
A4: 2026-04 | B4: 0.017832063 | C4: 0.10423343 | D4: -0.086401362
A5: 2026-05 | B5: 0.006353165 | C5: 0.051470313 | D5: -0.045117148
A6: 2026-06 | B6: -0.0097446567 | C6: -0.010646354 | D6: 0.00090169701
A7: 2026-07 | B7: 0.010989894 | C7: -0.001285443 | D7: 0.012275337
A8: 2026-08 | B8: 0.02412029 | C8: 0.026225279 | D8: -0.0021049894
A9: 2026-09 | B9: 0.011992677 | C9: -0.0045016094 | D9: 0.016494286
A10: 2026-10 | B10: -0.00057260031 | C10: 0.015998087 | D10: -0.016570687

Sheet Performance Summary
A1: Performance Comparison — NAV vs S&P 500
A3: Methodology / Assumptions
A4: Analysis period | B4: 44925 | C4: 46300
A5: Annualization | B5: 252 | C5: trading days
A6: Risk-free rate | B6: 0 | D6: Sharpe, alpha and Treynor use 0% risk-free rate.
A7: 2026-02-02 | D7: NAV return excluded because of HK$2m capital injection.
A8: 2025-05-30 to 2025-06-03 | D8: NAV returns excluded because NAV/Total cross zero during an apparent external-flow/data discontinuity. Raw source is preserved.
A9: Duplicate dates | B9: 3 | D9: Identical overlapping rows removed in Analysis Data/statistics.
A11: Portfolio Performance Statistics
A12: Metric | B12: NAV | C12: S&P 500 | D12: Notes
A13: Observations | B13: 977 | C13: 942 | D13: Return observations used
A14: Total Return | B14: 0.39281757 | C14: 1.0247298 | D14: Chain-linked cumulative return
A15: CAGR | B15: 0.092002271 | C15: 0.20609699 | D15: Geometric annualized return
A16: Annualized Arithmetic Return | B16: 0.086662247 | C16: 0.19951915 | D16: Average daily return × 252
A17: Annualized Volatility | B17: 0.048601092 | C17: 0.14682012 | D17: Daily standard deviation × √252
A18: Sharpe Ratio (Rf=0%) | B18: 1.7831337 | C18: 1.358936 | D18: Annualized, 0% risk-free rate
A19: Sortino Ratio (MAR=0%) | B19: 2.2260059 | C19: 2.0267108 | D19: Uses downside deviation only
A20: Downside Deviation (Ann.) | B20: 0.038931723 | C20: 0.098444805 | D20: Annualized downside deviation
A21: Max Drawdown | B21: -0.062788099 | C21: -0.18902208 | D21: Largest peak-to-trough loss
A22: Calmar Ratio | B22: 1.465282 | C22: 1.0903329 | D22: CAGR ÷ |Max Drawdown|
A23: Ulcer Index | B23: 0.023006655 | C23: 0.033764361 | D23: RMS drawdown; lower is better
A24: Martin Ratio | B24: 3.9989416 | C24: 6.1039802 | D24: CAGR ÷ Ulcer Index
... A26: Pain Ratio | B26: 6.0776329 | C26: 10.110459 | D26: CAGR ÷ Pain Index
A27: Average Daily Return | B27: 0.00034389781 | C27: 0.00079174264
A28: Median Daily Return | B28: 0.00059343721 | C28: 0.00090523781
A29: Best Daily Return | B29: 0.020890719 | C29: 0.0951539
A30: Worst Daily Return | B30: -0.037147628 | C30: -0.059749616
A31: Positive Days % | B31: 0.66018424 | C31: 0.5552017
A32: Negative Days % | B32: 0.33162743 | C32: 0.4447983
A33: Avg Up Day | B33: 0.0016314204 | C33: 0.0065936958
A34: Avg Down Day | B34: -0.0022107346 | C34: -0.0064503134
A35: Gain/Loss Ratio | B35: 0.73795399 | C35: 1.0222287 | D35: Average gain ÷ average loss magnitude
A36: Profit Factor | B36: 1.4690751 | C36: 1.2759562 | D36: Sum of gains ÷ sum of losses
A37: Skewness | B37: -3.2064468 | C37: 0.4896647 | D37: Return distribution skew
A38: Excess Kurtosis | B38: 34.427734 | C38: 14.162123 | D38: Fat-tail measure vs normal distribution
A39: Historical VaR 95% (Daily) | B39: 0.0037075547 | C39: 0.014472375 | D39: Historical one-day loss threshold
A40: Historical CVaR 95% (Daily) | B40: 0.0085081062 | C40: 0.02012072 | D40: Average loss in worst 5% of days
A41: Historical VaR 99% (Daily) | B41: 0.010504294 | C41: 0.022845384 | D41: Historical one-day loss threshold
A42: Historical CVaR 99% (Daily) | B42: 0.017427899 | C42: 0.032946111 | D42: Average loss in worst 1% of days
A43: Tail Ratio (95/5) | B43: 0.93844014 | C43: 1.0022375 | D43: 95th percentile gain ÷ |5th percentile loss|
A44: Max Consecutive Up Days | B44: 13 | C44: 9
A45: Max Consecutive Down Days | B45: 8 | C45: 6
A46: Best Month | B46: 0.032681994 | C46: 0.10423343
A47: Worst Month | B47: -0.020177404 | C47: -0.057544714
A48: Positive Months % | B48: 0.70212766 | C48: 0.63829787
A49: Current Drawdown | B49: -0.0020548149 | C49: -0.0032106722 | D49: At analysis end date
A50: Longest Underwater Period (Days) | B50: 325 | C50: 128 | D50: Longest peak-to-recovery span
A51: Max DD Peak Date | B51: 45636 | C51: 45707
A52: Max DD Trough Date | B52: 45846 | C52: 45755
A53: Max DD Recovery Date | B53: 45961 | C53: 45835
A54: Max DD Peak-to-Trough Days | B54: 210 | C54: 48
A55: Max DD Trough-to-Recovery Days | B55: 115 | C55: 80
A56: Max DD Total Underwater Days | B56: 325 | C56: 128
A59: Benchmark-Relative Statistics (Matched S&P Trading Intervals)
A60: Metric | B60: Value | C60: Interpretation | D60: Notes
A61: Matched Trading Intervals | B61: 937
A62: Correlation | B62: 0.21710724 | C62: Daily matched-interval returns
A63: Beta vs S&P 500 | B63: 0.073197867 | C63: Low beta = low market sensitivity
A64: R-squared | B64: 0.047135556 | C64: Share of NAV return variance explained by S&P
A65: Annualized Alpha (Rf=0%) | B65: 0.075897953 | C65: CAPM-style arithmetic alpha
A66: Tracking Error (Ann.) | B66: 0.14473022 | C66: Annualized std. dev. of active returns
A67: Information Ratio | B67: -0.73373337 | C67: Annualized active return ÷ tracking error
A68: Up-Market Capture | B68: 0.12692747 | C68: Avg NAV return ÷ avg S&P return on S&P up days
A69: Down-Market Capture | B69: 0.03703016 | C69: Avg NAV return ÷ avg S&P return on S&P down days
A70: Batting Average vs S&P | B70: 0.48879402 | C70: % matched intervals NAV beats S&P
A71: Cumulative Active Return (Matched Intervals) | B71: -0.35211008 | C71: Compounded NAV minus S&P active-return stream
A72: Treynor Ratio (Rf=0%) | B72: 1.2333602 | C72: Use cautiously because beta is very low
A75: Key Takeaways
A76: Absolute return | B76: NAV 39.3% vs S&P 500 102.5%.
A77: Risk | B77: NAV annualized vol 4.9% vs S&P 14.7%; max drawdown -6.3% vs -18.9%.
A78: Risk-adjusted | B78: Sharpe 1.78 vs 1.36; Sortino 2.23 vs 2.03.
A79: Market exposure | B79: Correlation 0.22, beta 0.07; the NAV has low S&P sensitivity.
A80: Recovery | B80: Worst NAV drawdown stayed underwater 325 days vs S&P 128 days.
A82: S&P 500 source: FRED SP500 series (S&P Dow Jones Indices). Statistics use unique dates; S&P returns use previous available close. NAV analysis excludes the specified 2026-02-02 injection and the 2025-05-30 to 2025-06-03 discontinuity described above.

Sheet Analysis Data
A1: ReportDate | B1: NAV | C1: S&P 500 Close | D1: NAV Daily Return (Adj.) | E1: NAV Cumulative Return (Adj.) | F1: NAV Drawdown | G1: S&P 500 Daily Return | H1: S&P 500 Cumulative Return | I1: S&P 500 Drawdown | J1: Adjustment / Note
A2: 44925 | B2: 2533066.8 | C2: 3839.5 | E2: 0 | F2: 0 | H2: 0 | I2: 0
A3: 44928 | B3: 2533066.8 | D3: 6.1752969e-09 | E3: 6.1752969e-09 | F3: 0 | H3: 0 | I3: 0
A4: 44929 | B4: 2537809.5 | C4: 3824.14 | D4: 0.001872314 | E4: 0.0018723202 | F4: 0 | G4: -0.0040005209 | H4: -0.0040005209 | I4: -0.0040005209
A5: 44930 | B5: 2544705.7 | C5: 3852.97 | D5: 0.0027173961 | E5: 0.0045948041 | F5: 0 | G5: 0.0075389499 | H5: 0.0035082693 | I5: 0
A6: 44931 | B6: 2540339.3 | C6: 3808.1 | D6: -0.0017159106 | E6: 0.0028710092 | F6: -0.0017159106 | G6: -0.011645562 | H6: -0.0081781482 | I6: -0.011645562
A7: 44932 | B7: 2543333 | C7: 3895.08 | D7: 0.0011784774 | E7: 0.0040528701 | F7: -0.00053945532 | G7: 0.022840787 | H7: 0.014475843 | I7: 0
A8: 44935 | B8: 2540522.5 | C8: 3892.09 | D8: -0.0011050267 | E8: 0.0029433648 | F8: -0.0016438859 | G8: -0.00076763507 | H8: 0.013697096 | I8: -0.00076763507
A9: 44936 | B9: 2544599.7 | C9: 3919.25 | D9: 0.0016048691 | E9: 0.0045529577 | F9: -4.165501e-05 | G9: 0.0069782559 | H9: 0.020770934 | I9: 0
A10: 44937 | B10: 2547699.2 | C10: 3969.61 | D10: 0.0012180594 | E10: 0.0057765629 | F10: 0 | G10: 0.012849397 | H10: 0.033887225 | I10: 0
A11: 44938 | B11: 2549929 | C11: 3983.17 | D11: 0.00087521078 | E11: 0.0066568294 | F11: 0 | G11: 0.0034159527 | H11: 0.037418935 | I11: 0
A12: 44939 | B12: 2547374.6 | C12: 3999.09 | D12: -0.0010017451 | E12: 0.0056484158 | F12: -0.0010017451 | G12: 0.0039968166 | H12: 0.041565308 | I12: 0
A13: 44942 | B13: 2547580 | D13: 8.0616233e-05 | E13: 0.0057294874 | F13: -0.00092120962 | H13: 0.041565308 | I13: 0
A14: 44943 | B14: 2552529.7 | C14: 3990.97 | D14: 0.0019429128 | E14: 0.0076835321 | F14: 0 | G14: -0.0020304619 | H14: 0.039450449 | I14: -0.0020304619
A15: 44944 | B15: 2552252.8 | C15: 3928.86 | D15: -0.00010849022 | E15: 0.0075742083 | F15: -0.00010849022 | G15: -0.015562633 | H15: 0.023273864 | I15: -0.017561495
A16: 44945 | B16: 2558462.3 | C16: 3898.85 | D16: 0.0024329377 | E16: 0.010025574 | F16: 0 | G16: -0.007638348 | H16: 0.015457742 | I16: -0.025065702
A17: 44946 | B17: 2551059.8 | C17: 3972.61 | D17: -0.0028933118 | E17: 0.0071032547 | F17: -0.0028933118 | G17: 0.018918399 | H17: 0.034668577 | I17: -0.0066215064
A18: 44949 | B18: 2560234.3 | C18: 4019.81 | D18: 0.0035963217 | E18: 0.010725122 | F18: 0 | G18: 0.011881358 | H18: 0.046961844 | I18: 0
A19: 44950 | B19: 2580907.8 | C19: 4016.95 | D19: 0.0080748686 | E19: 0.018886594 | F19: 0 | G19: -0.00071147641 | H19: 0.046216955 | I19: -0.00071147641
A20: 44951 | B20: 2585394.8 | C20: 4016.22 | D20: 0.0017385133 | E20: 0.020657942 | F20: 0 | G20: -0.00018172992 | H20: 0.046026826 | I20: -0.00089307704
A21: 44952 | B21: 2583328.6 | C21: 4060.43 | D21: -0.00079915972 | E21: 0.019842274 | F21: -0.00079915972 | G21: 0.011007863 | H21: 0.057541347 | I21: 0
A22: 44953 | B22: 2583194 | C22: 4070.56 | D22: -5.2122089e-05 | E22: 0.019789117 | F22: -0.00085124016 | G22: 0.0024948097 | H22: 0.060179711 | I22: 0
A23: 44956 | B23: 2580539.3 | C23: 4017.77 | D23: -0.0010276489 | E23: 0.018741132 | F23: -0.0018780142 | G23: -0.012968732 | H23: 0.046430525 | I23: -0.012968732
A24: 44957 | B24: 2586940.9 | C24: 4076.6 | D24: 0.0024807034 | E24: 0.021268327 | F24: 0 | G24: 0.014642451 | H24: 0.061752832 | I24: 0
A25: 44958 | B25: 2589138.6 | C25: 4119.21 | D25: 0.0008495383 | E25: 0.022135933 | F25: 0 | G25: 0.010452338 | H25: 0.072850632 | I25: 0
... A37: 44974 | B37: 2591223.7 | C37: 4079.09 | D37: 0.0050771919 | E37: 0.022959083 | F37: -0.0057995358 | G37: -0.0027674487 | H37: 0.062401354 | I37: -0.024085115
A38: 44977 | B38: 2590952.1 | D38: -0.00010479574 | E38: 0.022851881 | F38: -0.0059037238 | H38: 0.062401354 | I38: -0.024085115
A39: 44978 | B39: 2591861 | C39: 3997.34 | D39: 0.0003507868 | E39: 0.023210684 | F39: -0.0055550079 | G39: -0.020041235 | H39: 0.041109519 | I39: -0.043643654
A40: 44979 | B40: 2594339.8 | C40: 3991.05 | D40: 0.00095635366 | E40: 0.024189235 | F40: -0.0046039668 | G40: -0.0015735464 | H40: 0.039471285 | I40: -0.045148525
A41: 44980 | B41: 2597643.6 | C41: 4012.32 | D41: 0.001273477 | E41: 0.025493517 | F41: -0.0033363528 | G41: 0.0053294246 | H41: 0.045011069 | I41: -0.040059716
A42: 44981 | B42: 2597973.3 | C42: 3970.04 | D42: 0.00012693569 | E42: 0.025623689 | F42: -0.0032098407 | G42: -0.010537544 | H42: 0.033999219 | I42: -0.05017513
A43: 44984 | B43: 2608857.7 | C43: 3982.24 | D43: 0.0041895577 | E43: 0.029920598 | F43: 0 | G43: 0.0030730169 | H43: 0.037176716 | I43: -0.047256302
A44: 44985 | B44: 2603608.4 | C44: 3970.15 | D44: -0.0020121001 | E44: 0.027848295 | F44: -0.0020121001 | G44: -0.0030359798 | H44: 0.034027868 | I44: -0.050148812
A45: 44986 | B45: 2604752.1 | C45: 3951.39 | D45: 0.00043929552 | E45: 0.028299824 | F45: -0.0015736885 | G45: -0.0047252623 | H45: 0.029141815 | I45: -0.054637108
A46: 44987 | B46: 2608769.1 | C46: 3981.35 | D46: 0.0015421462 | E46: 0.029885613 | F46: -3.3969204e-05 | G46: 0.007582142 | H46: 0.036944915 | I46: -0.047469233
A47: 44988 | B47: 2615883.1 | C47: 4045.64 | D47: 0.0027269584 | E47: 0.032694068 | F47: 0 | G47: 0.016147789 | H47: 0.053689282 | I47: -0.032087967
A48: 44991 | B48: 2620090.8 | C48: 4048.42 | D48: 0.0016085316 | E48: 0.034355189 | F48: 0 | G48: 0.00068715951 | H48: 0.054413335 | I48: -0.031422857
A49: 44992 | B49: 2614823.2 | C49: 3986.37 | D49: -0.0020104614 | E49: 0.032275658 | F49: -0.0020104614 | G49: -0.015326967 | H49: 0.038252377 | I49: -0.046268207
A50: 44993 | B50: 2619003.6 | C50: 3992.01 | D50: 0.0015987189 | E50: 0.033925976 | F50: -0.00041495664 | G50: 0.001414821 | H50: 0.039721318 | I50: -0.044918847
... A71: 45022 | B71: 2594976.1 | C71: 4105.02 | D71: -0.00020269518 | E71: 0.024440442 | F71: -0.0095854378 | G71: 0.0035791296 | H71: 0.069154838 | I71: -0.017881409
A72: 45023 | B72: 2594979.4 | D72: 1.294208e-06 | E72: 0.024441767 | F72: -0.009584156 | H72: 0.069154838 | I72: -0.017881409
A73: 45026 | B73: 2597080.9 | C73: 4109.11 | D73: 0.00080981426 | E73: 0.025271375 | F73: -0.0087821031 | G73: 0.00099634107 | H73: 0.070220081 | I73: -0.016902884
A74: 45027 | B74: 2594889.2 | C74: 4108.94 | D74: -0.0008438891 | E74: 0.02440616 | F74: -0.0096185811 | G74: -4.1371489e-05 | H74: 0.070175804 | I74: -0.016943557
A75: 45028 | B75: 2597959.4 | C75: 4091.95 | D75: 0.0011831648 | E75: 0.025618201 | F75: -0.0084467967 | G75: -0.0041348864 | H75: 0.065750749 | I75: -0.021008383
A76: 45029 | B76: 2601527.6 | C76: 4146.22 | D76: 0.0013734426 | E76: 0.027026829 | F76: -0.0070849553 | G76: 0.013262625 | H76: 0.079885402 | I76: -0.0080243842
A77: 45030 | B77: 2605907.1 | C77: 4137.64 | D77: 0.0016834352 | E77: 0.028755762 | F77: -0.0054134472 | G77: -0.0020693547 | H77: 0.077650736 | I77: -0.010077134
A78: 45033 | B78: 2609872.1 | C78: 4151.32 | D78: 0.001521555 | E78: 0.03032107 | F78: -0.0039001291 | G78: 0.0033062325 | H78: 0.0812137 | I78: -0.0068042184
A79: 45034 | B79: 2611972.5 | C79: 4154.87 | D79: 0.00080480132 | E79: 0.031150274 | F79: -0.0030984666 | G79: 0.00085514969 | H79: 0.082138299 | I79: -0.0059548874
A80: 45035 | B80: 2615433.9 | C80: 4154.52 | D80: 0.0013252067 | E80: 0.032516761 | F80: -0.001777366 | G80: -8.4238496e-05 | H80: 0.082047142 | I80: -0.0060386242
A81: 45036 | B81: 2622960.6 | C81: 4129.79 | D81: 0.0028777717 | E81: 0.035488109 | F81: 0 | G81: -0.0059525529 | H81: 0.075606199 | I81: -0.011955232
A82: 45037 | B82: 2629410.8 | C82: 4133.52 | D82: 0.002459146 | E82: 0.038034525 | F82: 0 | G82: 0.00090319362 | H82: 0.076577679 | I82: -0.011062836
A83: 45040 | B83: 2636188.6 | C83: 4137.04 | D83: 0.0025776791 | E83: 0.040710245 | F83: 0 | G83: 0.00085157445 | H83: 0.077494465 | I83: -0.010220683
A84: 45041 | B84: 2627622.5 | C84: 4071.63 | D84: -0.003249415 | E84: 0.037328546 | F84: -0.003249415 | G84: -0.015810821 | H84: 0.060458393 | I84: -0.025869906
... A107: 45072 | B107: 2662673.4 | C107: 4205.45 | D107: -0.0016030916 | E107: 0.051165891 | F107: -0.004473654 | G107: 0.013048987 | H107: 0.09531189 | I107: 0
A108: 45075 | B108: 2662531.6 | D108: -5.3273745e-05 | E108: 0.051109891 | F108: -0.0045266894 | H108: 0.09531189 | I108: 0
A109: 45076 | B109: 2682040.5 | C109: 4205.52 | D109: 0.0073271916 | E109: 0.058811575 | F109: 0 | G109: 1.6645068e-05 | H109: 0.095330121 | I109: 0
A110: 45077 | B110: 2685501.3 | C110: 4179.83 | D110: 0.0012903827 | E110: 0.060177847 | F110: 0 | G110: -0.0061086382 | H110: 0.088639146 | I110: -0.0061086382
A111: 45078 | B111: 2683288.6 | C111: 4221.02 | D111: -0.00082392859 | E111: 0.059304336 | F111: -0.00082392859 | G111: 0.0098544678 | H111: 0.099367105 | I111: 0
A112: 45079 | B112: 2674968.5 | C112: 4282.37 | D112: -0.0031007275 | E112: 0.056019722 | F112: -0.0039221013 | G112: 0.014534402 | H112: 0.11534575 | I112: 0
A113: 45082 | B113: 2686733.4 | C113: 4273.79 | D113: 0.0043981276 | E113: 0.060664231 | F113: 0 | G113: -0.0020035634 | H113: 0.11311108 | I113: -0.0020035634
A114: 45083 | B114: 2679244.8 | C114: 4283.85 | D114: -0.0027872321 | E114: 0.057707914 | F114: -0.0027872321 | G114: 0.0023538826 | H114: 0.11573122 | I114: 0
A115: 45084 | B115: 2680967.6 | C115: 4267.52 | D115: 0.00064300308 | E115: 0.058388023 | F115: -0.0021460213 | G115: -0.0038119915 | H115: 0.11147806 | I115: -0.0038119915
A116: 45085 | B116: 2679545.7 | C116: 4293.93 | D116: -0.00053036195 | E116: 0.057826695 | F116: -0.002675245 | G116: 0.006188606 | H116: 0.11835656 | I116: 0
A117: 45086 | B117: 2677217.1 | C117: 4298.86 | D117: -0.00086903891 | E117: 0.056907402 | F117: -0.0035419591 | G117: 0.0011481324 | H117: 0.11964058 | I117: 0
A118: 45089 | B118: 2688304.5 | C118: 4338.93 | D118: 0.0041414034 | E118: 0.061284482 | F118: 0 | G118: 0.0093210758 | H118: 0.13007683 | I118: 0
A119: 45090 | B119: 2702160 | C119: 4369.01 | D119: 0.005154013 | E119: 0.066754356 | F119: 0 | G119: 0.0069325848 | H119: 0.13791119 | I119: 0
A120: 45091 | B120: 2719931.6 | C120: 4372.59 | D120: 0.0065767792 | E120: 0.073770164 | F120: 0 | G120: 0.0008194076 | H120: 0.1388436 | I120: 0
... A122: 45093 | B122: 2732992.9 | C122: 4409.59 | D122: 0.0039010007 | E122: 0.078926514 | F122: 0 | G122: -0.0036716194 | H122: 0.14848027 | I122: -0.0036716194
A123: 45096 | B123: 2733016.7 | D123: 8.7077031e-06 | E123: 0.078935909 | F123: 0 | H123: 0.14848027 | I123: -0.0036716194
A124: 45097 | B124: 2739970.1 | C124: 4388.71 | D124: 0.0025442072 | E124: 0.081680946 | F124: 0 | G124: -0.0047351341 | H124: 0.14304206 | I124: -0.0083893679
A125: 45098 | B125: 2738071.4 | C125: 4365.69 | D125: -0.00069297876 | E125: 0.080931364 | F125: -0.00069297876 | G125: -0.0052452771 | H125: 0.13704649 | I125: -0.01359064
A126: 45099 | B126: 2738538.6 | C126: 4381.89 | D126: 0.00017064811 | E126: 0.081115823 | F126: -0.0005224489 | G126: 0.0037107536 | H126: 0.14126579 | I126: -0.0099303183
A127: 45100 | B127: 2736929.3 | C127: 4348.33 | D127: -0.00058765024 | E127: 0.080480505 | F127: -0.0011097921 | G127: -0.0076587956 | H127: 0.13252507 | I127: -0.01751306
A128: 45103 | B128: 2737040.5 | C128: 4328.82 | D128: 4.0629863e-05 | E128: 0.080524404 | F128: -0.0010692073 | G128: -0.00448678 | H128: 0.12744368 | I128: -0.021921262
A129: 45104 | B129: 2742578.4 | C129: 4378.41 | D129: 0.0020233283 | E129: 0.08271066 | F129: 0 | G129: 0.011455778 | H129: 0.14035942 | I129: -0.01071661
A130: 45105 | B130: 2742104.6 | C130: 4376.86 | D130: -0.00017277225 | E130: 0.082523598 | F130: -0.00017277225 | G130: -0.00035400979 | H130: 0.13995572 | I130: -0.011066826
A131: 45106 | B131: 2743851.5 | C131: 4396.44 | D131: 0.00063706255 | E131: 0.083213233 | F131: 0 | G131: 0.0044735267 | H131: 0.14505535 | I131: -0.0066428068
A132: 45107 | B132: 2750101.5 | C132: 4450.38 | D132: 0.0022778108 | E132: 0.085680588 | F132: 0 | G132: 0.012269018 | H132: 0.15910405 | I132: 0
A133: 45110 | B133: 2750511.1 | C133: 4455.59 | D133: 0.00014896814 | E133: 0.08584232 | F133: 0 | G133: 0.0011706865 | H133: 0.160461 | I133: 0
A134: 45111 | B134: 2750402.3 | D134: -3.9565569e-05 | E134: 0.085799358 | F134: -3.9565569e-05 | H134: 0.160461 | I134: 0
A135: 45112 | B135: 2759336.8 | C135: 4446.82 | D135: 0.0032484184 | E135: 0.089326488 | F135: 0 | G135: -0.001968314 | H135: 0.15817685 | I135: -0.001968314
A136: 45113 | B136: 2765035.1 | C136: 4411.59 | D136: 0.0020650947 | E136: 0.091576051 | F136: 0 | G136: -0.0079225154 | H136: 0.14900117 | I136: -0.0098752354
A137: 45114 | B137: 2772819.1 | C137: 4398.95 | D137: 0.002815158 | E137: 0.09464901 | F137: 0 | G137: -0.0028651801 | H137: 0.14570908 | I137: -0.012712121
A138: 45117 | B138: 2777250.8 | C138: 4409.53 | D138: 0.0015982894 | E138: 0.096398576 | F138: 0 | G138: 0.0024051194 | H138: 0.14846464 | I138: -0.010337576
A139: 45118 | B139: 2775161.1 | C139: 4439.26 | D139: -0.0007524636 | E139: 0.095573576 | F139: -0.0007524636 | G139: 0.0067422152 | H139: 0.15620784 | I139: -0.0036650589
A140: 45119 | B140: 2772965.8 | C140: 4472.16 | D140: -0.00079103109 | E140: 0.094706943 | F140: -0.0015428995 | G140: 0.0074111451 | H140: 0.16477666 | I140: 0
A141: 45120 | B141: 2773606.6 | C141: 4510.04 | D141: 0.00023107955 | E141: 0.094959907 | F141: -0.0013121765 | G141: 0.00847018 | H141: 0.17464253 | I141: 0
A142: 45121 | B142: 2782225.6 | C142: 4505.42 | D142: 0.0031075221 | E142: 0.098362519 | F142: 0 | G142: -0.0010243812 | H142: 0.17343925 | I142: -0.0010243812
A143: 45124 | B143: 2790097.9 | C143: 4522.79 | D143: 0.0028294839 | E143: 0.10147032 | F143: 0 | G143: 0.0038553564 | H143: 0.17796328 | I143: 0
A144: 45125 | B144: 2796627.7 | C144: 4554.98 | D144: 0.0023403375 | E144: 0.10404813 | F144: 0 | G144: 0.0071172882 | H144: 0.18634718 | I144: 0
A145: 45126 | B145: 2800039.6 | C145: 4565.72 | D145: 0.0012200053 | E145: 0.10539508 | F145: 0 | G145: 0.0023578589 | H145: 0.18914442 | I145: 0
A146: 45127 | B146: 2796296.3 | C146: 4534.87 | D146: -0.0013368503 | E146: 0.10391733 | F146: -0.0013368503 | G146: -0.0067568751 | H146: 0.18110952 | I146: -0.0067568751
... A177: 45170 | B177: 2766822 | C177: 4515.77 | D177: 0.0024649267 | E177: 0.092281513 | F177: -0.020294877 | G177: 0.0017991597 | H177: 0.17613491 | I177: -0.015949148
A178: 45173 | B178: 2766630.4 | D178: -6.9254869e-05 | E178: 0.092205867 | F178: -0.020362727 | H178: 0.17613491 | I178: -0.015949148
A179: 45174 | B179: 2773484.8 | C179: 4496.83 | D179: 0.0024775117 | E179: 0.09491182 | F179: -0.017935664 | G179: -0.0041941906 | H179: 0.17120198 | I179: -0.020076444
A180: 45175 | B180: 2769903.7 | C180: 4465.48 | D180: -0.0012911788 | E180: 0.093498093 | F180: -0.019203685 | G180: -0.0069715778 | H180: 0.16303685 | I180: -0.026908058
A181: 45176 | B181: 2771085 | C181: 4451.14 | D181: 0.00042646002 | E181: 0.093964427 | F181: -0.018785414 | G181: -0.0032113009 | H181: 0.15930199 | I181: -0.030032949
A182: 45177 | B182: 2771234.9 | C182: 4457.49 | D182: 5.4098545e-05 | E182: 0.094023608 | F182: -0.018732332 | G182: 0.0014266008 | H182: 0.16095585 | I182: -0.028649193
A183: 45180 | B183: 2778246.4 | C183: 4487.46 | D183: 0.0025301215 | E183: 0.096791621 | F183: -0.016249605 | G183: 0.0067235148 | H183: 0.16876156 | I183: -0.022118301
A184: 45181 | B184: 2774001 | C184: 4461.9 | D184: -0.0015280875 | E184: 0.095115627 | F184: -0.017752862 | G184: -0.0056958725 | H184: 0.16210444 | I184: -0.027688191
...

Sheet Drawdown Episodes
A1: Portfolio | B1: Rank | C1: Peak Date | D1: Trough Date | E1: Recovery Date | F1: Max Drawdown | G1: Peak-to-Trough Days | H1: Trough-to-Recovery Days | I1: Total Underwater Days
A2: NAV | B2: 1 | C2: 45636 | D2: 45846 | E2: 45961 | F2: -0.062788099 | G2: 210 | H2: 115 | I2: 325
A3: NAV | B3: 2 | C3: 45279 | D3: 45280 | E3: 45373 | F3: -0.037147628 | G3: 1 | H3: 93 | I3: 94
A4: NAV | B4: 3 | C4: 45385 | D4: 45512 | E4: 45560 | F4: -0.033208527 | G4: 127 | H4: 48 | I4: 175
A5: NAV | B5: 4 | C5: 45133 | D5: 45163 | E5: 45208 | F5: -0.028323002 | G5: 30 | H5: 45 | I5: 75
A6: NAV | B6: 5 | C6: 46181 | D6: 46185 | E6: 46245 | F6: -0.020101227 | G6: 4 | H6: 60 | I6: 64
A7: NAV | B7: 6 | C7: 44991 | D7: 45000 | E7: 45036 | F7: -0.015541059 | G7: 9 | H7: 36 | I7: 45
A8: NAV | B8: 7 | C8: 44967 | D8: 44973 | E8: 44984 | F8: -0.010821783 | G8: 6 | H8: 11 | I8: 17
A9: NAV | B9: 8 | C9: 46051 | D9: 46057 | E9: 46080 | F9: -0.010790836 | G9: 6 | H9: 23 | I9: 29
A10: NAV | B10: 9 | C10: 46000 | D10: 46007 | E10: 46036 | F10: -0.0085643044 | G10: 7 | H10: 29 | I10: 36
A11: NAV | B11: 10 | C11: 46128 | D11: 46133 | E11: 46136 | F11: -0.0081212393 | G11: 5 | H11: 3 | I11: 8
A12: S&P 500 | B12: 1 | C12: 45707 | D12: 45755 | E12: 45835 | F12: -0.18902208 | G12: 48 | H12: 80 | I12: 128
A13: S&P 500 | B13: 2 | C13: 45138 | D13: 45226 | E13: 45261 | F13: -0.1027662 | G13: 88 | H13: 35 | I13: 123
... A20: S&P 500 | B20: 9 | C20: 45632 | D20: 45667 | E20: 45680 | F20: -0.043221401 | G20: 35 | H20: 13 | I20: 48
A21: S&P 500 | B21: 10 | C21: 46247 | D21: 46281 | F21: -0.031693848 | G21: 34 | I21: 53

Sheet Calendar Returns
A1: Calendar Year | B1: NAV Return (Adj.) | C1: S&P 500 Return | D1: NAV Ann. Volatility | E1: S&P 500 Ann. Volatility | F1: NAV Max Drawdown | G1: S&P 500 Max Drawdown
A2: 2023 | B2: 0.13835855 | C2: 0.24230499 | D2: 0.058460548 | E2: 0.13092851 | F2: -0.037147628 | G2: -0.1027662
A3: 2024 | B3: 0.070923336 | C3: 0.23309007 | D3: 0.052347388 | E3: 0.12649795 | F3: -0.033208527 | G3: -0.084851426
A4: 2025 | B4: 0.031897218 | C4: 0.16387804 | D4: 0.044203999 | E4: 0.18752675 | F4: -0.044200306 | G4: -0.18902208
A5: 2026 YTD | B5: 0.10718538 | C5: 0.13562925 | D5: 0.031631576 | E5: 0.13094609 | F5: -0.020101227 | G5: -0.090975267

Sheet 2026 Charts
A1: SPX Defensive Carry (SDC) — 2026 Mature-Regime Charts
A2: Period: 2026-02-02 to 2026-10-05. S&P 500 holiday rows remain blank; S&P returns are calculated from the previous actual S&P close.
A41: Metric | B41: SDC | C41: S&P 500 | H41: Metric | I41: SDC | J41: S&P 500
A42: Sharpe | B42: 4.4321186 | C42: 1.2691378 | H42: Annualized Volatility | I42: 0.031155237 | J42: 0.1342651
A43: Sortino | B43: 6.2917369 | C43: 1.9426107 | H43: Max Drawdown | I43: 0.020101227 | J43: 0.090693821
A44: Calmar | B44: 7.6143336 | C44: 1.9308295 | H44: 95% CVaR | I44: 0.0049103044 | J44: 0.016924869
